Workbook

Sheet Лист1
B2: Сведения
B3: о выполнении структурных элементов государственной программы
B4: "Культура Саратовской области",
B5: за 2025 год
A7: № п/п | B7: Наименование структурного элемента | C7: Количество предусмотренных контрольных точек / количество выполненных контрольных точек* | D7: Описание основных результатов реализации мероприятий (результатов) структурных элементов
B8: 2 | C8: 3 | D8: 4
A9: Подпрограмма 1 «Развитие искусства и творчества»
A10: Региональный проект «Развитие театральной деятельности»
A11: 1 | B11: Мероприятие (результат) "Усовершенствованы профессиональные репертуарные театры, находящиеся в населённых пунктах с численностью населения до 300 тыс. человек, путем создания новых постановок и (или) улучшения материально-технического оснащения" | C11: 6/6 | D11: В 2025 году в рамках федерального проекта "Культура малой Родины" по направлению "Театры малых городов" было поставлено 5 спектаклей. В проекте приняли участие Балашовский и Вольский драматические театры, Саратовский областной театр оперетты. Улучшилась материально-техническая база. Приобретено звуковое и световое оборудование. Проекционная сетка, проектор, видеокамера со штативом (2шт), конфетти-машина
A12: 2 | B12: Мероприятие (результат) "Усовершенствованы детские и кукольные театры путем создания новых постановок и (или) улучшения технического оснащения" | C12: 6/6 | D12: В 2025 году в рамках федерального проекта "Культура малой Родины" по направлению "Театры - детям" было поставлено 11 спектаклей. В проекте приняли участие Саратовский академический театр юного зрителя им.Ю.П.Киселева, Саратовский театр кукол "Теремок", Балаковский ТЮЗ имени Е.А.Лебедева, театр драмы для детей и молодежи "Версия", театр фокусов "Самокат" для детей и юношества , театр драмы, музыки и поэзии для детей и молодежи "Балаганчикъ", театр "Куклы Папы Карло" областной филармонии им.А.Шнитке. Улучшилась материально-техническая база. Приобретено звуковое и световое оборудование, проектор и кресла в зрительный зал театра "Балаганчик". Дым-машины, промышленный оверлок в театр кукол "Теремок"
A13: Региональный проект «Сохранение культурного и исторического наследия»
A14: 1 | B14: Мероприятие (результат) "Проведены мероприятия по комплектованию книжных фондов библиотек муниципальных образований и государственных общедоступных библиотек субъектов Российской Федерации" | C14: 8/8 | D14: В рамках мероприятия укомплектованы книжные фонды в 38 муниципальных района области и 3 государственных библиотеках в количестве 23771 эземпляров
B15: Комплекс процессных мероприятий «Музеи»
A16: 1 | B16: Мероприятие (результат) "Организованы и проведены мероприятия музеями" | C16: 8/8 | D16: Музеями Саратовской области на постоянной основе осуществляется деятельность по экспонированию музейных предметов и музейных коллекций как на территории Саратовской области, так и в других регионах. Наиболее крупными выставочными проектами, реализованными в музеях. стали:"Фронтовые медики.Наши дни", "Династия защитников Отечества.Чмиревы", "Я очень русский челолвек.Это с годами не пропадет","Версты войны","Спасибо за память". Всего за 2025 год обслужено 1730 тыс. человек
B17: Комплекс процессных мероприятий «Театры»
A18: 1 | B18: Мероприятие (результат) "Организованы и проведены мероприятия театрами" | C18: 4/4 | D18: В 2025 году в рамках ГП "Культура Саратовской области" театрами поставлены спектакли : "Повесть о настоящем человеке" С. Прокофьева (Саратовский академический театр оперы и балета), "Правда-хорошо, а счастье лучше" А.Островского (Саратовский государственный академический театр драммы им. И.А. Слонова), "Судьба человека" М.Шолохова (Саратовский государственный академический театр драммы им. И.А. Слонова), "Сказка о том, как дружба и верность чудеса совершили " по мотивам архангельских сказок (Саратовский государственный академический театр драммы им. И.А. Слонова). Проведены фестивали : "Театральное Прихоперье" в г. Балашове, XXXVIII Международный Собиновский музыкальный фестиваль. Всего за 2025 год обслужено 711,5 тыс. чел
B19: Комплекс процессных мероприятий "Концертные организации и цирковые коллективы"
A20: 1 | B20: Мероприятие (результат) "Организованы и проведены мероприятия концертными организациями и цирковыми коллективами" | C20: 4/4 | D20: В 2025 году концертными и цирковыми организациями (Саратовская областная филармония им.А.Шнитке, областная концертная организация "Поволжье", Цирк "Арт-Алле" имени С.И.Соловьева, Энгельсская районная концертная организация) поставлены новые концертные и цирковые программы:"Крылатые качели", патриотический цирковой спектакль "Мой герой", цирковой спектакль "Новая сказка Шахеризады", Цирковой спектакль "Великая победа.. Всего в 2025 году обслужено 262,9 тыс. человек
B21: Комплекс процессных мероприятий "Библиотеки"
A22: 1 | B22: Мероприятие (результат)"Организованы и проведены мероприятия библиотеками" | C22: 4/4 | D22: За 2025 год в рамках ГП "Культура Саратоской области" библиотеками реализованы 5 новых проектов, напрвленных на популяризацию чтения и библиотечного дела. Из них : комплексная программа "Сохраним читающее детство"ГУК областная библиотека для детей и юношества им. А.С. Пушкина, проект "Зримый Саратов" ГУК Областная специальная библиотека для слепых, межрегиональный форум "Модельные библиотеки" ГУК Областная универсальная научная библиотека. В течение года на постоянной основе проходили семинары и вебинары, проводились мероприятия областного конкурса "Лучший библиотекарь года". За 2025 год обслужено 16018,9 ты. чел
B23: комплекс процессных мероприятий «Культурно-досуговые учреждения»
A24: 1 | B24: Мероприятие (результат) "Организованы и проведены мероприятия культурно-досуговыми учреждениями" | C24: 4/4 | D24: За 2025 год в рамках ГП "Культура Саратовской области " культурно-досуговыми учреждениями проведены традиционный танцевальный фестиваль всех стилей и напрвлений "Ритмы нового века" ГАУК СО "Дворец культуры Россия", инклюзивный творческий фестиваль "Культура без границ" ГАУК СО Дворец культуры Россия", всероссийский фестиваль творчества "Хвалынские этюды К.П. Петрова-Водкина" ГАУК Саратовский областной дом работников искусств. На постоянной основе осуществлялось культурно-художественное обслуживание муниципальных районов, организованы и проведены выездные мероприятия в госпиталях Саратовской области.Количество обслуженного населения в 2025 году составило 13781,9 тыс. чел.
B25: Подпрограмма 2 "Образование в сфере культуры"
A26: Комплекс процессных мероприятий "Создание условий для развития образования в сфере культуры"
A27: 1 | B27: Мероприятие (результат)"Организованы и проведены мероприятия образовательными учреждениями в сфере культуры" | C27: 4/4 | D27: В 2025 году проведено 292 мероприятия . Наиболее яркие : Областной конкурс фортепианного искусства "Гармония клавиш", открытый конкурс исполнителей на народных инструментах им. А.А. Талдыкина, областной фестиваль детского творчества "Вольские пленэры". Проведены 48 мероприятий методической направленности (оказание консультативных услуг, научно-методического сопрвождения, методические конкурсы, форумы, фестивали, кнференции, семинары, вебинары)
A28: 2 | B28: Мероприятие (результат)"Обеспечена социальная поддержка детей-сирот и детей, оставшихся без попечения родителей" | C28: 4/4 | D28: Социальная поддержка детей-сирот и детей, оставшихся без попечения родителей, осуществлялась в соответствии с законодательными актами РФ и Саратовской области. Установлены ежемесячные выплаты на компенсацию питания и обмундирования. Студенты этой категории получают государственную социальную стипендию в размере 690 руб. в соответствии с п. 16 Постановления Правительства области от 11 сентября 2014 г. № 527-П. Осуществлена ежегодная единовременная выплата на приобретение канцелярских товаров и учебников в размере 3-х государственных социальных стипендий. По окончании образовательной организации этим студентам выплачена единовременная компенсация на приобретение одежды и мягкого инвентаря в соответствии с утвержденным перечнем. Также студенты из числа детей-сирот и детей, оставшихся без попечения родителей, получили материальную помощь из стипендиального фонда по личному заявлению, как и все другие студенты ПОО.
A29: 3 | B29: Мероприятие (результат) "Стипендиальное обеспечение и другие формы материальной поддержки обучающихся областных государственных профессиональных образовательных организаций" | C29: 4/4 | D29: В государственных профессиональных образовательных учреждениях сферы культуры области велась работа по социальной защищенности студентов. Размер государственной академической стипендии студентам, прошедшим промежуточную аттестацию на оценку «хорошо» и «отлично», составлял 460 рублей. Студентам, получившим на промежуточной аттестации все оценки «отлично», устанавливалась повышенная стипендия в пределах имеющегося стипендиального фонда - 250% от минимальной - 1610 руб. Студенты, среднедушевой доход семьи которых ниже величины прожиточного минимума, установленного в регионе, получали государственную социальную стипендию в размере 690 рублей при предоставлении справки из органа социальной защиты по месту жительства. Все студенты, обучающиеся на бюджетной основе, получали частичное возмещение денежных средств на питание - 10 руб. в день. По личному заявлению студентам была оказана материальная помощь в случаях, предусмотренных локальным актом учреждения.
B30: Подпрограмма 3 «Государственная охрана, сохранение и популяризация объектов культурного наследия»
B31: Комплекс процессных мероприятий 3.1 "Государственная охрана, сохранение и популяризация объектов культурного наследия"
A32: 1 | B32: Мероприятие (результат) "Выполнены государственные работы в области охраны объектов культурного наследия области" | C32: 4/4 | D32: Выполнены государственные работы в рамках гос. задания на 2025 год, всего 644 в т.ч.: 1)Определение границ территорий объекта археологического наследия-15; 2)Работы по проведению анализа историко-библиографических материалов о земельном участке, подлежащем хозяйственному освоению -402; 3) Работы по разработке проектов границ территорий ОКН -46; 4) Работы по разработке проектов предметов охраны объектов культурного наследия -60; 5) Выполнение историко- культурных и библиографических изысканий в проектной документации для регистрации в едином государственном реестре историко- архитектурных ОКН -44; 6) Обследование и составление акта технического состояния объекта культурного наследия - 52; 7) Разработка проектов зон охраны ОКН -0; 9) Содержание (эксплуатация) имущества, находящегося в государственной собственности- 1; 10) Работы по подготовке установления границ защитных зон -25
B33: Подпрограмма 4 «Архивы»
B34: Комплекс процессных мероприятий 4.1 «Реализация государственных полномочий управления делами Правительства области в сфере архивного дела»
A35: 1 | B35: Мероприятие (результат) "Обеспечена сохранность, учет документов и представлена пользователям архивная информация" | C35: 4/4 | D35: Приказ управления делами Правительства области от 27 декабря 2024 года № 282 «Об утверждении государственных заданий на оказание государственных услуг (выполнение работ) на 2025 год и на плановый период 2026 и 2027 годов областным государственным учреждениям, подведомственным управлению делами Правительства Саратовской области» количество посещений читального зала составило 115424 человек, что составляет 128,25 % и соответствует выполнению работы в полном объеме (в пределах допустимого (возможного) отклонения) в связи с возросшем интересам пользователей к архивной информации
A36: 2 | B36: Мероприятие (результат) "Обеспечено укрепление материально-технической базы архивных учреждений" | C36: 4/4 | D36: Заключены и исполнены договоры и контракты на общую сумму 2 741 001,06 рублей, в том числе: монтаж системы видеонаблюдения в ОГУ ГИАНП на сумму 235 000,00 руб.; поставка АРМ (комплект компьютера в сборе) в количестве 10 шт. на сумму 495 000,00 руб.; поставка кондиционеров (сплит-систем) с установкой и монтажом в количестве 2 шт. на сумму 55 480,00 руб.; поставка мебели в количестве 20 шт. на сумму 118 000,00 руб.; поставка офисных кресел в количестве 7 шт. на сумму 34 633,00 руб.; поставка металлических картотек в количестве 2 шт. на сумму 109 000,00 руб.; поставка многофункциональных устройств (МФУ) в количестве 4 шт. на сумму 412 000,00 руб.; поставка компьютерного оборудования (ноутбука) в количестве 1 шт. на сумму 49 000,00 руб.; оказание услуг по дооснащению сканера профессиональным программным обеспечением на сумму 194 900,00 руб.; поставка стеллажей металлических в количестве 9 шт. на сумму 61 690,00 руб.; поставка стеллажей деревянных в количестве 3 шт. на сумму 24 354,00 руб.; поставка шкафа деревянного для одежды в количестве 1 шт. на сумму 14 130,00 руб.; поставка шкафов для хранения документации в количестве 6 шт. на сумму 71100,00 руб.; поставка многофункциональных устройств (МФУ) в количестве 3 шт. на сумму 308 000,00 руб.; поставка архивных металлических тележек в количестве 3 шт. на сумму 68 565,00 руб.; поставка мебели в количестве 16 шт. на сумму 85 000,00 руб.; поставка стульев в количестве 18 шт. на сумму 31 464,00 руб.; поставка светильников светодиодных настольных в количестве 8 шт. на сумму 11 600,00 руб.; поставка стульев лабораторных в количестве 2 шт. на сумму 11485,06 руб.; поставка фланца горелки в количестве 1 шт. на сумму 51 000,00 руб.; поставка обеззараживающего бокса в количестве 1 шт. на сумму 200 000,00 руб.; поставка внешних жестких дисков в количестве 10 шт. на сумму 99 600,00 руб.
B37: Подпрограмма 5 «Творческое развития детей и молодежи в сфере культуры»
B38: Региональный проект 5.1«Развитие искусства и творчества»
A39: 1 | B39: Мероприятие (результат) «Оказана государственная поддержка лучшим сельским учреждениям культуры» | C39: 5/5 | D39: В 2025 году была оказана государственная поддержка 21 сельскому учреждению культуры. Приобретались звуковое, световое оборудование, музыкальные инструменты и оргтехнику. Мероприятие призвано повысить престиж учреждений культуры на селе.
A40: 2 | B40: Мероприятие (результат) «Оказана государственная поддержка лучшим работникам сельских учреждений культуры» | C40: 5/5 | D40: В 2025 году была оказана государственная поддержка 15 работникам сельских учреждений культуры. Мероприятие способствует вовлечённости в творческие процессы и проектную деятельность, повышает престиж профессии.
A41: 3 | B41: Мероприятие (результат) «Поддержка работников отрасли культуры, прибывших (переехавших) в населенные пункты регионов Российской Федерации с числом жителей до 50 тысяч человек» | C41: 6/6 | D41: В 2025 году была оказана поддержка 30 работникам отрасли культуры, прибывшим (переехавшим) в населенные пункты регионов Российской Федерации с числом жителей до 50 тысяч человек в размере 1 млн. рублей, в целях исполнения требований Правил предоставления и распределения субсидий из федерального бюджета бюджетам субъектов Российской Федерации на поддержку работников отрасли культуры, прибывших (переехавших) в населенные пункты регионов Российской Федерации с числом жителей до 50 тысяч человек, утвержденных постановлением Правительства Российской Федерации от 25 декабря 2024 г. № 1885 «О внесении изменений в постановление Правительства Российской Федерации от 15 апреля 2014 г. № 317» и обеспечения своевременной реализации программы «Земский работник культуры»
B42: Региональный проект 5.2«Региональный проект «Поддержка социально ориентированных некоммерческих организаций в области культуры»
A43: 3 | B43: Мероприятие (результат) «Предоставлены субсидии социально ориентированным некоммерческим организациям на финансовое обеспечение затрат на оказание общественно полезных услуг в области культуры» | C43: 6/6 | D43: Социально ориентированным некоммерческим организациям на конкурсной основе были предоставлены субсидии (гранты в форме субсидий) из областного бюджета на реализацию творческих проектов, направленных на укрепление российской гражданской идентичности на основе духовно-нравственных и культурных ценностей народов Российской Федерации, включая мероприятия, направленные на популяризацию русского языка и литературы, народных художественных промыслов и ремесел: 1) Благотворительному фонду " Сохранение историко-культурного наследия г. Саратова и Саратовсой области "Хранители"; 2)Саратовскому областному отделению общероссийской общественной организации "Союз кинематографистов РФ"; 3)Саратовской региональной общественной организации "Общество друзей Саратовского музея краеведения"; 4)автономной некоммерческой организацией "Культурно-просветительский Фестивальный центр"; 5)Автономная некоммерческая организация по изучению, сохранению и популяризации археологического наследия саратовской области "Живая история"; 6)автономной некоммерческой организации "Региональный добровольческий центр "Волонтеры культуры"; 7)автономной некоммерческой организации "Драматический театр - Студия "ПОДМОСТКИ"; 8)автономной некоммерческой организации "Саратовское филармоническое общество"; 9)благотворительному фонду им. Л.В. Собинова.
A44: 4 | B44: Мероприятие (результат) Организованы и проведены фестивали детского творчества всех жанров | C44: 3/3 | D44: В 2024 году в рамках мероприятия был проведен областной традиционный фестиваль танца всех стилей и направлений "Ритмы нового века". Фестиваль проводился в двух возрастных категориях: младшая возрастная категория (от 4-13 лет); старшая возрастная категория (от 14 лет); исполнители оценивались в категориях: соло, дуэт/трио; ансамбли по наминациям: народный танец (фольклорный, стилизованный, национальный, этнический); современный танец (модерн, джаз, экспериментал, контемп, свободная пластика, уличный танец); эклектика (смешанный стиль); классический танец (демиклассика). Дипломы Гран-при: 1) в старшей возрастной категории - хореографический ансамбль "Этнос-Данс", русская плясовая "Саратовские переборы", государственное профессиональное образовательное учреждение "СОКИ", г. Саратов; 2) в младшей возрастной категории - "Народный коллектив" ансамбль народного танца "Улыбка" им. Л.В. Курочкиной", номер "Уральская плясова", муниципальное автономное учреждение культуры "Дворец культуры", г. Балаково.
A45: 5 | B45: Мероприятие (результат) Реализованы культурно-просветительских программы для школьников музеями и библиотеками области | C45: 3/3 | D45: В 2024 году в рамках проекта реализованы культурно-просветительские программы для школьников: онлайн проект "Семь знаменитых людей Саратова" - ГУК "Областная специальная библиотека для слепых"; выставочный проект "Традиции хранить и умножать" - Энгельсский филиал ГУК "Областная специальная библиотека для слепых"; абонемент "Будем знакомы" - ГАУК "Саратовский историко-патриотический комплекс "Музей боевой и трудовой славы"; проект "Рисуем музыку А.Г. Шнитке" - ГАУК СО "Исторический парк "Моя история"; областной творческий конкурс "#СилаЧтения" - ГУК "Областная бибилотека для детей и юношества имени А.С. Пушкина".
A46: 6 | B46: Мероприятие (результат) Реализованы программы, направленные на укрепление единства нации, духовно-нравственное и патриотическое воспитание, учреждениями культуры и искусства области | C46: 3/3 | D46: В 2024 году в рамках результата реализованы мероприятия: открытый конкурс чтецов для дошкольников "Эти строки о семье"; открытая областная выставка-конкурс изобразительного искусства "Мелодии Саратова"; организованы и проведены лекций, экскурсий, музейных мероприятий по абонементу "Будем знакомы" в муниципальных образовательных учреждениях, средне-специальных учебных заведениях, высших учебных заведениях и муниципальных дошкольных образовательных учреждениях г. Саратова и Саратовской области; открытый городской конкурс юных моделей "Вершина"; открытый фотомарафон "В объективе семья Саратовская"; а также были проведены выставка-экспозиция "Герои нашего времени", посвященной специальной военной операции и подвигам ее участников и выставка-календарь "Я прошел по той войне" в рамках программ, направленных на укрепление единства нации, духовно-нравственное и патриотическое воспитание, реализуемых в рамках федерального проекта "Творческие люди" национального проекта "Культура" в 2024 году.
A47: 7 | B47: Мероприятие (результат) «Повысить квалификацию 3795 работников культуры в центрах непрерывного образования и повышения квалификации творческих и управленческих кадров в сфере культуры на базе творческих ВУЗов в субъектах Российской Федерации» | C47: 3/3 | D47: По мероприятию на 2024 год было предусмотрено 806 квот на повышение квалификации работников культуры. Результат был достигнут.
A48: 8 | B48: Мероприятие (результат) Проведены конкурсы и фестивали для талантливой молодежи в сфере музыкального искусства | C48: 3/3 | D48: В 2024 году в рамках мероприятия были проведены: региональная творческая школа для одаренных детей, молодежи и преподавателей "Волжская радуга"; XIV открытый фестиваль-конкурс детского и юношеского творчества "Подснежник" в рамках Областного фестиваля "Одаренные дети. Путь к мастерству - 2024"; XXV межрегиональный фестиваль-конкурс исполнителей на ударных инструментах в рамках Детских и юношеских ассамблей искусств - 2024; VI всероссийский открытый конкурс исполнителей на народных инструментах имени И.Я. Паницкого в рамках Детских и юношеских ассамблей искусств-2024; I региональный фестиваль-конкурс детских хоровых коллективов "Детство - это я и ты" в рамках Детских и юношеских ассамблей искусств-2024; II областной конкурс изобразительного искусства и декоративно-прикладного творчества "Светлая Пасха!" в рамках Детских и юношеских ассамблей искусств-2024; II открытый областной творческий конкурс "Новоузенские узоры" в рамках Детских и юношеских ассамблей искусств-2024; III областной конкурс детских инструментальных коллективов учреждений дополнительного образования по различным направлениям "Берега Поволжбя" в рамках Областного фестиваля "Одаренные дети. Путь к мастерству - 2024".
B49: Комплекс процессных мероприятий 5.1 «Создание условий для творческого развития детей и молодежи в сфере культуры»
A50: 1 | B50: Мероприятие (результат) "Обеспечены выплаты стипендий одаренным детям и молодежи и поощрение педагогам" | C50: 4/4 | D50: В 2025 году денежным поощрением за работу с одаренными обучающимися отмечены 30 преподавателей образовательных организаций культуры и искусства области. Обладателями именной Губернаторской стипендии стали 75 обучающихся образовательных организаций сферы культуры области
A51: 2 | B51: Мероприятие (результат) "Оказана государственная поддержка автономной некоммерческой организации "Туристический информационный центр Саратовской области" на организацию и проведения культурно-познавательных мероприятий в области туризма" | C51: 4/4 | D51: В 2025 году предоставлена из областного бюджета субсидия автономной некоммерческой организации «Туристский информационный центр Саратовской области» на организацию туристических поездок учащихся образовательных организаций культуры и искусства Саратовской области, которым назначена именная губернаторская стипендия для одаренных детей, список которых определен приказом Министерства, принятым в установленном порядке по итогам конкурса, а также их сопровождающих. Для 68 человек организована туристическая поездка.
B52: Комплекс процессных мероприятий 5.2 «Развитие кадрового потенциала сферы культуры»
A53: 1 | B53: Мероприятие (результат) "Присуждены стипендии и другие денежные поощрения в сфере культуры" | C53: 4/4 | D53: Во исполнение постановления Губернатора Саратовской области от 17 августа 1998 года № 485 «О стипендиях Губернатора Саратовской области выдающимся деятелям культуры и искусства, имеющим звания «Народный артист СССР», «Народный артист Российской Федерации», «Народный художник Российской Федерации» ежемесячно выплачивались стипендии. С 2023 года сумма стипендии составляет 20 тыс.руб. В 2025 году число стипендиатов уменьшилось на 1 чел., в связи с уходом из жизни народной артистки РФ Р.И. Беляковой. В соответствии с распоряжением Губернатора области от 26 декабря 2023 года № 1346-р «О присуждении именных творческих стипендий Губернатора Саратовской области молодым одаренным артистам" ежемесячно выплачивались стипендии. С 2023 года сумма стипендий составляет 5 тыс.руб. На основании приказа министерства культуры области от 10.01 № 01-01-06/4 стипендию в 2025 году получали 15 человек
B54: Подпрограмма 6 "Укрепление материально-технической базы и обеспечение деятельности учреждений в сфере культуры"
A55: Региональный проект «Развитие культурной инфраструктуры»
A56: 1 | B56: Мероприятие (результат) "Укреплена материально-техническая база областных учреждений культуры и искусства области" | C56: 4/4 | D56: В 2025 году укрепили мтб следующие учреждения культуры: Государственное автономное учреждение дополнительногопрофессионального образования в сфере культуры и искусства "Саратовский областной учебно-методический центр,Государственное бюджетное учреждение дополнительного образования " Детская школа искусств г. Красноармейска Саратовской области", "Детская школа искусств " Аткарского муниципального района Саратовской области, "Саратоский академический театр юного зрителя им.Ю.П. Киселева", "Саратовский областной методический киноцентр" Детская школа искусств р.п. Романовка", "Музей истории специальной военной операции", "Детская школа искусств"р.п.Мокроус Федоровского района Саратовской области, "Областная библиотека для детей и юношества им. А.С. Пушкина," Государственный музей К.А.Федина,"Дворец культуры Россия" "Драматический театр города Вольска", "Саратовский государственный академический театр драмы имени И.А.Слонова", , "Областная специальная библиотека для слепых", "Саратовский областной центр народного творчества имени Л.А. Руслановой",, "Областная универсальная научная библиотека" , "Саратовский историко-патриотический комплекс "Музей боевой и трудовой славы", Саратовской области"Саратовский областной колледж искусств", "Саратовское художественное училище имени А.П. Боголюбова (техникум)", "Детская школа искусств № 1 г. Вольска"
A57: 2 | B57: Мероприятие (результат) «Осуществлен капитальный (текущий) ремонт, обеспечено техническое оснащение муниципальных учреждений культурно-досугового типа» | C57: 4/4 | D57: В 2025 году в 43 муниципальных районах области проведен капитальный и технический ремонт ДК: Капитальный ремонт кровли, ремонт помещений, замена окон и дверей, ремонт фасада, входной группы
A58: 3 | B58: Мероприятие (результат) «Государственными и муниципальными учреждениями культурно-досугового типа в населенных пунктах с числом жителей до 50 тысяч человек реализованы мероприятия по развитию и укреплению материально-технической базы» | C58: 4/4 | D58: В 2025 году в 46 муниципальных районах области государственными и муниципальными учреждениями культурно-досугового типа в населенных пунктах с числом жителей до 50 тысяч человек реализованы мероприятия по развитию и укреплению материально-технической базы.В 2025 году в 13 муниципальных районах области обеспечено развитие и укрепление материально-технической базы домов культуры : Аткарском, Балтайском, Вольском, Воскресенском, Дергачевском, Лысогорском, Новоузенском, Озинском, Петровском, Пугачевском, Ровенском, Ртищевском, Энгельском районах.
A59: 4 | B59: Мероприятие (результат) «Созданы школы креативных индустрий» | C59: 5/5 | D59: В 2025 году создана школа креативных индустрий на базе МБУ дополнительного образования "Детская школа искусств" №7 г. Саратова
A60: 5 | B60: Мероприятие (результат) «Обеспечено развитие и укрепление материально-технической базы домов культуры в населенных пунктах с числом жителей до 50 тысяч человек (средства для достижения показателей результативности)» | C60: 4/4 | D60: В 2025 году в 13 муниципальных образованиях проведены мероприятия на достижение показателей результативности по обеспечению развития и укрепления материально-технической базы домов культуры в населенных пунктах с числом жителей до 50 тысяч человек (проведен текущий ремонт домов культуры) - Аткарском, Балтайском, Вольском, Воскресенском, Дергачевском, Лысогорском, Новоузенском, Озинском, Петровском, Пугачевском, Ровенском, Ртищевском, Энгельском районах.
A61: 6 | B61: Мероприятие (результат) «Созданы условия для реализации проектов по строительству (реконструкции) объектов региональной (муниципальной) собственности» | C61: 4/4 | D61: В 6 учреждениях культуры, подведомственных министерству культуры, в 2025 году была разработана проектно-сметная документация: "Детская школа искусств" р.п. Дергачи, "Областная специальная библиотека для слепых","Детская школа искусств" р.п. Новоузенск, "Детская школа искусств №5 Вольского муниципального района, "Лысогорская детская школа искусств","Детская школа искусств г. Хвалынска
A62: 7 | B62: Мероприятие (результат) «Осуществлены работы по сохранению объектов культурного наследия» | C62: 4/4 | D62: «Здание гимназии женской», рубеж XIX-XX в.», расположенного по адресу: Саратовская область, г. Аткарск, ул. Чапаева, д. 52
A63: 8 | B63: Мероприятие (результат) "Осуществлен капитальный ремонт, обеспечено техническое оснащение муниципальных учреждений культурно-досугового типа" | C63: 4/4 | D63: Выполнение работ по монтажу системы охранного телевидения, в рамках капитального ремонта здания МУК «ДК ГО ЗАТО Светлый» в соответствие с распоряжением Правительства Саратовской области от 21 мая 2024 года № 154-Пр «О распределении средств межбюджетного трансферта, предоставленного из бюджета города Москвы в целях реализации социально значимых проектов Саратовской области, между главными распорядителями средств областного бюджета»
A64: 9 | B64: Мероприятие (результат) "Осуществлены работы по сохранению и приспособлению объектов культурного наследия к современным условиям" | C64: 4/4 | D64: Выполнены работы по сохранению и приспособлению объекта культурного наследия «Здание больницы, 1910-1913 гг.», расположенного по адресу: Саратовская область, г. Вольск, ул. Саши Евсеева, д. 2 в соответствии с Распоряжением Правительства Саратовской области от 21 мая 2024 года № 154-Пр «О распределении средств межбюджетного трансферта, предоставленного из бюджета города Москвы в целях реализации социально значимых проектов Саратовской области: проведены конструктивные и объемнопланировочные решения, архитектурные решения, Электроснабжение,Водоотведение, Пристенный дренаж и водоотводящий лоток.
A65: 10 | B65: Мероприятие (результат) «Сохранение объекта культурного наследия федерального значения "Особняк", нач. XX в., расположенного по адресу: Саратовская область, г. Саратов, Волжская ул., 22 (в том числе проектные работы)» | C65: 5/5 | D65: Договор на проведение проверки сметной документации № 111-ЭС-2025 от 20.03.2025
A66: 11 | B66: Мероприятие (результат) «Благоустроены территории учреждений культуры)» | C66: 4/4 | D66: В 2024 году из областного бюджета предоставлены иные межбюджетные трансферты на благоустройство территорий учреждений культуры, расположенных в Хвалынском и Балтайском муниципальных районах области
B67: Региональный проект «Обеспечение качественно нового уровня развития инфраструктуры культуры («Культурная среда»)»
A68: 1 | B68: Мероприятие (результат) «Построены (реконструированы) и (или) капитально отремонтированы культурно-досуговые учреждения в сельской местности» | C68: 9/9 | D68: Мероприятие реализовано в десяти муниципальных районах области: 1)Новобурасский р-н, с Аряш; 2) Красноармейский р-н, с .Мордово; 3) Петровский р-н, с. Новая Усть-Уза; 4) Александово-Гайский р-н, с. Александров Гай; 5) Аркадакский р-н, с. Новосельское; 6) Лысогорский р-н, с. Большие Копены; 7) Балашовский р-н, с. Котоврас; 8) Советский р-н, р.п. Советское; 9) Марксовский р-н, с. Михайловка; 10) Краснопартизанский р-н, с. Большая сакма.
A69: 2 | B69: Мероприятие (результат) «Приобретены передвижные многофункциональные культурные центры (автоклубы) для обслуживания сельского населения» | C69: 5/5 | D69: Выплату получил Пугачевский муниципальный район, приобретен автобус специальный для учреждений культуры и образования "ВМК Автоклуб".
A70: 3 | B70: Мероприятие (результат) «Созданы условия для реновации региональных и (или) муниципальных организаций отрасли культуры, направленные на улучшение качества культурной среды» | C70: 4/4 | D70: 17.03.2023 Заключен контракт с АО "СК "Флан-М" на общую сумму 1301451,86 тыс. рублей ( СМР-1114328,242 тыс.рублей. Оборудование - 181392,016 тыс. рублей, пусконаладочные работы -3012,257 тыс. рублей). Согласно решения арбитражног суда Саратовской области №А57-24439/2025 от 10.10.2025 срок выполнения работ продлен до 25.12.2026. Срок действия контракта - до 30.06.2027. В 2025 году в рамках первоочередных противоаварийных мероприятий подрядная организация приступила к выполнению следующих видов работ:1.Кирпичная кладка стен, монтаж плит перекрытия;2.гидроизоляция обмазочная фундамента;3.закрытие контура спортзала и малого кафе.
B71: Региональный проект «Семейные ценности и инфраструктура культуры»
A72: 1 | B72: Мероприятие (результат)"Приобретены с использованием Пушкинской карты билеты на посещение мероприятий" | C72: 6/6 | D72: В рамках мероприятия предоставляется возможность гражданам в возрасте с 14 до 22 лет воспользоваться программой социальной поддержки посещения учреждений культуры (театры, организации кинопоказа (кинотеатры), концертные организации, музеи, организации культурно-досугового типа, библиотеки и образовательные организации в сфере культуры). В 2025 году в Саратовской области приобретено 447 тыс. билетов.
A73: 2 | B73: Мероприятие (результат) «Реконструированы и (или) капитально отремонтированы региональные и муниципальные детские школы искусств по видам искусств» | C73: 7/7 | D73: Работы по мероприятию (результату) выполнены, объект функционирует, установка прочего оборудования в реализации мероприятия не предусмотрена. Капитальный ремонт проведен в "Детской школе искусств с. Перелюб", Саратовской области.
A74: 3 | B74: Мероприятие (результат) "Проведена модернизация музеев, находящихся в региональной и муниципальной собственности" | C74: 2/2 | D74: В 2025 году проведен капитальный ремонт Энгельсского краеведческого музея в г. Энгельс.
A75: 4 | B75: Мероприятие (результат) «Технически оснащены региональные и муниципальные музеи» | C75: 11/11 | D75: В 2025 году в рамках национального проекта "Семья" были выделены денежные средства на техническое оснащение МУК "Музейный комплекс им И.В. Панфилова Перовского района"
A76: 5 | B76: Мероприятие (результат) «Модернизация региональных и муниципальных библиотек» | C76: 2/2 | D76: Проведение капитального ремонта региональных и муниципальных библиотек. В 2025 году проведена модернизация библиотек в Марксовском, Советском районах и г. Саратов
A77: 6 | B77: Мероприятие (результат) «Проведение ремонта и (или) материально-технического оснащения региональных и (или) муниципальных филармоний» | C77: 8/8 | D77: В 2025 году приобретено проекционное оборудование (Экран) для филармонии им. А.Шнитке.
A78: 7 | B78: Мероприятие (результат) «Переоснащены муниципальные библиотеки по модельному стандарту» | C78: 9/9 | D78: На базе модернизированных библиотек формируются единые информационные, культурно-досуговые и образовательные пространства, в т.ч. для проведения семейного досуга. В 2025 году в области созданы 6 модельных библиотек (Балашовский, Петровский, Энгельсский районы, а также в г. Саратове - 3 библиотеки)
A79: 8 | B79: Мероприятие (результат) "Оснащены региональные и муниципальные театры, находящиеся в городах с численностью населения более 300 тыс. человек» | C79: 0 | D79: Оснащение театров, расположенных в крупных городах, современным оборудованием, необходимым для осуществления творческой деятельности. Результат нарастающим итогом с 2024 года. В 2025 году реализация и достижение мероприятия не предусмотрены.
A80: 9 | B80: Мероприятие (результат) «Оснащены образовательные организации в сфере культуры (детские школы искусств и училища) музыкальными инструментами, оборудованием и учебными материалами» | C80: 0 | D80: Комплексное оснащение детских школ искусств и училищ новыми музыкальными инструментами, техническими средствами обучения, современным специализированным оборудованием, учебно-методической литературой. В 2025 году не предусмотрена реализация мероприятия; значение обеспечено нарастающим итогом с 2024 года.
A81: 10 | B81: Мероприятие (результат) "Проведена модернизация учреждений культурно-досугового типа в населенных пунктах с численностью до 500 тыс. чел.» | C81: 0 | D81: Проведение капитального ремонта региональных и муниципальных учреждений культурно-досугового типа в населенных пунктах до 500 тыс. чел. В 2025 году достижение мероприятия не предусмотрено
B82: Региональный проект "Цифровизация услуг и формирование информационного пространства в сфере культуры" ("Цифровая культура")
A83: 1 | B83: Мероприятие (результат) «Созданы виртуальные концертные залы на площадках организаций культуры, в том числе в домах культуры, библиотеках, музеях, для трансляции знаковых культурных мероприятий» | C83: 7/7 | D83: Субсидия предоставлялась в 2024 году из федерального бюджета бюджету Саратовской области на создание виртуальных концертных залов в целях реализации национального проекта "Культура". В 2024 году открыто 3 виртуальных концертных зала в Саратовской области, в следующих учреждениях: 1. МУК «Социально-культурное объединение» Краснокутского МР Саратовской области; 2. МУК «Межпоселенческая центральная библиотека» Ершовского МР Саратовской области; 3. МБУДО «Центральная детская музыкальная школа» г. Саратова.
B84: Комплекс процессных мероприятий «Создание условий для укрепления материально-технической базы учреждений в сфере культуры»
A85: 1 | B85: Мероприятие (результат) "Оснащена и укреплена материально-техническая база областных образовательных организаций в сфере культуры" | C85: 4/4 | D85: В 42 государственных учреждениях, подведомственных министерству культуры области, оснащена и укреплена материально-техническая база
A86: 2 | B86: Мероприятие (результат) «Оснащена и укреплена материально-техническая база муниципальных образовательных организаций в сфере культуры» | C86: 4/4 | D86: В 7 муницпальных районах области (Балаковском, Балтайском, Воскресенском, Духовницком, Татищевском, Энгельсском, г.Саратов) оснащена и укреплена материально-техническая база образовательных организаций
B87: Комплекс процессных мероприятий «Независимая оценка качества условий оказания услуг в сфере культуры»
A88: 1 | B88: Мероприятие (результат) «Собрана и обобщена информации о качестве условий оказания услуг организациями в сфере культуры» | C88: 4/4 | D88: В 2025 оказаны услуги по проведению независимой оценки качества условий оказания услуг, предоставляемых учреждениями культуры Саратовской области в следующих организациях культуры: 1. Сараатовский государственный академический театр драмы им. И.А.Слонова,г.Саратов, ул. Рабочая, д.116 2. Саратовский академический театр юного зрителя им.Ю.П.Киселева, г. Саратов,п.Киселева Ю.П., д.1 3. Саратовский областной театр оперетты Саратовская обл.г. Энгельс, ул.Театральная , д.2 4. "Драматический театр г. Вольска Саратовская обл.г. Вольск, ул.Революционная, д.3 5 Саратовская областная филармония имениА.Шнитке
B89: Подпрограмма 7 «Популяризация культурных традиций»
B90: Комплекс процессных мероприятий «Популяризация культурных традиций»
A91: 1 | B91: Мероприятие (результат) "Организованны и проведены мероприятия, посвященные государственным праздникам, значимым событиям общества, российской культуры и развитию культурного сотрудничества" | C91: 4/4 | D91: В 2025 году проведено 20 мероприятияй, посвященных государственным праздникам, значимым событиям общества, российской культуры и развитию культурного сотрудничества.
B92: Подпрограмма 8 "Гармонизация межнациональных отношений и этнокультурного развития народов Саратовской области"
B93: Комплекс процессных мероприятий «Создание условий для гармонизации межнациональных отношений и этнокультурного развития народов Саратовской области»
A94: 1 | B94: Мероприятие (результат) «Организован и проведен мониторинг межнациональных отношений и раннего предупреждения межнациональных конфликтов на территории области» | C94: 4/4 | D94: 2. Результаты исследования по научноисследовательской работе:- 74% участников опроса не испытывают неприязни по отношению к приезжим из других стран; Оценка владения иностранными гражданами, прибывшими в Саратовскую область для осуществления трудовой деятельности русским языком: - 54% респондентов свободно владеют русским языком, 39% – понимают язык и могут общаться по ключевым вопросам, 7% – понимают, но испытывают затруднения с выражением своих мыслей на русском языке; Стаж работы иностранных граждан на территории Саратовской области: - 63% опрошенных иностранных граждан работают на территории Саратовской области менее 1 года, треть респондентов (32%) – от 1 года до 3 лет, 5% – свыше 3 лет; Для 45% участников опроса Саратовская область является первым российским регионом, в котором они имели опыт трудоустройства; 65% опрошенных иностранных граждан имеют среднее профессиональное образование, 31% – среднее общее или неоконченное среднее, 4% – начальное профессиональное; Оценка иностранными гражданами отношения к ним представителей принимающей стороны: доброжелательное отношение со стороны: - сотрудников миграционных служб - 100%, отношение сотрудников полиции - 93%, отношение представителей работодателя -98%, отношение местного населения - 93%; Образовательная миграция в Саратовской области; Результат социологического исследования - на основании результатов исследования различных аспектов реализации государственной национальной политики на территории Саратовской области становится возможным сделать следующие выводы и обобщения: 84 % проживающих в области положительно оценивают состояние межнациональных отношений в регионе: 31 % рассматривают их как доброжелательные, 53 % как нормальные, бесконфликтные. Аналогичные распределения были получены и в отношении оценки населением состояния межконфессиональных отношений. Положительные оценки были получены от 86 % участников опроса, из которых 32 % рассматривают межконфессиональные отношения на территории Саратовской области как дружелюбные, 54 % – как нормальные, бесконфликтные.
A95: 2 | B95: Мероприятие (результат) «Организованы и проведены культурно-массовых мероприятия, направленные на сохранение традиций и укрепление межнациональных отношений, совместно с национально-культурными автономиями и социально ориентированными некоммерческими организациями» | C95: 4/4 | D95: В 2025 году проведены 3 культурно-массовых мероприятия, направленных на этнокультурное развитие народов России: областной традиционный национальный праздник «Наурыз», мероприятия в образователных учреждениях по социальной адаптации детей из семей иностранных граждан,областной традиционный национальный праздник "Сабантуй". В мероприятиях приняло участие более 14,6 тысячи человек. Мероприятия способствовали сохранению традиций и укреплению межнациональных отношений.
B96: Подпрограмма 9 "Туризм"
B97: Региональный проект «Создание номерного фонда, инфраструктуры и новых точек притяжения»
A98: 1 | B98: 1. Реализованы мероприятия субъектами Российской Федерации в рамках предоставления единой субсидии из федерального бюджета бюджетам субъектов Российской Федерации | C98: 4/4 | D98: 1. Государственная поддержка общественных инициатив юридических лиц (за исключением некоммерческих организаций, являющихся государственными (муниципальными) учреждениями) и индивидуальных предпринимателей (поддержано 3 проекта по созданию объектов кемпинг – размещения в Гагаринском, Новобурасском и Воскресенском муниципальных районах области); 2. Государственная поддержка развития инфраструктуры туризма в рамках проектов юридических лиц и индивидуальных предпринимателей (поддержан 1 проект по созданию нового туристического маршрута, поддержан 1 проект по расширение доступности плавательных бассейнов - бассейн "Сокол" в Гагаринском муницпальном районе области); 3. Государственная поддержка и продвижение событийных мероприятий (поддержано 7 проектов: Фестиваль «Турслет», фестиваль, посвященный Дню Туризма, фестиваль «Сделано в Саратовской области», IX Всероссийский фестиваль "Театральное Прихопёрье", Саратовские сценарии. Киноразведка с участием ИИ, Фестиваль археологии и реконструкции "Укек-2025", книжный фестиваль «Волжская волна»); 4. Государственная поддержка на реализацию региональных программ по развитию общественной территории муниципального образования, в том числе мероприятий (результатов) по обустройству туристского центра города на территории муниципального образования в соответствии с туристским кодом центра города поддержано 2 проекта (муниципальное образование «Город Саратов» (приобретено 156 фан - барьеров, быстровозводимая модульная конструкция (сценический комплекс), закуплены и установленв в Городском парке культурыи отдыха им. М.А. Горького 4 одинарных и 3 двойных перлог , 15 павильонов "БарнХаус", 25 кормушек, 120 скамеек, 5 столбов навигации, 7 информационных стендов, на проспекте им. П.А. Столыпина установлено 67 декаративных панелей с подсветкой, на Театральной площади 6 композиций с подсветкой, 2 перетяжки с подсветами в саду им. Радищева, 22 светодиодных консоли на ул. Московской (от ул. Горького до ул. Радищева) 2 светодиодные конструкции около музея им. Радищева, 15 декоративных конструкций, выполнены работы по устройству архитектурной подсветки 10 памятников, нежилого здания ГКУ "Государственный музей им. К.А. Федина и Часовни в честь иконы Божией матери "Живоносный источник"), Энгельсский муниципальный район (нанесена разметка "Энгельс - трек, установлены музыкальные часы, обновлена городская панорама, приобретено 6 скульптур "бычки").
A99: 2 | B99: 2. Введены в эксплуатацию номера в модульных некапитальных средствах размещения | C99: 68/0 | D99: На основании дополнительного соглашения от 10.12.2025 № 139-2024-П10047-1/2 к соглашению о реализации регионального проекта "Создание номерного фонда, инфраструктуры и новых точек притяжения" на территории Саратовской области от 06.12.2024 № 139-2024-П10047 значение результата "Введены в эксплуатацию номера в модульных некапитальных средствах размещения" срок достижения планового значения 2025 года в количестве 68 ед. продлен до 01.04.2026
A100: Комплекс процессных мероприятий "Рекламно-информационная деятельность в сфере туризма, направленная на формирование единого туристического информационного пространства Саратовской области"
A101: 1 | B101: 1. Оказана государственная поддержка на организацию деятельности автономной некоммерческой организация "Туристский информационный центр Саратовской области" | C101: 4/4 | D101: Количество физических и юридических лиц, получивших информационные консультации (в том числе путем получения рекламно – информационных материалов о турпотенциале области) (плановое значение – 6 200 ед.), исполнено 6478 единиц, консультации осуществлялись в офисе, по телефону, в социальных сетях ТИЦ и на мероприятиях; Количество распространённых изданных рекламно- информационных материалов о турпотенциале области (плановое значение – 8,2 тыс. экземпляров), исполнено 9,2 тысяч экземпляров; Количество российских и международных специализированных выставок, в которых принято участие (плановое значение – 1 ед.), исполнено 2 единицы. В 2025 году принято участие в двух специализированных выставках: Международная выставка туризма и гостеприимства МИТТ (18-20 марта 2025 г., Москва), Международный туристический форум «Путешествуй!» (10-15 июня 2025 г., Москва); Разработано 5 туристских маршрутов по Саратовской области (1. "Эльфийские тропы" на Кумысной поляне, 2. "Белая полоса" в Красноармейскос муниципальном районе, 3. Круиз - поход (однодневный хайкинг) в с . Сосновка, 4. Тур в Озинки к фермеру, 5. "Космическая симфония").
A102: 2 | B102: 2. Оказана государственная поддержка автономной некоммерческой организации "Туристический информационный центр Саратовской области" на организацию и проведения культурно-познавательных мероприятий в области туризма | C102: 4/4 | D102: Спортивно-туристский лагерь Приволжского федерального округа «Туриада-2025» прошел 20-24 мая 2025 г. в г. Хвалынск. В рамках Лагеря была организована конкурсно-познавательная часть, включающая в себя творческих конкурса. – конкурс «Лучшая разработка межрегионального туристского маршрута на территории ПФО»; – межрегиональный конкурс авторской песни «Музыка сердец»; – конкурс знаний о туризме в формате интеллектуального марафона. В рамках данной программы приняли участие команды из 14 регионов Приволжского федерального округа. Победители конкурса на лучшую разработку межрегионального турмаршрута получили грант Фонда содействия развитию институтов гражданского общества в Приволжском федеральном округе в размере 400 тысяч рублей (выиграла Пензенская область), конкурса авторской песни «Музыка сердец» – денежное поощрение Губернатора области Р.В. Бусаргина в размере 300 тысяч рублей (выиграла Саратовская область). Помимо конкурсной программы были организованы тренинги по разработке турпродукта от экспертов, концерты авторской песни на территории Лагеря и концерт для жителей Хвалынского района, экскурсионная программа с посещением Национального парка «Хвалынский» (6 автобусных экскурсий)

Sheet ВЕРНАЯ сентябрь с доп 2021
A3: Наименование государственной программы, подпрограммы, ведомственной целевой программы, основного мероприятия | B3: Ответственный исполнитель, соисполнитель, участник государственной программы (соисполнитель подпрограммы), плательщик (далее - исполнитель) | C3: Источники финансового обеспечения | D3: Объемы финансового обеспечения всего, (тыс. рублей) | E3: В том числе по годам реализации
E4: 2014 | F4: 2015 | G4: 2016 | H4: 2017 | I4: 2018 | J4: 2019 | K4: 2020 | L4: 2021 | M4: 2022 | N4: 2023 | O4: 2024
A5: 1 | B5: 2 | C5: 3 | D5: 4 | E5: 5 | F5: 6 | G5: 7 | H5: 8 | I5: 9 | J5: 10 | K5: 11 | L5: 12 | M5: 13 | N5: 14 | O5: 15
A6: Государственная программа Саратовской области "Культура Саратовской области" | C6: всего | D6: =SUM(E6:O6) -> 51750461 | E6: =E14+E21+E27+E33+E39+E45 -> 4865320.2 | F6: =F14+F21+F27+F33+F39+F45 -> 2108258.3 | G6: =G14+G21+G27+G33+G39+G45 -> 1927521.6 | H6: =H14+H21+H27+H33+H39+H45 -> 2974016.6 | I6: =I14+I21+I27+I33+I39+I45 -> 4510087.6 | J6: =J14+J21+J27+J33+J39+J45 -> 5256858.7 | K6: =K14+K21+K27+K33+K39+K45 -> 5243900.8 | L6: =L14+L21+L27+L33+L39+L45 -> 7021823.8 | ... O6: =O14+O21+O27+O33+O39+O45 -> 5429858.3 | P6: =L6-#REF! -> #REF!
C7: областной бюджет | D7: =SUM(E7:O7) -> 18768481 | E7: =E15+E22+E28+E34+E40+E46 -> 1200430.2 | F7: =F15+F22+F28+F34+F40+F46 -> 1133207 | G7: =G15+G22+G28+G34+G40+G46 -> 1087822.1 | H7: =H15+H22+H28+H34+H40+H46 -> 1356948.3 | I7: =I15+I22+I28+I34+I40+I46 -> 1321655 | J7: =J15+J22+J28+J34+J40+J46 -> 1778262 | K7: =K15+K22+K28+K34+K40+K46 -> 1681483.4 | L7: =L15+L22+L28+L34+L40+L46 -> 2708167.3 | ... O7: =O15+O22+O28+O34+O40+O46 -> 2091805.1 | P7: =L7-#REF! -> #REF!
C8: федеральный бюджет (прогнозно) | D8: =SUM(E8:O8) -> 4090854 | E8: =E16+E23+E29+E35+E41+E47 -> 424910 | F8: =F16+F23+F29+F35+F41+F47 -> 350172.8 | G8: =G16+G23+G29+G35+G41+G47 -> 85202.5 | H8: =H16+H23+H29+H35+H41+H47 -> 92110.7 | I8: =I16+I23+I29+I35+I41+I47 -> 231410.3 | J8: =J16+J23+J29+J35+J41+J47 -> 308355.3 | K8: =K16+K23+K29+K35+K41+K47 -> 574476.2 | L8: =L16+L23+L29+L35+L41+L47 -> 795682.8 | ... O8: =O16+O23+O29+O35+O41+O47 -> 0 | P8: =L8-#REF! -> #REF!
C9: местные бюджеты (прогнозно) | D9: =SUM(E9:O9) -> 25043887 | E9: =E17+E24+E30+E36+E42+E48 -> 3069368 | F9: =F17+F24+F30+F36+F42+F48 -> 450341.2 | G9: =G17+G24+G30+G36+G42+G48 -> 569768 | H9: =H17+H24+H30+H36+H42+H48 -> 1012886 | I9: =I17+I24+I30+I36+I42+I48 -> 2480233.5 | J9: =J17+J24+J30+J36+J42+J48 -> 2728100.9 | K9: =K17+K24+K30+K36+K42+K48 -> 2698275.3 | L9: =L17+L24+L30+L36+L42+L48 -> 3146086.2 | ... O9: =O17+O24+O30+O36+O42+O48 -> 2910711.4 | P9: =L9-#REF! -> #REF!
C10: внебюджетные источники (прогнозно) | D10: =SUM(E10:O10) -> 3574712.4 | E10: =E18+E25+E31+E37+E43+E49 -> 170612 | F10: =F18+F25+F31+F37+F43+F49 -> 174537.3 | G10: =G18+G25+G31+G37+G43+G49 -> 184729 | H10: =H18+H25+H31+H37+H43+H49 -> 312071.6 | I10: =I18+I25+I31+I37+I43+I49 -> 476788.8 | J10: =J18+J25+J31+J37+J43+J49 -> 369613.2 | K10: =K18+K25+K31+K37+K43+K49 -> 289665.9 | L10: =L18+L25+L31+L37+L43+L49 -> 371887.5 | ... O10: =O18+O25+O31+O37+O43+O49 -> 427341.8 | P10: =L10-#REF! -> #REF!
C11: государственные внебюджетные фонды и иные безвозмездные поступления целевой направленности (прогнозно) | D11: =SUM(E11:O11) -> 272527.3 | E11: =E19+E26+E32+E38+E44+E50 -> 0 | F11: =F19+F26+F32+F38+F44+F50 -> 0 | G11: =G19+G26+G32+G38+G44+G50 -> 0 | H11: =H19+H26+H32+H38+H44+H50 -> 200000 | I11: =I19+I26+I32+I38+I44+I50 -> 0 | J11: =J19+J26+J32+J38+J44+J50 -> 72527.3 | K11: =K19+K26+K32+K38+K44+K50 -> 0 | L11: =L19+L26+L32+L38+L44+L50 -> 0 | ... O11: =O19+O26+O32+O38+O44+O50 -> 0 | P11: =L11-#REF! -> #REF!
P12: =L12-#REF! -> #REF!
B13: в том числе по исполнителям: | P13: =L13-#REF! -> #REF!
B14: министерство культуры области | C14: всего | D14: =SUM(E14:O14) -> 47549569 | E14: =E51+E87+E135+E171+E207+E243+E292+E461+E498+E836+E928 -> 4435640.7 | F14: =F51+F87+F135+F171+F207+F243+F292+F461+F498+F836+F928 -> 1765270.5 | G14: =G51+G87+G135+G171+G207+G243+G292+G461+G498+G836+G928 -> 1860957.7 | H14: =H51+H87+H135+H171+H207+H243+H292+H461+H498+H836+H928 -> 2895349.9 | I14: =I51+I87+I135+I171+I207+I243+I292+I461+I498+I836+I928 -> 4279028.8 | J14: =J51+J87+J135+J171+J207+J243+J292+J461+J498+J836+J928 -> 5079884.2 | K14: =K51+K87+K135+K171+K207+K243+K292+K461+K498+K836+K928 -> 4860391.6 | L14: =L51+L87+L135+L171+L207+L243+L292+L461+L498+L836+L928 -> 5846213.5 | ... O14: =O51+O87+O135+O171+O207+O243+O292+O461+O498+O836+O928 -> 5281448.8 | P14: =L14-#REF! -> #REF!
C15: областной бюджет | D15: =SUM(E15:O15) -> 16975485 | E15: =E52+E88+E136+E172+E208+E244+E293+E462+E499+E837+E929 -> 1080295.4 | F15: =F52+F88+F136+F172+F208+F244+F293+F462+F499+F837+F929 -> 1062934.1 | G15: =G52+G88+G136+G172+G208+G244+G293+G462+G499+G837+G929 -> 1037017.6 | H15: =H52+H88+H136+H172+H208+H244+H293+H462+H499+H837+H929 -> 1303576.7 | I15: =I52+I88+I136+I172+I208+I244+I293+I462+I499+I837+I929 -> 1238787.4 | J15: =J52+J88+J136+J172+J208+J244+J293+J462+J499+J837+J929 -> 1671770.6 | K15: =K52+K88+K136+K172+K208+K244+K293+K462+K499+K837+K929 -> 1509416.8 | L15: =L52+L88+L136+L172+L208+L244+L293+L462+L499+L837+L929 -> 2084340 | ... O15: =O52+O88+O136+O172+O208+O244+O293+O462+O499+O837+O929 -> 1959685.7 | P15: =L15-#REF! -> #REF!
C16: федеральный бюджет (прогнозно) | D16: =SUM(E16:O16) -> 1900516.1 | E16: =E53+E89+E137+E173+E209+E245+E294+E463+E500+E838+E930 -> 124730.6 | F16: =F53+F89+F137+F173+F209+F245+F294+F463+F500+F838+F930 -> 85429.9 | G16: =G53+G89+G137+G173+G209+G245+G294+G463+G500+G838+G930 -> 85122 | H16: =H53+H89+H137+H173+H209+H245+H294+H463+H500+H838+H930 -> 82605.4 | I16: =I53+I89+I137+I173+I209+I245+I294+I463+I500+I838+I930 -> 98984.6 | J16: =J53+J89+J137+J173+J209+J245+J294+J463+J500+J838+J930 -> 305987.9 | K16: =K53+K89+K137+K173+K209+K245+K294+K463+K500+K838+K930 -> 382966.8 | L16: =L53+L89+L137+L173+L209+L245+L294+L463+L500+L838+L930 -> 259967.5 | ... O16: =O53+O89+O137+O173+O209+O245+O294+O463+O500+O838+O930 -> 0 | P16: =L16-#REF! -> #REF!
C17: местные бюджеты (прогнозно) | D17: =SUM(E17:O17) -> 24940019 | E17: =E54+E90+E138+E174+E210+E246+E295+E464+E501+E839+E931 -> 3060342.7 | F17: =F54+F90+F138+F174+F210+F246+F295+F464+F501+F839+F931 -> 444154.1 | G17: =G54+G90+G138+G174+G210+G246+G295+G464+G501+G839+G931 -> 560801.7 | H17: =H54+H90+H138+H174+H210+H246+H295+H464+H501+H839+H931 -> 1003196.2 | I17: =I54+I90+I138+I174+I210+I246+I295+I464+I501+I839+I931 -> 2470568 | J17: =J54+J90+J138+J174+J210+J246+J295+J464+J501+J839+J931 -> 2720038.2 | K17: =K54+K90+K138+K174+K210+K246+K295+K464+K501+K839+K931 -> 2686542.1 | L17: =L54+L90+L138+L174+L210+L246+L295+L464+L501+L839+L931 -> 3136118.5 | ... O17: =O54+O90+O138+O174+O210+O246+O295+O464+O501+O839+O931 -> 2900521.3 | P17: =L17-#REF! -> #REF!
C18: внебюджетные источники (прогнозно) | D18: =SUM(E18:O18) -> 3514974.9 | E18: =E55+E91+E139+E175+E211+E247+E296+E465+E502+E840+E932 -> 170272 | F18: =F55+F91+F139+F175+F211+F247+F296+F465+F502+F840+F932 -> 172752.4 | G18: =G55+G91+G139+G175+G211+G247+G296+G465+G502+G840+G932 -> 178016.4 | H18: =H55+H91+H139+H175+H211+H247+H296+H465+H502+H840+H932 -> 305971.6 | I18: =I55+I91+I139+I175+I211+I247+I296+I465+I502+I840+I932 -> 470688.8 | J18: =J55+J91+J139+J175+J211+J247+J296+J465+J502+J840+J932 -> 363513.2 | K18: =K55+K91+K139+K175+K211+K247+K296+K465+K502+K840+K932 -> 281465.9 | L18: =L55+L91+L139+L175+L211+L247+L296+L465+L502+L840+L932 -> 365787.5 | ... O18: =O55+O91+O139+O175+O211+O247+O296+O465+O502+O840+O932 -> 421241.8 | P18: =L18-#REF! -> #REF!
C19: государственные внебюджетные фонды и иные безвозмездные поступления целевой направленности (прогнозно) | D19: =SUM(E19:O19) -> 218574.3 | E19: =E56+E92+E140+E176+E212+E248+E297+E466+E503+E841+E933 -> 0 | F19: =F56+F92+F140+F176+F212+F248+F297+F466+F503+F841+F933 -> 0 | G19: =G56+G92+G140+G176+G212+G248+G297+G466+G503+G841+G933 -> 0 | H19: =H56+H92+H140+H176+H212+H248+H297+H466+H503+H841+H933 -> 200000 | I19: =I56+I92+I140+I176+I212+I248+I297+I466+I503+I841+I933 -> 0 | J19: =J56+J92+J140+J176+J212+J248+J297+J466+J503+J841+J933 -> 18574.3 | K19: =K56+K92+K140+K176+K212+K248+K297+K466+K503+K841+K933 -> 0 | L19: =L56+L92+L140+L176+L212+L248+L297+L466+L503+L841+L933 -> 0 | ... O19: =O56+O92+O140+O176+O212+O248+O297+O466+O503+O841+O933 -> 0 | P19: =L19-#REF! -> #REF!
D20: =SUM(E20:O20) -> -2.0227162e-09 | E20: =E14-E15-E16-E17-E18-E19 -> -4.6566129e-10 | F20: =F14-F15-F16-F17-F18-F19 -> -5.8207661e-10 | G20: =G14-G15-G16-G17-G18-G19 -> 1.4551915e-10 | H20: =H14-H15-H16-H17-H18-H19 -> 0 | I20: =I14-I15-I16-I17-I18-I19 -> -1.7462298e-10 | J20: =J14-J15-J16-J17-J18-J19 -> 4.5110937e-10 | K20: =K14-K15-K16-K17-K18-K19 -> -1.1641532e-10 | L20: =L14-L15-L16-L17-L18-L19 -> 0 | ... O20: =O14-O15-O16-O17-O18-O19 -> -1.7462298e-10 | P20: =L20-#REF! -> #REF!
B21: управление делами Правительства области | C21: всего | D21: =SUM(E21:O21) -> 874431.2 | E21: =E443+E449+E455+E842+E940+E504 -> 53995 | F21: =F443+F449+F455+F842+F940+F504 -> 48924.7 | G21: =G443+G449+G455+G842+G940+G504 -> 53197.3 | H21: =H443+H449+H455+H842+H940+H504 -> 64193.3 | I21: =I443+I449+I455+I842+I940+I504 -> 58750.7 | J21: =J443+J449+J455+J842+J940+J504 -> 81348.3 | K21: =K443+K449+K455+K842+K940+K504 -> 99860.4 | L21: =L443+L449+L455+L842+L504 -> 103376 | M21: =M443+M449+M455+M842+M504 -> 103592.9 | N21: =N443+N449+N455+N842+N504 -> 103596.3 | O21: =O443+O449+O455+O842+O504 -> 103596.3 | P21: =L21-#REF! -> #REF!
C22: областной бюджет | D22: =SUM(E22:O22) -> 752196.8 | E22: =E444+E450+E456+E843+E941+E505 -> 44450.3 | F22: =F444+F450+F456+F843+F941+F505 -> 42074.8 | G22: =G444+G450+G456+G843+G941+G505 -> 43533.5 | H22: =H444+H450+H456+H843+H941+H505 -> 44998.2 | I22: =I444+I450+I456+I843+I941+I505 -> 46659.5 | J22: =J444+J450+J456+J843+J941+J505 -> 70918.2 | K22: =K444+K450+K456+K843+K941+K505 -> 85938.8 | L22: =L444+L450+L456+L843+L505 -> 93408.3 | M22: =M444+M450+M456+M843+M505 -> 93402.8 | N22: =N444+N450+N456+N843+N505 -> 93406.2 | O22: =O444+O450+O456+O843+O505 -> 93406.2 | P22: =L22-#REF! -> #REF!
C23: федеральный бюджет (прогнозно) | D23: =SUM(E23:O23) -> 16806.5 | E23: =E445+E451+E457+E844+E942+E506 -> 179.4 | F23: =F445+F451+F457+F844+F942+F506 -> 59.8 | G23: =G445+G451+G457+G844+G942+G506 -> 80.5 | H23: =H445+H451+H457+H844+H942+H506 -> 9505.3 | I23: =I445+I451+I457+I844+I942+I506 -> 2425.7 | J23: =J445+J451+J457+J844+J942+J506 -> 2367.4 | K23: =K445+K451+K457+K844+K942+K506 -> 2188.4 | L23: =L445+L451+L457+L844+L506 -> 0 | M23: =M445+M451+M457+M844+M506 -> 0 | N23: =N445+N451+N457+N844+N506 -> 0 | O23: =O445+O451+O457+O844+O506 -> 0 | P23: =L23-#REF! -> #REF!
C24: местные бюджеты (прогнозно) | D24: =SUM(E24:O24) -> 103867.9 | E24: =E446+E452+E458+E845+E943+E507 -> 9025.3 | F24: =F446+F452+F458+F845+F943+F507 -> 6187.1 | G24: =G446+G452+G458+G845+G943+G507 -> 8966.3 | H24: =H446+H452+H458+H845+H943+H507 -> 9689.8 | I24: =I446+I452+I458+I845+I943+I507 -> 9665.5 | J24: =J446+J452+J458+J845+J943+J507 -> 8062.7 | K24: =K446+K452+K458+K845+K943+K507 -> 11733.2 | L24: =L446+L452+L458+L845+L507 -> 9967.7 | M24: =M446+M452+M458+M845+M507 -> 10190.1 | N24: =N446+N452+N458+N845+N507 -> 10190.1 | O24: =O446+O452+O458+O845+O507 -> 10190.1 | P24: =L24-#REF! -> #REF!
C25: внебюджетные источники (прогнозно) | D25: =SUM(E25:O25) -> 1560 | E25: =E447+E453+E459+E846+E944+E508 -> 340 | F25: =F447+F453+F459+F846+F944+F508 -> 603 | G25: =G447+G453+G459+G846+G944+G508 -> 617 | H25: =H447+H453+H459+H846+H944+H508 -> 0 | I25: =I447+I453+I459+I846+I944+I508 -> 0 | J25: =J447+J453+J459+J846+J944+J508 -> 0 | K25: =K447+K453+K459+K846+K944+K508 -> 0 | L25: =L447+L453+L459+L846+L508 -> 0 | M25: =M447+M453+M459+M846+M508 -> 0 | N25: =N447+N453+N459+N846+N508 -> 0 | O25: =O447+O453+O459+O846+O508 -> 0 | P25: =L25-#REF! -> #REF!
C26: государственные внебюджетные фонды и иные безвозмездные поступления целевой направленности (прогнозно) | D26: =SUM(E26:O26) -> 0 | E26: =E448+E454+E460+E847+E945+E509 -> 0 | F26: =F448+F454+F460+F847+F945+F509 -> 0 | G26: =G448+G454+G460+G847+G945+G509 -> 0 | H26: =H448+H454+H460+H847+H945+H509 -> 0 | I26: =I448+I454+I460+I847+I945+I509 -> 0 | J26: =J448+J454+J460+J847+J945+J509 -> 0 | K26: =K448+K454+K460+K847+K945+K509 -> 0 | L26: =L448+L454+L460+L847+L509 -> 0 | M26: =M448+M454+M460+M847+M509 -> 0 | N26: =N448+N454+N460+N847+N509 -> 0 | O26: =O448+O454+O460+O847+O509 -> 0 | P26: =L26-#REF! -> #REF!
B27: комитет капитального строительства области, министерство строительства и жилищно-коммунального хозяйства области, государственное казенное учреждение Саратовской области "Управление капитального строительства" | C27: всего | D27: =SUM(E27:O27) -> 983629.5 | E27: =E510 -> 375684.5 | F27: =F510 -> 290527.3 | G27: =G510 -> 0 | H27: =H510 -> 847.7 | I27: =I510+I431 -> 151570 | J27: =J510+J431 -> 0 | K27: =K510+K431 -> 0 | L27: =L510+L431 -> 165000 | M27: =M510+M431 -> 0 | N27: =N510+N431 -> 0 | O27: =O510+O431 -> 0 | P27: =L27-#REF! -> #REF!
C28: областной бюджет | D28: =SUM(E28:O28) -> 288946.4 | E28: =E511 -> 75684.5 | F28: =F511 -> 25844.2 | G28: =G511 -> 0 | H28: =H511 -> 847.7 | I28: =I511+I432 -> 21570 | J28: =J511+J432 -> 0 | K28: =K511+K432 -> 0 | L28: =L511+L432 -> 165000 | M28: =M511+M432 -> 0 | N28: =N511+N432 -> 0 | O28: =O511+O432 -> 0 | P28: =L28-#REF! -> #REF!
C29: федеральный бюджет (прогнозно) | D29: =SUM(E29:O29) -> 694683.1 | E29: =E512 -> 300000 | F29: =F512 -> 264683.1 | G29: =G512 -> 0 | H29: =H512 -> 0 | I29: =I512+I433 -> 130000 | J29: =J512+J433 -> 0 | K29: =K512+K433 -> 0 | L29: =L512+L433 -> 0 | M29: =M512+M433 -> 0 | N29: =N512+N433 -> 0 | O29: =O512+O433 -> 0 | P29: =L29-#REF! -> #REF!
C30: местные бюджеты (прогнозно) | D30: =SUM(E30:O30) -> 0 | E30: =E513 -> 0 | F30: =F513 -> 0 | G30: =G513 -> 0 | H30: =H513 -> 0 | I30: =I513+I434 -> 0 | J30: =J513+J434 -> 0 | K30: =K513+K434 -> 0 | L30: =L513+L434 -> 0 | M30: =M513+M434 -> 0 | N30: =N513+N434 -> 0 | O30: =O513+O434 -> 0 | P30: =L30-#REF! -> #REF!
C31: внебюджетные источники (прогнозно) | D31: =SUM(E31:O31) -> 0 | E31: =E514 -> 0 | F31: =F514 -> 0 | G31: =G514 -> 0 | H31: =H514 -> 0 | I31: =I514+I435 -> 0 | J31: =J514+J435 -> 0 | K31: =K514+K435 -> 0 | L31: =L514+L435 -> 0 | M31: =M514+M435 -> 0 | N31: =N514+N435 -> 0 | O31: =O514+O435 -> 0 | P31: =L31-#REF! -> #REF!
C32: государственные внебюджетные фонды и иные безвозмездные поступления целевой направленности (прогнозно) | D32: =SUM(E32:O32) -> 0 | E32: =E515 -> 0 | F32: =F515 -> 0 | G32: =G515 -> 0 | H32: =H515 -> 0 | I32: =I515+I436 -> 0 | J32: =J515+J436 -> 0 | K32: =K515+K436 -> 0 | L32: =L515+L436 -> 0 | M32: =M515+M436 -> 0 | N32: =N515+N436 -> 0 | O32: =O515+O436 -> 0 | P32: =L32-#REF! -> #REF!
B33: управление по охране объектов культурного наследия Правительства области | C33: всего | D33: =SUM(E33:O33) -> 320564.2 | E33: =E298 -> 0 | F33: =F298 -> 3535.8 | G33: =G298 -> 13366.6 | H33: =H298 -> 13625.7 | I33: =I298 -> 20738.1 | J33: =J298 -> 38667.7 | K33: =K298 -> 31377.5 | L33: =L298 -> 64813.2 | ... O33: =O298 -> 44813.2 | P33: =L33-#REF! -> #REF!
C34: областной бюджет | D34: =SUM(E34:O34) -> 252386.7 | E34: =E299 -> 0 | F34: =F299 -> 2353.9 | G34: =G299 -> 7271 | H34: =H299 -> 7525.7 | I34: =I299 -> 14638.1 | J34: =J299 -> 22567.7 | K34: =K299 -> 23177.5 | L34: =L299 -> 58713.2 | ... O34: =O299 -> 38713.2 | P34: =L34-#REF! -> #REF!
C35: федеральный бюджет (прогнозно) | D35: =SUM(E35:O35) -> 0 | E35: =E300 -> 0 | F35: =F300 -> 0 | G35: =G300 -> 0 | H35: =H300 -> 0 | I35: =I300 -> 0 | J35: =J300 -> 0 | K35: =K300 -> 0 | L35: =L300 -> 0 | ... O35: =O300 -> 0 | P35: =L35-#REF! -> #REF!
C36: местные бюджеты (прогнозно) | D36: =SUM(E36:O36) -> 0 | E36: =E301 -> 0 | F36: =F301 -> 0 | G36: =G301 -> 0 | H36: =H301 -> 0 | I36: =I301 -> 0 | J36: =J301 -> 0 | K36: =K301 -> 0 | L36: =L301 -> 0 | ... O36: =O301 -> 0 | P36: =L36-#REF! -> #REF!
C37: внебюджетные источники (прогнозно) | D37: =SUM(E37:O37) -> 58177.5 | E37: =E302 -> 0 | F37: =F302 -> 1181.9 | G37: =G302 -> 6095.6 | H37: =H302 -> 6100 | I37: =I302 -> 6100 | J37: =J302 -> 6100 | K37: =K302 -> 8200 | L37: =L302 -> 6100 | ... O37: =O302 -> 6100 | P37: =L37-#REF! -> #REF!
C38: государственные внебюджетные фонды и иные безвозмездные поступления целевой направленности (прогнозно) | D38: =SUM(E38:O38) -> 10000 | E38: =E303 -> 0 | F38: =F303 -> 0 | G38: =G303 -> 0 | H38: =H303 -> 0 | I38: =I303 -> 0 | J38: =J303 -> 10000 | K38: =K303 -> 0 | L38: =L303 -> 0 | ... O38: =O303 -> 0 | P38: =L38-#REF! -> #REF!
B39: комитет по реализации инвестиционных проектов в строительстве области | C39: всего | D39: =SUM(E39:O39) -> 2020339.7 | E39: =E517 -> 0 | F39: =F517 -> 0 | G39: =G517 -> 0 | H39: =H517 -> 0 | I39: =I517 -> 0 | J39: =J517 -> 56958.5 | K39: =K517 -> 252271.3 | L39: =L517 -> 840493.8 | ... O39: =O517 -> 0 | P39: =L39-#REF! -> #REF!
C40: областной бюджет | D40: =SUM(E40:O40) -> 499253.7 | E40: =E518 -> 0 | F40: =F518 -> 0 | G40: =G518 -> 0 | H40: =H518 -> 0 | I40: =I518 -> 0 | J40: =J518 -> 13005.5 | K40: =K518 -> 62950.3 | L40: =L518 -> 306493.8 | ... O40: =O518 -> 0 | P40: =L40-#REF! -> #REF!
C41: федеральный бюджет (прогнозно) | D41: =SUM(E41:O41) -> 1477133 | E41: =E519 -> 0 | F41: =F519 -> 0 | G41: =G519 -> 0 | H41: =H519 -> 0 | I41: =I519 -> 0 | J41: =J519 -> 0 | K41: =K519 -> 189321 | L41: =L519 -> 534000 | ... O41: =O519 -> 0 | P41: =L41-#REF! -> #REF!
C42: местные бюджеты (прогнозно) | D42: =SUM(E42:O42) -> 0 | E42: =E520 -> 0 | F42: =F520 -> 0 | G42: =G520 -> 0 | H42: =H520 -> 0 | I42: =I520 -> 0 | J42: =J520 -> 0 | K42: =K520 -> 0 | L42: =L520 -> 0 | ... O42: =O520 -> 0 | P42: =L42-#REF! -> #REF!
C43: внебюджетные источники (прогнозно) | D43: =SUM(E43:O43) -> 0 | E43: =E521 -> 0 | F43: =F521 -> 0 | G43: =G521 -> 0 | H43: =H521 -> 0 | I43: =I521 -> 0 | J43: =J521 -> 0 | K43: =K521 -> 0 | L43: =L521 -> 0 | ... O43: =O521 -> 0 | P43: =L43-#REF! -> #REF!
C44: государственные внебюджетные фонды и иные безвозмездные поступления целевой направленности (прогнозно) | D44: =SUM(E44:O44) -> 43953 | E44: =E522 -> 0 | F44: =F522 -> 0 | G44: =G522 -> 0 | H44: =H522 -> 0 | I44: =I522 -> 0 | J44: =J522 -> 43953 | K44: =K522 -> 0 | L44: =L522 -> 0 | ... O44: =O522 -> 0 | P44: =L44-#REF! -> #REF!
B45: министерство внутренней политики и общественных отношений области | C45: всего | D45: =SUM(E45:O45) -> 1927.3 | E45: 0 | F45: 0 | G45: 0 | H45: 0 | I45: 0 | J45: 0 | K45: 0 | L45: =L940 -> 1927.3 | M45: =M940 -> 0 | N45: =N940 -> 0 | O45: =O940 -> 0 | P45: =L45-#REF! -> #REF!
C46: областной бюджет | D46: =SUM(E46:O46) -> 212 | E46: 0 | F46: 0 | G46: 0 | H46: 0 | I46: 0 | J46: 0 | K46: 0 | L46: =L941 -> 212 | M46: =M941 -> 0 | N46: =N941 -> 0 | O46: =O941 -> 0 | P46: =L46-#REF! -> #REF!
C47: федеральный бюджет (прогнозно) | D47: =SUM(E47:O47) -> 1715.3 | E47: 0 | F47: 0 | G47: 0 | H47: 0 | I47: 0 | J47: 0 | K47: 0 | L47: =L942 -> 1715.3 | M47: =M942 -> 0 | N47: =N942 -> 0 | O47: =O942 -> 0 | P47: =L47-#REF! -> #REF!
C48: местные бюджеты (прогнозно) | D48: =SUM(E48:O48) -> 0 | E48: 0 | F48: 0 | G48: 0 | H48: 0 | I48: 0 | J48: 0 | K48: 0 | L48: =L943 -> 0 | M48: =M943 -> 0 | N48: =N943 -> 0 | O48: =O943 -> 0 | P48: =L48-#REF! -> #REF!
C49: внебюджетные источники (прогнозно) | D49: =SUM(E49:O49) -> 0 | E49: 0 | F49: 0 | G49: 0 | H49: 0 | I49: 0 | J49: 0 | K49: 0 | L49: =L944 -> 0 | M49: =M944 -> 0 | N49: =N944 -> 0 | O49: =O944 -> 0 | P49: =L49-#REF! -> #REF!
C50: государственные внебюджетные фонды и иные безвозмездные поступления целевой направленности (прогнозно) | D50: =SUM(E50:O50) -> 0 | E50: 0 | F50: 0 | G50: 0 | H50: 0 | I50: 0 | J50: 0 | K50: 0 | L50: =L945 -> 0 | M50: =M945 -> 0 | N50: =N945 -> 0 | O50: =O945 -> 0 | P50: =L50-#REF! -> #REF!
A51: Подпрограмма 1 "Музеи" | C51: всего | D51: =SUM(E51:O51) -> 3074896.6 | E51: =E57+E63+E69+E75+E81 -> 1003594.2 | F51: =F57+F63+F69+F75+F81 -> 92934.2 | G51: =G57+G63+G69+G75+G81 -> 94181.4 | H51: =H57+H63+H69+H75+H81 -> 103736.2 | I51: =I57+I63+I69+I75+I81 -> 169506.2 | J51: =J57+J63+J69+J75+J81 -> 235463.3 | K51: =K57+K63+K69+K75+K81 -> 220908.6 | L51: =L57+L63+L69+L75+L81 -> 327230.4 | ... O51: =O57+O63+O69+O75+O81 -> 277007 | P51: =L51-#REF! -> #REF!
C52: областной бюджет | D52: =SUM(E52:O52) -> 1519480 | E52: =E58+E64+E70+E76+E82 -> 75475.2 | F52: =F58+F64+F70+F76+F82 -> 81558.7 | G52: =G58+G64+G70+G76+G82 -> 84020.8 | H52: =H58+H64+H70+H76+H82 -> 86216.2 | I52: =I58+I64+I70+I76+I82 -> 108424.6 | J52: =J58+J64+J70+J76+J82 -> 159758.5 | K52: =K58+K64+K70+K76+K82 -> 151943.2 | L52: =L58+L64+L70+L76+L82 -> 209785 | ... O52: =O58+O64+O70+O76+O82 -> 187432.6 | P52: =L52-#REF! -> #REF! | R52: 211022.4 | S52: =R52-L52 -> 1237.4
C53: федеральный бюджет (прогнозно) | D53: =SUM(E53:O53) -> 0 | E53: =E59+E65+E71+E77+E83 -> 0 | F53: =F59+F65+F71+F77+F83 -> 0 | G53: =G59+G65+G71+G77+G83 -> 0 | H53: =H59+H65+H71+H77+H83 -> 0 | I53: =I59+I65+I71+I77+I83 -> 0 | J53: =J59+J65+J71+J77+J83 -> 0 | K53: =K59+K65+K71+K77+K83 -> 0 | L53: =L59+L65+L71+L77+L83 -> 0 | ... O53: =O59+O65+O71+O77+O83 -> 0 | P53: =L53-#REF! -> #REF! | S53: =R53-L53 -> 0
C54: местные бюджеты (прогнозно) | D54: =SUM(E54:O54) -> 1388332.1 | E54: =E60+E66+E72+E78+E84 -> 918319 | F54: =F60+F66+F72+F78+F84 -> 1134.5 | G54: =G60+G66+G72+G78+G84 -> 1359 | H54: =H60+H66+H72+H78+H84 -> 7744.9 | I54: =I60+I66+I72+I78+I84 -> 48853.3 | J54: =J60+J66+J72+J78+J84 -> 55947.8 | K54: =K60+K66+K72+K78+K84 -> 57638.7 | L54: =L60+L66+L72+L78+L84 -> 97688.4 | ... O54: =O60+O66+O72+O78+O84 -> 66703.4 | P54: =L54-#REF! -> #REF!
C55: внебюджетные источники (прогнозно) | D55: =SUM(E55:O55) -> 167084.5 | E55: =E61+E67+E73+E79+E85 -> 9800 | F55: =F61+F67+F73+F79+F85 -> 10241 | G55: =G61+G67+G73+G79+G85 -> 8801.6 | H55: =H61+H67+H73+H79+H85 -> 9775.1 | I55: =I61+I67+I73+I79+I85 -> 12228.3 | J55: =J61+J67+J73+J79+J85 -> 19757 | K55: =K61+K67+K73+K79+K85 -> 11326.7 | L55: =L61+L67+L73+L79+L85 -> 19757 | ... O55: =O61+O67+O73+O79+O85 -> 22871 | P55: =L55-#REF! -> #REF!
D56: =SUM(E56:O56) -> 0 | E56: =E62+E68+E74+E80+E86 -> 0 | F56: =F62+F68+F74+F80+F86 -> 0 | G56: =G62+G68+G74+G80+G86 -> 0 | H56: =H62+H68+H74+H80+H86 -> 0 | I56: =I62+I68+I74+I80+I86 -> 0 | J56: =J62+J68+J74+J80+J86 -> 0 | K56: =K62+K68+K74+K80+K86 -> 0 | L56: =L62+L68+L74+L80+L86 -> 0 | ... O56: =O62+O68+O74+O80+O86 -> 0 | P56: =L56-#REF! -> #REF! | S56: =R56-L56 -> 0
A57: Основное мероприятие 1.1 "Оказание государственных услуг населению музеями" | B57: министерство культуры области, органы местного самоуправления (по согласованию) | C57: всего | D57: =SUM(E57:O57) -> 3024733.8 | E57: 997386.1 | F57: 91082.2 | G57: 92311.1 | H57: 102111.5 | I57: 165806.2 | J57: 229798.3 | K57: =K58+K59+K60+K61+K62 -> 218265.9 | L57: =L58+L59+L60+L61+L62 -> 320580.4 | M57: =M58+M59+M60+M61+M62 -> 267817.2 | N57: =N58+N59+N60+N61+N62 -> 269217.9 | O57: =O58+O59+O60+O61+O62 -> 270357 | P57: =L57-#REF! -> #REF!
C58: областной бюджет | D58: =SUM(E58:O58) -> 1469317.2 | E58: 69267.1 | F58: 79706.7 | G58: 82150.5 | H58: 84591.5 | I58: 104724.6 | J58: 154093.5 | K58: 149300.5 | L58: 203135 | M58: =180782.6 -> 180782.6 | N58: =180782.6 -> 180782.6 | O58: 180782.6 | P58: =L58-#REF! -> #REF! | R58: 204625.4 | S58: =R58-L58 -> 1490.4
C59: федеральный бюджет (прогнозно) | D59: =SUM(E59:O59) -> 0 | E59: 0 | F59: 0 | G59: 0 | H59: 0 | I59: 0 | J59: 0 | K59: 0 | L59: 0 | M59: 0 | N59: 0 | O59: 0 | P59: =L59-#REF! -> #REF! | S59: =R59-L59 -> 0
C60: местные бюджеты (прогнозно) | D60: =SUM(E60:O60) -> 1388332.1 | E60: 918319 | F60: 1134.5 | G60: 1359 | H60: 7744.9 | I60: 48853.3 | J60: 55947.8 | K60: 57638.7 | L60: 97688.4 | M60: 66289.8 | N60: 66653.3 | O60: 66703.4 | P60: =L60-#REF! -> #REF!
C61: внебюджетные источники (прогнозно) | D61: =SUM(E61:O61) -> 167084.5 | E61: 9800 | F61: 10241 | G61: 8801.6 | H61: 9775.1 | I61: 12228.3 | J61: 19757 | K61: 11326.7 | L61: 19757 | M61: 20744.8 | N61: 21782 | O61: 22871 | P61: =L61-#REF! -> #REF!
D62: =SUM(E62:O62) -> 0 | P62: =L62-#REF! -> #REF! | S62: =R62-L62 -> 0
A63: Основное мероприятие 1.2 "Обеспечение сохранности музейных предметов и музейных коллекций, находящихся в государственной собственности области" | B63: министерство культуры области | C63: всего | D63: =SUM(E63:O63) -> 2697.4 | E63: 870 | F63: 120 | G63: 48.4 | H63: 0 | I63: 184 | J63: 250 | K63: =K64+K65+K66+K67+K68 -> 225 | L63: =L64+L65+L66+L67+L68 -> 250 | M63: =M64+M65+M66+M67+M68 -> 250 | N63: =N64+N65+N66+N67+N68 -> 250 | O63: =O64+O65+O66+O67+O68 -> 250 | P63: =L63-#REF! -> #REF!
C64: областной бюджет | D64: =SUM(E64:O64) -> 2697.4 | E64: 870 | F64: 120 | G64: 48.4 | H64: 0 | I64: 184 | J64: 250 | K64: 225 | L64: =250 -> 250 | M64: 250 | N64: 250 | O64: 250 | P64: =L64-#REF! -> #REF! | R64: 250 | S64: =R64-L64 -> 0
C65: федеральный бюджет (прогнозно) | D65: =SUM(E65:O65) -> 0 | E65: 0 | F65: 0 | G65: 0 | H65: 0 | I65: 0 | J65: 0 | K65: 0 | L65: 0 | M65: 0 | N65: 0 | O65: 0 | P65: =L65-#REF! -> #REF! | S65: =R65-L65 -> 0
C66: местные бюджеты (прогнозно) | D66: =SUM(E66:O66) -> 0 | E66: 0 | F66: 0 | G66: 0 | H66: 0 | I66: 0 | J66: 0 | K66: 0 | L66: 0 | M66: 0 | N66: 0 | O66: 0 | P66: =L66-#REF! -> #REF! | S66: =R66-L66 -> 0
C67: внебюджетные источники (прогнозно) | D67: =SUM(E67:O67) -> 0 | E67: 0 | F67: 0 | G67: 0 | H67: 0 | I67: 0 | J67: 0 | K67: 0 | L67: 0 | M67: 0 | N67: 0 | O67: 0 | P67: =L67-#REF! -> #REF! | S67: =R67-L67 -> 0
D68: =SUM(E68:O68) -> 0 | P68: =L68-#REF! -> #REF! | S68: =R68-L68 -> 0
A69: Основное мероприятие 1.3 "Обеспечение пополнения и комплектования фондов областных музеев новыми уникальными экспонатами" | B69: министерство культуры области | C69: всего | D69: =SUM(E69:O69) -> 5040 | E69: 1720 | F69: 200 | G69: 200 | H69: 200 | I69: 360 | J69: 400 | K69: =K70+K71+K72+K73+K74 -> 360 | L69: =L70+L71+L72+L73+L74 -> 400 | M69: =M70+M71+M72+M73+M74 -> 400 | N69: =N70+N71+N72+N73+N74 -> 400 | O69: =O70+O71+O72+O73+O74 -> 400 | P69: =L69-#REF! -> #REF!
C70: областной бюджет | D70: =SUM(E70:O70) -> 5040 | E70: 1720 | F70: 200 | G70: 200 | H70: 200 | I70: 360 | J70: 400 | K70: 360 | L70: =400 -> 400 | M70: 400 | N70: 400 | O70: 400 | P70: =L70-#REF! -> #REF! | R70: 400 | S70: =R70-L70 -> 0
C71: федеральный бюджет (прогнозно) | D71: =SUM(E71:O71) -> 0 | E71: 0 | F71: 0 | G71: 0 | H71: 0 | I71: 0 | J71: 0 | K71: 0 | L71: 0 | M71: 0 | N71: 0 | O71: 0 | P71: =L71-#REF! -> #REF! | S71: =R71-L71 -> 0
C72: местные бюджеты (прогнозно) | D72: =SUM(E72:O72) -> 0 | E72: 0 | F72: 0 | G72: 0 | H72: 0 | I72: 0 | J72: 0 | K72: 0 | L72: 0 | M72: 0 | N72: 0 | O72: 0 | P72: =L72-#REF! -> #REF! | S72: =R72-L72 -> 0
C73: внебюджетные источники (прогнозно) | D73: =SUM(E73:O73) -> 0 | E73: 0 | F73: 0 | G73: 0 | H73: 0 | I73: 0 | J73: 0 | K73: 0 | L73: 0 | M73: 0 | N73: 0 | O73: 0 | P73: =L73-#REF! -> #REF! | S73: =R73-L73 -> 0
D74: =SUM(E74:O74) -> 0 | P74: =L74-#REF! -> #REF! | S74: =R74-L74 -> 0
A75: Основное мероприятие 1.4 "Организация и проведение выставочной деятельности музеев на территории Саратовской области, в субъектах Российской Федерации и в зарубежных странах" | B75: министерство культуры области | C75: всего | D75: =SUM(E75:O75) -> 26195.2 | E75: 3147.7 | F75: 1150 | G75: 1060.1 | H75: 874.7 | I75: 1760 | J75: 2845 | K75: =K76+K77+K78+K79+K80 -> 437.7 | L75: =L76+L77+L78+L79+L80 -> 3730 | M75: =M76+M77+M78+M79+M80 -> 3730 | N75: =N76+N77+N78+N79+N80 -> 3730 | O75: =O76+O77+O78+O79+O80 -> 3730 | P75: =L75-#REF! -> #REF!
C76: областной бюджет | D76: =SUM(E76:O76) -> 26195.2 | E76: 3147.7 | F76: 1150 | G76: 1060.1 | H76: 874.7 | I76: 1760 | J76: 2845 | K76: 437.7 | L76: =3730 -> 3730 | M76: 3730 | N76: 3730 | O76: 3730 | P76: =L76-#REF! -> #REF! | R76: 3477 | S76: =R76-L76 -> -253
C77: федеральный бюджет (прогнозно) | D77: =SUM(E77:O77) -> 0 | E77: 0 | F77: 0 | G77: 0 | H77: 0 | I77: 0 | J77: 0 | K77: 0 | L77: 0 | M77: 0 | N77: 0 | O77: 0 | P77: =L77-#REF! -> #REF! | S77: =R77-L77 -> 0
C78: местные бюджеты (прогнозно) | D78: =SUM(E78:O78) -> 0 | E78: 0 | F78: 0 | G78: 0 | H78: 0 | I78: 0 | J78: 0 | K78: 0 | L78: 0 | M78: 0 | N78: 0 | O78: 0 | P78: =L78-#REF! -> #REF! | S78: =R78-L78 -> 0
C79: внебюджетные источники (прогнозно) | D79: =SUM(E79:O79) -> 0 | E79: 0 | F79: 0 | G79: 0 | H79: 0 | I79: 0 | J79: 0 | K79: 0 | L79: 0 | M79: 0 | N79: 0 | O79: 0 | P79: =L79-#REF! -> #REF! | S79: =R79-L79 -> 0
D80: =SUM(E80:O80) -> 0 | P80: =L80-#REF! -> #REF! | S80: =R80-L80 -> 0
A81: Основное мероприятие 1.5 "Организация и проведение мероприятий по популяризации музейного дела" | B81: министерство культуры области | C81: всего | D81: =SUM(E81:O81) -> 16230.2 | E81: 470.4 | F81: 382 | G81: 561.8 | H81: 550 | I81: 1396 | J81: 2170 | K81: =K82+K83+K84+K85+K86 -> 1620 | L81: =L82+L83+L84+L85+L86 -> 2270 | M81: =M82+M83+M84+M85+M86 -> 2270 | N81: =N82+N83+N84+N85+N86 -> 2270 | O81: =O82+O83+O84+O85+O86 -> 2270 | P81: =L81-#REF! -> #REF!
C82: областной бюджет | D82: =SUM(E82:O82) -> 16230.2 | E82: 470.4 | F82: 382 | G82: 561.8 | H82: 550 | I82: 1396 | J82: 2170 | K82: 1620 | L82: =2270 -> 2270 | M82: 2270 | N82: 2270 | O82: 2270 | P82: =L82-#REF! -> #REF! | R82: 2270 | S82: =R82-L82 -> 0
C83: федеральный бюджет (прогнозно) | D83: =SUM(E83:O83) -> 0 | E83: 0 | F83: 0 | G83: 0 | H83: 0 | I83: 0 | J83: 0 | K83: 0 | L83: 0 | M83: 0 | N83: 0 | O83: 0 | P83: =L83-#REF! -> #REF!
C84: местные бюджеты (прогнозно) | D84: =SUM(E84:O84) -> 0 | E84: 0 | F84: 0 | G84: 0 | H84: 0 | I84: 0 | J84: 0 | K84: 0 | L84: 0 | M84: 0 | N84: 0 | O84: 0 | P84: =L84-#REF! -> #REF!
C85: внебюджетные источники (прогнозно) | D85: =SUM(E85:O85) -> 0 | E85: 0 | F85: 0 | G85: 0 | H85: 0 | I85: 0 | J85: 0 | K85: 0 | L85: 0 | M85: 0 | N85: 0 | O85: 0 | P85: =L85-#REF! -> #REF!
D86: =SUM(E86:O86) -> 0 | P86: =L86-#REF! -> #REF!
A87: Подпрограмма 2 "Театры" | C87: всего | D87: =SUM(E87:O87) -> 9038857.7 | E87: =E93+E99+E105+E111+E117+E123+E129 -> 1016732.6 | F87: =F93+F99+F105+F111+F117+F123+F129 -> 543564.6 | G87: =G93+G99+G105+G111+G117+G123+G129 -> 547495.6 | H87: =H93+H99+H105+H111+H117+H123+H129 -> 655973.1 | I87: =I93+I99+I105+I111+I117+I123+I129 -> 768697.2 | J87: =J93+J99+J105+J111+J117+J123+J129 -> 833247.3 | K87: =K93+K99+K105+K111+K117+K123+K129 -> 798647.6 | L87: =L93+L99+L105+L111+L117+L123+L129 -> 959716.4 | ... O87: =O93+O99+O105+O111+O117+O123+O129 -> 955754.4 | P87: =L87-#REF! -> #REF!
C88: областной бюджет | D88: =SUM(E88:O88) -> 4940558.1 | E88: =E94+E100+E106+E112+E118+E124+E130 -> 349952.6 | F88: =F94+F100+F106+F112+F118+F124+F130 -> 330822.8 | G88: =G94+G100+G106+G112+G118+G124+G130 -> 343017.9 | H88: =H94+H100+H106+H112+H118+H124+H130 -> 371699.3 | I88: =I94+I100+I106+I112+I118+I124+I130 -> 397538.7 | J88: =J94+J100+J106+J112+J118+J124+J130 -> 450879.6 | K88: =K94+K100+K106+K112+K118+K124+K130 -> 463454.3 | L88: =L94+L100+L106+L112+L118+L124+L130 -> 557007.8 | ... O88: =O94+O100+O106+O112+O118+O124+O130 -> 555317.1 | P88: =L88-#REF! -> #REF!
C89: федеральный бюджет (прогнозно) | D89: =SUM(E89:O89) -> 555233.6 | E89: =E95+E101+E107+E113+E119+E125+E131 -> 98579 | F89: =F95+F101+F107+F113+F119+F125+F131 -> 78300 | G89: =G95+G101+G107+G113+G119+G125+G131 -> 78300 | H89: =H95+H101+H107+H113+H119+H125+H131 -> 33348.1 | I89: =I95+I101+I107+I113+I119+I125+I131 -> 45658 | J89: =J95+J101+J107+J113+J119+J125+J131 -> 47296.5 | K89: =K95+K101+K107+K113+K119+K125+K131 -> 47191.7 | L89: =L95+L101+L107+L113+L119+L125+L131 -> 46708.6 | ... O89: =O95+O101+O107+O113+O119+O125+O131 -> 0 | P89: =L89-#REF! -> #REF!
C90: местные бюджеты (прогнозно) | D90: =SUM(E90:O90) -> 1156644.8 | E90: =E96+E102+E108+E114+E120+E126+E132 -> 459101 | F90: =F96+F102+F108+F114+F120+F126+F132 -> 20432.3 | G90: =G96+G102+G108+G114+G120+G126+G132 -> 19218.2 | H90: =H96+H102+H108+H114+H120+H126+H132 -> 18604 | I90: =I96+I102+I108+I114+I120+I126+I132 -> 76006.8 | J90: =J96+J102+J108+J114+J120+J126+J132 -> 75847.2 | K90: =K96+K102+K108+K114+K120+K126+K132 -> 89976.7 | L90: =L96+L102+L108+L114+L120+L126+L132 -> 96776 | ... O90: =O96+O102+O108+O114+O120+O126+O132 -> 100353.1 | P90: =L90-#REF! -> #REF!
C91: внебюджетные источники (прогнозно) | D91: =SUM(E91:O91) -> 2386421.2 | E91: =E97+E103+E109+E115+E121+E127+E133 -> 109100 | F91: =F97+F103+F109+F115+F121+F127+F133 -> 114009.5 | G91: =G97+G103+G109+G115+G121+G127+G133 -> 106959.5 | H91: =H97+H103+H109+H115+H121+H127+H133 -> 232321.7 | I91: =I97+I103+I109+I115+I121+I127+I133 -> 249493.7 | J91: =J97+J103+J109+J115+J121+J127+J133 -> 259224 | K91: =K97+K103+K109+K115+K121+K127+K133 -> 198024.9 | L91: =L97+L103+L109+L115+L121+L127+L133 -> 259224 | ... O91: =O97+O103+O109+O115+O121+O127+O133 -> 300084.2 | P91: =L91-#REF! -> #REF!
D92: =SUM(E92:O92) -> 0 | E92: =E98+E104+E110+E116+E122+E128+E134 -> 0 | F92: =F98+F104+F110+F116+F122+F128+F134 -> 0 | G92: =G98+G104+G110+G116+G122+G128+G134 -> 0 | H92: =H98+H104+H110+H116+H122+H128+H134 -> 0 | I92: =I98+I104+I110+I116+I122+I128+I134 -> 0 | J92: =J98+J104+J110+J116+J122+J128+J134 -> 0 | K92: =K98+K104+K110+K116+K122+K128+K134 -> 0 | L92: =L98+L104+L110+L116+L122+L128+L134 -> 0 | ... O92: =O98+O104+O110+O116+O122+O128+O134 -> 0 | P92: =L92-#REF! -> #REF!
A93: Основное мероприятие 2.1 "Оказание государственных услуг населению театрами" | B93: министерство культуры области, органы местного самоуправления (по согласованию) | C93: всего | D93: =SUM(E93:O93) -> 8533318.1 | E93: 998642.5 | F93: 536656.6 | G93: 537757.4 | H93: 610952.2 | I93: 704187 | J93: 766133.5 | K93: =K94+K95+K96+K97+K98 -> 736291.9 | L93: =L94+L95+L96+L97+L98 -> 885584.8 | M93: =M94+M95+M96+M97+M98 -> 905352 | N93: =N94+N95+N96+N97+N98 -> 918655.8 | O93: =O94+O95+O96+O97+O98 -> 933104.4 | P93: =L93-#REF! -> #REF!
C94: областной бюджет | D94: =SUM(E94:O94) -> 4735073.1 | E94: 331862.5 | F94: 323914.8 | G94: 333279.7 | H94: 360026.5 | I94: 378686.5 | J94: 431062.3 | K94: 448290.3 | L94: =529584.8 -> 529584.8 | M94: 533031.5 | N94: 532667.1 | O94: 532667.1 | P94: =L94-#REF! -> #REF! | Q94: суды
C95: федеральный бюджет (прогнозно) | D95: =SUM(E95:O95) -> 255179 | E95: 98579 | F95: 78300 | G95: 78300 | H95: 0 | I95: 0 | J95: 0 | K95: 0 | L95: 0 | M95: 0 | N95: 0 | O95: 0 | P95: =L95-#REF! -> #REF!
C96: местные бюджеты (прогнозно) | D96: =SUM(E96:O96) -> 1156644.8 | E96: 459101 | F96: 20432.3 | G96: 19218.2 | H96: 18604 | I96: 76006.8 | J96: 75847.2 | K96: 89976.7 | L96: 96776 | M96: 100135.3 | N96: 100194.2 | O96: 100353.1 | P96: =L96-#REF! -> #REF!
C97: внебюджетные источники (прогнозно) | D97: =SUM(E97:O97) -> 2386421.2 | E97: 109100 | F97: 114009.5 | G97: 106959.5 | H97: 232321.7 | I97: 249493.7 | J97: 259224 | K97: 198024.9 | L97: 259224 | M97: 272185.2 | N97: 285794.5 | O97: 300084.2 | P97: =L97-#REF! -> #REF!
D98: =SUM(E98:O98) -> 0 | P98: =L98-#REF! -> #REF!
A99: Основное мероприятие 2.2 "Создание новых спектаклей в областных театрах" | B99: министерство культуры области | C99: всего | D99: =SUM(E99:O99) -> 62646.5 | E99: 10078 | F99: 4500 | G99: 4344.8 | H99: 4663.7 | I99: 4460 | J99: 6450 | K99: =K100+K101+K102+K103+K104 -> 1350 | L99: =L100+L101+L102+L103+L104 -> 6700 | M99: =M100+M101+M102+M103+M104 -> 6700 | N99: =N100+N101+N102+N103+N104 -> 6700 | O99: =O100+O101+O102+O103+O104 -> 6700 | P99: =L99-#REF! -> #REF!
C100: областной бюджет | D100: =SUM(E100:O100) -> 62646.5 | E100: 10078 | F100: 4500 | G100: 4344.8 | H100: 4663.7 | I100: 4460 | J100: 6450 | K100: 1350 | L100: =6700 -> 6700 | M100: 6700 | N100: 6700 | O100: 6700 | P100: =L100-#REF! -> #REF!
C101: федеральный бюджет (прогнозно) | D101: =SUM(E101:O101) -> 0 | E101: 0 | F101: 0 | G101: 0 | H101: 0 | I101: 0 | J101: 0 | K101: 0 | L101: 0 | M101: 0 | N101: 0 | O101: 0 | P101: =L101-#REF! -> #REF!
C102: местные бюджеты (прогнозно) | D102: =SUM(E102:O102) -> 0 | E102: 0 | F102: 0 | G102: 0 | H102: 0 | I102: 0 | J102: 0 | K102: 0 | L102: 0 | M102: 0 | N102: 0 | O102: 0 | P102: =L102-#REF! -> #REF!
...

Sheet ВЕРНАЯ на АВГУСТ с доп 2021
A3: Наименование государственной программы, подпрограммы, ведомственной целевой программы, основного мероприятия | B3: Ответственный исполнитель, соисполнитель, участник государственной программы (соисполнитель подпрограммы), плательщик (далее - исполнитель) | C3: Источники финансового обеспечения | D3: Объемы финансового обеспечения всего, (тыс. рублей) | E3: В том числе по годам реализации
E4: 2014 | F4: 2015 | G4: 2016 | H4: 2017 | I4: 2018 | J4: 2019 | K4: 2020 | L4: 2021 | M4: 2022 | N4: 2023 | O4: 2024
A5: 1 | B5: 2 | C5: 3 | D5: 4 | E5: 5 | F5: 6 | G5: 7 | H5: 8 | I5: 9 | J5: 10 | K5: 11 | L5: 12 | M5: 13 | N5: 14 | O5: 15
A6: Государственная программа Саратовской области "Культура Саратовской области" | C6: всего | D6: =SUM(E6:O6) -> 51714598 | E6: =E14+E21+E27+E33+E39+E45 -> 4865320.2 | F6: =F14+F21+F27+F33+F39+F45 -> 2108258.3 | G6: =G14+G21+G27+G33+G39+G45 -> 1927521.6 | H6: =H14+H21+H27+H33+H39+H45 -> 2974016.6 | I6: =I14+I21+I27+I33+I39+I45 -> 4510087.6 | J6: =J14+J21+J27+J33+J39+J45 -> 5256858.7 | K6: =K14+K21+K27+K33+K39+K45 -> 5243900.8 | L6: =L14+L21+L27+L33+L39+L45 -> 6985960.9 | ... O6: =O14+O21+O27+O33+O39+O45 -> 5429858.3 | P6: =L6-#REF! -> #REF! | Q6: =P6-'ВЕРНАЯ на АВГУСТ'!P6 -> #REF!
C7: областной бюджет | D7: =SUM(E7:O7) -> 18765062 | E7: =E15+E22+E28+E34+E40+E46 -> 1200430.2 | F7: =F15+F22+F28+F34+F40+F46 -> 1133207 | G7: =G15+G22+G28+G34+G40+G46 -> 1087822.1 | H7: =H15+H22+H28+H34+H40+H46 -> 1356948.3 | I7: =I15+I22+I28+I34+I40+I46 -> 1321655 | J7: =J15+J22+J28+J34+J40+J46 -> 1778262 | K7: =K15+K22+K28+K34+K40+K46 -> 1681483.4 | L7: =L15+L22+L28+L34+L40+L46 -> 2704748.4 | ... O7: =O15+O22+O28+O34+O40+O46 -> 2091805.1 | P7: =L7-#REF! -> #REF! | Q7: =P7-'ВЕРНАЯ на АВГУСТ'!P7 -> #REF! | S7: 3447987.2
C8: федеральный бюджет (прогнозно) | D8: =SUM(E8:O8) -> 4058410 | E8: =E16+E23+E29+E35+E41+E47 -> 424910 | F8: =F16+F23+F29+F35+F41+F47 -> 350172.8 | G8: =G16+G23+G29+G35+G41+G47 -> 85202.5 | H8: =H16+H23+H29+H35+H41+H47 -> 92110.7 | I8: =I16+I23+I29+I35+I41+I47 -> 231410.3 | J8: =J16+J23+J29+J35+J41+J47 -> 308355.3 | K8: =K16+K23+K29+K35+K41+K47 -> 574476.2 | L8: =L16+L23+L29+L35+L41+L47 -> 763238.8 | ... O8: =O16+O23+O29+O35+O41+O47 -> 0 | P8: =L8-#REF! -> #REF! | Q8: =P8-'ВЕРНАЯ на АВГУСТ'!P8 -> #REF!
C9: местные бюджеты (прогнозно) | D9: =SUM(E9:O9) -> 25043887 | E9: =E17+E24+E30+E36+E42+E48 -> 3069368 | F9: =F17+F24+F30+F36+F42+F48 -> 450341.2 | G9: =G17+G24+G30+G36+G42+G48 -> 569768 | H9: =H17+H24+H30+H36+H42+H48 -> 1012886 | I9: =I17+I24+I30+I36+I42+I48 -> 2480233.5 | J9: =J17+J24+J30+J36+J42+J48 -> 2728100.9 | K9: =K17+K24+K30+K36+K42+K48 -> 2698275.3 | L9: =L17+L24+L30+L36+L42+L48 -> 3146086.2 | ... O9: =O17+O24+O30+O36+O42+O48 -> 2910711.4 | P9: =L9-#REF! -> #REF! | Q9: =P9-'ВЕРНАЯ на АВГУСТ'!P9 -> #REF!
C10: внебюджетные источники (прогнозно) | D10: =SUM(E10:O10) -> 3574712.4 | E10: =E18+E25+E31+E37+E43+E49 -> 170612 | F10: =F18+F25+F31+F37+F43+F49 -> 174537.3 | G10: =G18+G25+G31+G37+G43+G49 -> 184729 | H10: =H18+H25+H31+H37+H43+H49 -> 312071.6 | I10: =I18+I25+I31+I37+I43+I49 -> 476788.8 | J10: =J18+J25+J31+J37+J43+J49 -> 369613.2 | K10: =K18+K25+K31+K37+K43+K49 -> 289665.9 | L10: =L18+L25+L31+L37+L43+L49 -> 371887.5 | ... O10: =O18+O25+O31+O37+O43+O49 -> 427341.8 | P10: =L10-#REF! -> #REF! | Q10: =P10-'ВЕРНАЯ на АВГУСТ'!P10 -> #REF!
C11: государственные внебюджетные фонды и иные безвозмездные поступления целевой направленности (прогнозно) | D11: =SUM(E11:O11) -> 272527.3 | E11: =E19+E26+E32+E38+E44+E50 -> 0 | F11: =F19+F26+F32+F38+F44+F50 -> 0 | G11: =G19+G26+G32+G38+G44+G50 -> 0 | H11: =H19+H26+H32+H38+H44+H50 -> 200000 | I11: =I19+I26+I32+I38+I44+I50 -> 0 | J11: =J19+J26+J32+J38+J44+J50 -> 72527.3 | K11: =K19+K26+K32+K38+K44+K50 -> 0 | L11: =L19+L26+L32+L38+L44+L50 -> 0 | ... O11: =O19+O26+O32+O38+O44+O50 -> 0 | P11: =L11-#REF! -> #REF! | Q11: =P11-'ВЕРНАЯ на АВГУСТ'!P11 -> #REF!
P12: =L12-#REF! -> #REF! | Q12: =P12-'ВЕРНАЯ на АВГУСТ'!P12 -> #REF!
B13: в том числе по исполнителям: | P13: =L13-#REF! -> #REF! | Q13: =P13-'ВЕРНАЯ на АВГУСТ'!P13 -> #REF!
B14: министерство культуры области | C14: всего | D14: =SUM(E14:O14) -> 47513706 | E14: =E51+E87+E135+E171+E207+E243+E292+E461+E498+E836+E928 -> 4435640.7 | F14: =F51+F87+F135+F171+F207+F243+F292+F461+F498+F836+F928 -> 1765270.5 | G14: =G51+G87+G135+G171+G207+G243+G292+G461+G498+G836+G928 -> 1860957.7 | H14: =H51+H87+H135+H171+H207+H243+H292+H461+H498+H836+H928 -> 2895349.9 | I14: =I51+I87+I135+I171+I207+I243+I292+I461+I498+I836+I928 -> 4279028.8 | J14: =J51+J87+J135+J171+J207+J243+J292+J461+J498+J836+J928 -> 5079884.2 | K14: =K51+K87+K135+K171+K207+K243+K292+K461+K498+K836+K928 -> 4860391.6 | L14: =L51+L87+L135+L171+L207+L243+L292+L461+L498+L836+L928 -> 5810350.6 | ... O14: =O51+O87+O135+O171+O207+O243+O292+O461+O498+O836+O928 -> 5281448.8 | P14: =L14-#REF! -> #REF! | Q14: =P14-'ВЕРНАЯ на АВГУСТ'!P14 -> #REF! | R14: =P14-Q14 -> #REF!
C15: областной бюджет | D15: =SUM(E15:O15) -> 16972066 | E15: =E52+E88+E136+E172+E208+E244+E293+E462+E499+E837+E929 -> 1080295.4 | F15: =F52+F88+F136+F172+F208+F244+F293+F462+F499+F837+F929 -> 1062934.1 | G15: =G52+G88+G136+G172+G208+G244+G293+G462+G499+G837+G929 -> 1037017.6 | H15: =H52+H88+H136+H172+H208+H244+H293+H462+H499+H837+H929 -> 1303576.7 | I15: =I52+I88+I136+I172+I208+I244+I293+I462+I499+I837+I929 -> 1238787.4 | J15: =J52+J88+J136+J172+J208+J244+J293+J462+J499+J837+J929 -> 1671770.6 | K15: =K52+K88+K136+K172+K208+K244+K293+K462+K499+K837+K929 -> 1509416.8 | L15: =L52+L88+L136+L172+L208+L244+L293+L462+L499+L837+L929 -> 2080921.1 | ... O15: =O52+O88+O136+O172+O208+O244+O293+O462+O499+O837+O929 -> 1959685.7 | P15: =L15-#REF! -> #REF! | Q15: =P15-'ВЕРНАЯ на АВГУСТ'!P15 -> #REF!
C16: федеральный бюджет (прогнозно) | D16: =SUM(E16:O16) -> 1868072.1 | E16: =E53+E89+E137+E173+E209+E245+E294+E463+E500+E838+E930 -> 124730.6 | F16: =F53+F89+F137+F173+F209+F245+F294+F463+F500+F838+F930 -> 85429.9 | G16: =G53+G89+G137+G173+G209+G245+G294+G463+G500+G838+G930 -> 85122 | H16: =H53+H89+H137+H173+H209+H245+H294+H463+H500+H838+H930 -> 82605.4 | I16: =I53+I89+I137+I173+I209+I245+I294+I463+I500+I838+I930 -> 98984.6 | J16: =J53+J89+J137+J173+J209+J245+J294+J463+J500+J838+J930 -> 305987.9 | K16: =K53+K89+K137+K173+K209+K245+K294+K463+K500+K838+K930 -> 382966.8 | L16: =L53+L89+L137+L173+L209+L245+L294+L463+L500+L838+L930 -> 227523.5 | ... O16: =O53+O89+O137+O173+O209+O245+O294+O463+O500+O838+O930 -> 0 | P16: =L16-#REF! -> #REF! | Q16: =P16-'ВЕРНАЯ на АВГУСТ'!P16 -> #REF!
C17: местные бюджеты (прогнозно) | D17: =SUM(E17:O17) -> 24940019 | E17: =E54+E90+E138+E174+E210+E246+E295+E464+E501+E839+E931 -> 3060342.7 | F17: =F54+F90+F138+F174+F210+F246+F295+F464+F501+F839+F931 -> 444154.1 | G17: =G54+G90+G138+G174+G210+G246+G295+G464+G501+G839+G931 -> 560801.7 | H17: =H54+H90+H138+H174+H210+H246+H295+H464+H501+H839+H931 -> 1003196.2 | I17: =I54+I90+I138+I174+I210+I246+I295+I464+I501+I839+I931 -> 2470568 | J17: =J54+J90+J138+J174+J210+J246+J295+J464+J501+J839+J931 -> 2720038.2 | K17: =K54+K90+K138+K174+K210+K246+K295+K464+K501+K839+K931 -> 2686542.1 | L17: =L54+L90+L138+L174+L210+L246+L295+L464+L501+L839+L931 -> 3136118.5 | ... O17: =O54+O90+O138+O174+O210+O246+O295+O464+O501+O839+O931 -> 2900521.3 | P17: =L17-#REF! -> #REF! | Q17: =P17-'ВЕРНАЯ на АВГУСТ'!P17 -> #REF!
C18: внебюджетные источники (прогнозно) | D18: =SUM(E18:O18) -> 3514974.9 | E18: =E55+E91+E139+E175+E211+E247+E296+E465+E502+E840+E932 -> 170272 | F18: =F55+F91+F139+F175+F211+F247+F296+F465+F502+F840+F932 -> 172752.4 | G18: =G55+G91+G139+G175+G211+G247+G296+G465+G502+G840+G932 -> 178016.4 | H18: =H55+H91+H139+H175+H211+H247+H296+H465+H502+H840+H932 -> 305971.6 | I18: =I55+I91+I139+I175+I211+I247+I296+I465+I502+I840+I932 -> 470688.8 | J18: =J55+J91+J139+J175+J211+J247+J296+J465+J502+J840+J932 -> 363513.2 | K18: =K55+K91+K139+K175+K211+K247+K296+K465+K502+K840+K932 -> 281465.9 | L18: =L55+L91+L139+L175+L211+L247+L296+L465+L502+L840+L932 -> 365787.5 | ... O18: =O55+O91+O139+O175+O211+O247+O296+O465+O502+O840+O932 -> 421241.8 | P18: =L18-#REF! -> #REF! | Q18: =P18-'ВЕРНАЯ на АВГУСТ'!P18 -> #REF!
C19: государственные внебюджетные фонды и иные безвозмездные поступления целевой направленности (прогнозно) | D19: =SUM(E19:O19) -> 218574.3 | E19: =E56+E92+E140+E176+E212+E248+E297+E466+E503+E841+E933 -> 0 | F19: =F56+F92+F140+F176+F212+F248+F297+F466+F503+F841+F933 -> 0 | G19: =G56+G92+G140+G176+G212+G248+G297+G466+G503+G841+G933 -> 0 | H19: =H56+H92+H140+H176+H212+H248+H297+H466+H503+H841+H933 -> 200000 | I19: =I56+I92+I140+I176+I212+I248+I297+I466+I503+I841+I933 -> 0 | J19: =J56+J92+J140+J176+J212+J248+J297+J466+J503+J841+J933 -> 18574.3 | K19: =K56+K92+K140+K176+K212+K248+K297+K466+K503+K841+K933 -> 0 | L19: =L56+L92+L140+L176+L212+L248+L297+L466+L503+L841+L933 -> 0 | ... O19: =O56+O92+O140+O176+O212+O248+O297+O466+O503+O841+O933 -> 0 | P19: =L19-#REF! -> #REF! | Q19: =P19-'ВЕРНАЯ на АВГУСТ'!P19 -> #REF!
D20: =SUM(E20:O20) -> -1.5570549e-09 | E20: =E14-E15-E16-E17-E18-E19 -> -4.6566129e-10 | F20: =F14-F15-F16-F17-F18-F19 -> -5.8207661e-10 | G20: =G14-G15-G16-G17-G18-G19 -> 1.4551915e-10 | H20: =H14-H15-H16-H17-H18-H19 -> 0 | I20: =I14-I15-I16-I17-I18-I19 -> -1.7462298e-10 | J20: =J14-J15-J16-J17-J18-J19 -> 4.5110937e-10 | K20: =K14-K15-K16-K17-K18-K19 -> -1.1641532e-10 | L20: =L14-L15-L16-L17-L18-L19 -> 4.6566129e-10 | ... O20: =O14-O15-O16-O17-O18-O19 -> -1.7462298e-10 | P20: =L20-#REF! -> #REF! | Q20: =P20-'ВЕРНАЯ на АВГУСТ'!P20 -> #REF!
B21: управление делами Правительства области | C21: всего | D21: =SUM(E21:O21) -> 874431.2 | E21: =E443+E449+E455+E842+E940+E504 -> 53995 | F21: =F443+F449+F455+F842+F940+F504 -> 48924.7 | G21: =G443+G449+G455+G842+G940+G504 -> 53197.3 | H21: =H443+H449+H455+H842+H940+H504 -> 64193.3 | I21: =I443+I449+I455+I842+I940+I504 -> 58750.7 | J21: =J443+J449+J455+J842+J940+J504 -> 81348.3 | K21: =K443+K449+K455+K842+K940+K504 -> 99860.4 | L21: =L443+L449+L455+L842+L504 -> 103376 | M21: =M443+M449+M455+M842+M504 -> 103592.9 | N21: =N443+N449+N455+N842+N504 -> 103596.3 | O21: =O443+O449+O455+O842+O504 -> 103596.3 | P21: =L21-#REF! -> #REF! | Q21: =P21-'ВЕРНАЯ на АВГУСТ'!P21 -> #REF!
C22: областной бюджет | D22: =SUM(E22:O22) -> 752196.8 | E22: =E444+E450+E456+E843+E941+E505 -> 44450.3 | F22: =F444+F450+F456+F843+F941+F505 -> 42074.8 | G22: =G444+G450+G456+G843+G941+G505 -> 43533.5 | H22: =H444+H450+H456+H843+H941+H505 -> 44998.2 | I22: =I444+I450+I456+I843+I941+I505 -> 46659.5 | J22: =J444+J450+J456+J843+J941+J505 -> 70918.2 | K22: =K444+K450+K456+K843+K941+K505 -> 85938.8 | L22: =L444+L450+L456+L843+L505 -> 93408.3 | M22: =M444+M450+M456+M843+M505 -> 93402.8 | N22: =N444+N450+N456+N843+N505 -> 93406.2 | O22: =O444+O450+O456+O843+O505 -> 93406.2 | P22: =L22-#REF! -> #REF! | Q22: =P22-'ВЕРНАЯ на АВГУСТ'!P22 -> #REF!
C23: федеральный бюджет (прогнозно) | D23: =SUM(E23:O23) -> 16806.5 | E23: =E445+E451+E457+E844+E942+E506 -> 179.4 | F23: =F445+F451+F457+F844+F942+F506 -> 59.8 | G23: =G445+G451+G457+G844+G942+G506 -> 80.5 | H23: =H445+H451+H457+H844+H942+H506 -> 9505.3 | I23: =I445+I451+I457+I844+I942+I506 -> 2425.7 | J23: =J445+J451+J457+J844+J942+J506 -> 2367.4 | K23: =K445+K451+K457+K844+K942+K506 -> 2188.4 | L23: =L445+L451+L457+L844+L506 -> 0 | M23: =M445+M451+M457+M844+M506 -> 0 | N23: =N445+N451+N457+N844+N506 -> 0 | O23: =O445+O451+O457+O844+O506 -> 0 | P23: =L23-#REF! -> #REF! | Q23: =P23-'ВЕРНАЯ на АВГУСТ'!P23 -> #REF!
C24: местные бюджеты (прогнозно) | D24: =SUM(E24:O24) -> 103867.9 | E24: =E446+E452+E458+E845+E943+E507 -> 9025.3 | F24: =F446+F452+F458+F845+F943+F507 -> 6187.1 | G24: =G446+G452+G458+G845+G943+G507 -> 8966.3 | H24: =H446+H452+H458+H845+H943+H507 -> 9689.8 | I24: =I446+I452+I458+I845+I943+I507 -> 9665.5 | J24: =J446+J452+J458+J845+J943+J507 -> 8062.7 | K24: =K446+K452+K458+K845+K943+K507 -> 11733.2 | L24: =L446+L452+L458+L845+L507 -> 9967.7 | M24: =M446+M452+M458+M845+M507 -> 10190.1 | N24: =N446+N452+N458+N845+N507 -> 10190.1 | O24: =O446+O452+O458+O845+O507 -> 10190.1 | P24: =L24-#REF! -> #REF! | Q24: =P24-'ВЕРНАЯ на АВГУСТ'!P24 -> #REF!
C25: внебюджетные источники (прогнозно) | D25: =SUM(E25:O25) -> 1560 | E25: =E447+E453+E459+E846+E944+E508 -> 340 | F25: =F447+F453+F459+F846+F944+F508 -> 603 | G25: =G447+G453+G459+G846+G944+G508 -> 617 | H25: =H447+H453+H459+H846+H944+H508 -> 0 | I25: =I447+I453+I459+I846+I944+I508 -> 0 | J25: =J447+J453+J459+J846+J944+J508 -> 0 | K25: =K447+K453+K459+K846+K944+K508 -> 0 | L25: =L447+L453+L459+L846+L508 -> 0 | M25: =M447+M453+M459+M846+M508 -> 0 | N25: =N447+N453+N459+N846+N508 -> 0 | O25: =O447+O453+O459+O846+O508 -> 0 | P25: =L25-#REF! -> #REF! | Q25: =P25-'ВЕРНАЯ на АВГУСТ'!P25 -> #REF!
C26: государственные внебюджетные фонды и иные безвозмездные поступления целевой направленности (прогнозно) | D26: =SUM(E26:O26) -> 0 | E26: =E448+E454+E460+E847+E945+E509 -> 0 | F26: =F448+F454+F460+F847+F945+F509 -> 0 | G26: =G448+G454+G460+G847+G945+G509 -> 0 | H26: =H448+H454+H460+H847+H945+H509 -> 0 | I26: =I448+I454+I460+I847+I945+I509 -> 0 | J26: =J448+J454+J460+J847+J945+J509 -> 0 | K26: =K448+K454+K460+K847+K945+K509 -> 0 | L26: =L448+L454+L460+L847+L509 -> 0 | M26: =M448+M454+M460+M847+M509 -> 0 | N26: =N448+N454+N460+N847+N509 -> 0 | O26: =O448+O454+O460+O847+O509 -> 0 | P26: =L26-#REF! -> #REF! | Q26: =P26-'ВЕРНАЯ на АВГУСТ'!P26 -> #REF!
B27: комитет капитального строительства области, министерство строительства и жилищно-коммунального хозяйства области, государственное казенное учреждение Саратовской области "Управление капитального строительства" | C27: всего | D27: =SUM(E27:O27) -> 983629.5 | E27: =E510 -> 375684.5 | F27: =F510 -> 290527.3 | G27: =G510 -> 0 | H27: =H510 -> 847.7 | I27: =I510+I431 -> 151570 | J27: =J510+J431 -> 0 | K27: =K510+K431 -> 0 | L27: =L510+L431 -> 165000 | M27: =M510+M431 -> 0 | N27: =N510+N431 -> 0 | O27: =O510+O431 -> 0 | P27: =L27-#REF! -> #REF! | Q27: =P27-'ВЕРНАЯ на АВГУСТ'!P27 -> #REF! | S27: 983629.5
C28: областной бюджет | D28: =SUM(E28:O28) -> 288946.4 | E28: =E511 -> 75684.5 | F28: =F511 -> 25844.2 | G28: =G511 -> 0 | H28: =H511 -> 847.7 | I28: =I511+I432 -> 21570 | J28: =J511+J432 -> 0 | K28: =K511+K432 -> 0 | L28: =L511+L432 -> 165000 | M28: =M511+M432 -> 0 | N28: =N511+N432 -> 0 | O28: =O511+O432 -> 0 | P28: =L28-#REF! -> #REF! | Q28: =P28-'ВЕРНАЯ на АВГУСТ'!P28 -> #REF!
C29: федеральный бюджет (прогнозно) | D29: =SUM(E29:O29) -> 694683.1 | E29: =E512 -> 300000 | F29: =F512 -> 264683.1 | G29: =G512 -> 0 | H29: =H512 -> 0 | I29: =I512+I433 -> 130000 | J29: =J512+J433 -> 0 | K29: =K512+K433 -> 0 | L29: =L512+L433 -> 0 | M29: =M512+M433 -> 0 | N29: =N512+N433 -> 0 | O29: =O512+O433 -> 0 | P29: =L29-#REF! -> #REF! | Q29: =P29-'ВЕРНАЯ на АВГУСТ'!P29 -> #REF!
C30: местные бюджеты (прогнозно) | D30: =SUM(E30:O30) -> 0 | E30: =E513 -> 0 | F30: =F513 -> 0 | G30: =G513 -> 0 | H30: =H513 -> 0 | I30: =I513+I434 -> 0 | J30: =J513+J434 -> 0 | K30: =K513+K434 -> 0 | L30: =L513+L434 -> 0 | M30: =M513+M434 -> 0 | N30: =N513+N434 -> 0 | O30: =O513+O434 -> 0 | P30: =L30-#REF! -> #REF! | Q30: =P30-'ВЕРНАЯ на АВГУСТ'!P30 -> #REF!
C31: внебюджетные источники (прогнозно) | D31: =SUM(E31:O31) -> 0 | E31: =E514 -> 0 | F31: =F514 -> 0 | G31: =G514 -> 0 | H31: =H514 -> 0 | I31: =I514+I435 -> 0 | J31: =J514+J435 -> 0 | K31: =K514+K435 -> 0 | L31: =L514+L435 -> 0 | M31: =M514+M435 -> 0 | N31: =N514+N435 -> 0 | O31: =O514+O435 -> 0 | P31: =L31-#REF! -> #REF! | Q31: =P31-'ВЕРНАЯ на АВГУСТ'!P31 -> #REF!
C32: государственные внебюджетные фонды и иные безвозмездные поступления целевой направленности (прогнозно) | D32: =SUM(E32:O32) -> 0 | E32: =E515 -> 0 | F32: =F515 -> 0 | G32: =G515 -> 0 | H32: =H515 -> 0 | I32: =I515+I436 -> 0 | J32: =J515+J436 -> 0 | K32: =K515+K436 -> 0 | L32: =L515+L436 -> 0 | M32: =M515+M436 -> 0 | N32: =N515+N436 -> 0 | O32: =O515+O436 -> 0 | P32: =L32-#REF! -> #REF! | Q32: =P32-'ВЕРНАЯ на АВГУСТ'!P32 -> #REF!
B33: управление по охране объектов культурного наследия Правительства области | C33: всего | D33: =SUM(E33:O33) -> 320564.2 | E33: =E298 -> 0 | F33: =F298 -> 3535.8 | G33: =G298 -> 13366.6 | H33: =H298 -> 13625.7 | I33: =I298 -> 20738.1 | J33: =J298 -> 38667.7 | K33: =K298 -> 31377.5 | L33: =L298 -> 64813.2 | ... O33: =O298 -> 44813.2 | P33: =L33-#REF! -> #REF! | Q33: =P33-'ВЕРНАЯ на АВГУСТ'!P33 -> #REF!
C34: областной бюджет | D34: =SUM(E34:O34) -> 252386.7 | E34: =E299 -> 0 | F34: =F299 -> 2353.9 | G34: =G299 -> 7271 | H34: =H299 -> 7525.7 | I34: =I299 -> 14638.1 | J34: =J299 -> 22567.7 | K34: =K299 -> 23177.5 | L34: =L299 -> 58713.2 | ... O34: =O299 -> 38713.2 | P34: =L34-#REF! -> #REF! | Q34: =P34-'ВЕРНАЯ на АВГУСТ'!P34 -> #REF!
C35: федеральный бюджет (прогнозно) | D35: =SUM(E35:O35) -> 0 | E35: =E300 -> 0 | F35: =F300 -> 0 | G35: =G300 -> 0 | H35: =H300 -> 0 | I35: =I300 -> 0 | J35: =J300 -> 0 | K35: =K300 -> 0 | L35: =L300 -> 0 | ... O35: =O300 -> 0 | P35: =L35-#REF! -> #REF! | Q35: =P35-'ВЕРНАЯ на АВГУСТ'!P35 -> #REF!
C36: местные бюджеты (прогнозно) | D36: =SUM(E36:O36) -> 0 | E36: =E301 -> 0 | F36: =F301 -> 0 | G36: =G301 -> 0 | H36: =H301 -> 0 | I36: =I301 -> 0 | J36: =J301 -> 0 | K36: =K301 -> 0 | L36: =L301 -> 0 | ... O36: =O301 -> 0 | P36: =L36-#REF! -> #REF! | Q36: =P36-'ВЕРНАЯ на АВГУСТ'!P36 -> #REF!
C37: внебюджетные источники (прогнозно) | D37: =SUM(E37:O37) -> 58177.5 | E37: =E302 -> 0 | F37: =F302 -> 1181.9 | G37: =G302 -> 6095.6 | H37: =H302 -> 6100 | I37: =I302 -> 6100 | J37: =J302 -> 6100 | K37: =K302 -> 8200 | L37: =L302 -> 6100 | ... O37: =O302 -> 6100 | P37: =L37-#REF! -> #REF! | Q37: =P37-'ВЕРНАЯ на АВГУСТ'!P37 -> #REF!
C38: государственные внебюджетные фонды и иные безвозмездные поступления целевой направленности (прогнозно) | D38: =SUM(E38:O38) -> 10000 | E38: =E303 -> 0 | F38: =F303 -> 0 | G38: =G303 -> 0 | H38: =H303 -> 0 | I38: =I303 -> 0 | J38: =J303 -> 10000 | K38: =K303 -> 0 | L38: =L303 -> 0 | ... O38: =O303 -> 0 | P38: =L38-#REF! -> #REF! | Q38: =P38-'ВЕРНАЯ на АВГУСТ'!P38 -> #REF!
B39: комитет по реализации инвестиционных проектов в строительстве области | C39: всего | D39: =SUM(E39:O39) -> 2020339.7 | E39: =E517 -> 0 | F39: =F517 -> 0 | G39: =G517 -> 0 | H39: =H517 -> 0 | I39: =I517 -> 0 | J39: =J517 -> 56958.5 | K39: =K517 -> 252271.3 | L39: =L517 -> 840493.8 | ... O39: =O517 -> 0 | P39: =L39-#REF! -> #REF! | Q39: =P39-'ВЕРНАЯ на АВГУСТ'!P39 -> #REF!
C40: областной бюджет | D40: =SUM(E40:O40) -> 499253.7 | E40: =E518 -> 0 | F40: =F518 -> 0 | G40: =G518 -> 0 | H40: =H518 -> 0 | I40: =I518 -> 0 | J40: =J518 -> 13005.5 | K40: =K518 -> 62950.3 | L40: =L518 -> 306493.8 | ... O40: =O518 -> 0 | P40: =L40-#REF! -> #REF! | Q40: =P40-'ВЕРНАЯ на АВГУСТ'!P40 -> #REF!
C41: федеральный бюджет (прогнозно) | D41: =SUM(E41:O41) -> 1477133 | E41: =E519 -> 0 | F41: =F519 -> 0 | G41: =G519 -> 0 | H41: =H519 -> 0 | I41: =I519 -> 0 | J41: =J519 -> 0 | K41: =K519 -> 189321 | L41: =L519 -> 534000 | ... O41: =O519 -> 0 | P41: =L41-#REF! -> #REF! | Q41: =P41-'ВЕРНАЯ на АВГУСТ'!P41 -> #REF!
C42: местные бюджеты (прогнозно) | D42: =SUM(E42:O42) -> 0 | E42: =E520 -> 0 | F42: =F520 -> 0 | G42: =G520 -> 0 | H42: =H520 -> 0 | I42: =I520 -> 0 | J42: =J520 -> 0 | K42: =K520 -> 0 | L42: =L520 -> 0 | ... O42: =O520 -> 0 | P42: =L42-#REF! -> #REF! | Q42: =P42-'ВЕРНАЯ на АВГУСТ'!P42 -> #REF!
C43: внебюджетные источники (прогнозно) | D43: =SUM(E43:O43) -> 0 | E43: =E521 -> 0 | F43: =F521 -> 0 | G43: =G521 -> 0 | H43: =H521 -> 0 | I43: =I521 -> 0 | J43: =J521 -> 0 | K43: =K521 -> 0 | L43: =L521 -> 0 | ... O43: =O521 -> 0 | P43: =L43-#REF! -> #REF! | Q43: =P43-'ВЕРНАЯ на АВГУСТ'!P43 -> #REF!
C44: государственные внебюджетные фонды и иные безвозмездные поступления целевой направленности (прогнозно) | D44: =SUM(E44:O44) -> 43953 | E44: =E522 -> 0 | F44: =F522 -> 0 | G44: =G522 -> 0 | H44: =H522 -> 0 | I44: =I522 -> 0 | J44: =J522 -> 43953 | K44: =K522 -> 0 | L44: =L522 -> 0 | ... O44: =O522 -> 0 | P44: =L44-#REF! -> #REF! | Q44: =P44-'ВЕРНАЯ на АВГУСТ'!P44 -> #REF!
B45: министерство внутренней политики и общественных отношений области | C45: всего | D45: =SUM(E45:O45) -> 1927.3 | E45: 0 | F45: 0 | G45: 0 | H45: 0 | I45: 0 | J45: 0 | K45: 0 | L45: =L940 -> 1927.3 | M45: =M940 -> 0 | N45: =N940 -> 0 | O45: =O940 -> 0 | P45: =L45-#REF! -> #REF! | Q45: =P45-'ВЕРНАЯ на АВГУСТ'!P45 -> #REF!
C46: областной бюджет | D46: =SUM(E46:O46) -> 212 | E46: 0 | F46: 0 | G46: 0 | H46: 0 | I46: 0 | J46: 0 | K46: 0 | L46: =L941 -> 212 | M46: =M941 -> 0 | N46: =N941 -> 0 | O46: =O941 -> 0 | P46: =L46-#REF! -> #REF! | Q46: =P46-'ВЕРНАЯ на АВГУСТ'!P46 -> #REF!
C47: федеральный бюджет (прогнозно) | D47: =SUM(E47:O47) -> 1715.3 | E47: 0 | F47: 0 | G47: 0 | H47: 0 | I47: 0 | J47: 0 | K47: 0 | L47: =L942 -> 1715.3 | M47: =M942 -> 0 | N47: =N942 -> 0 | O47: =O942 -> 0 | P47: =L47-#REF! -> #REF! | Q47: =P47-'ВЕРНАЯ на АВГУСТ'!P47 -> #REF!
C48: местные бюджеты (прогнозно) | D48: =SUM(E48:O48) -> 0 | E48: 0 | F48: 0 | G48: 0 | H48: 0 | I48: 0 | J48: 0 | K48: 0 | L48: =L943 -> 0 | M48: =M943 -> 0 | N48: =N943 -> 0 | O48: =O943 -> 0 | P48: =L48-#REF! -> #REF! | Q48: =P48-'ВЕРНАЯ на АВГУСТ'!P48 -> #REF!
C49: внебюджетные источники (прогнозно) | D49: =SUM(E49:O49) -> 0 | E49: 0 | F49: 0 | G49: 0 | H49: 0 | I49: 0 | J49: 0 | K49: 0 | L49: =L944 -> 0 | M49: =M944 -> 0 | N49: =N944 -> 0 | O49: =O944 -> 0 | P49: =L49-#REF! -> #REF! | Q49: =P49-'ВЕРНАЯ на АВГУСТ'!P49 -> #REF!
C50: государственные внебюджетные фонды и иные безвозмездные поступления целевой направленности (прогнозно) | D50: =SUM(E50:O50) -> 0 | E50: 0 | F50: 0 | G50: 0 | H50: 0 | I50: 0 | J50: 0 | K50: 0 | L50: =L945 -> 0 | M50: =M945 -> 0 | N50: =N945 -> 0 | O50: =O945 -> 0 | P50: =L50-#REF! -> #REF! | Q50: =P50-'ВЕРНАЯ на АВГУСТ'!P50 -> #REF!
A51: Подпрограмма 1 "Музеи" | C51: всего | D51: =SUM(E51:O51) -> 3074896.6 | E51: =E57+E63+E69+E75+E81 -> 1003594.2 | F51: =F57+F63+F69+F75+F81 -> 92934.2 | G51: =G57+G63+G69+G75+G81 -> 94181.4 | H51: =H57+H63+H69+H75+H81 -> 103736.2 | I51: =I57+I63+I69+I75+I81 -> 169506.2 | J51: =J57+J63+J69+J75+J81 -> 235463.3 | K51: =K57+K63+K69+K75+K81 -> 220908.6 | L51: =L57+L63+L69+L75+L81 -> 327230.4 | ... O51: =O57+O63+O69+O75+O81 -> 277007 | P51: =L51-#REF! -> #REF! | Q51: =P51-'ВЕРНАЯ на АВГУСТ'!P51 -> #REF!
C52: областной бюджет | D52: =SUM(E52:O52) -> 1519480 | E52: =E58+E64+E70+E76+E82 -> 75475.2 | F52: =F58+F64+F70+F76+F82 -> 81558.7 | G52: =G58+G64+G70+G76+G82 -> 84020.8 | H52: =H58+H64+H70+H76+H82 -> 86216.2 | I52: =I58+I64+I70+I76+I82 -> 108424.6 | J52: =J58+J64+J70+J76+J82 -> 159758.5 | K52: =K58+K64+K70+K76+K82 -> 151943.2 | L52: =L58+L64+L70+L76+L82 -> 209785 | ... O52: =O58+O64+O70+O76+O82 -> 187432.6 | P52: =L52-#REF! -> #REF! | Q52: =P52-'ВЕРНАЯ на АВГУСТ'!P52 -> #REF!
C53: федеральный бюджет (прогнозно) | D53: =SUM(E53:O53) -> 0 | E53: =E59+E65+E71+E77+E83 -> 0 | F53: =F59+F65+F71+F77+F83 -> 0 | G53: =G59+G65+G71+G77+G83 -> 0 | H53: =H59+H65+H71+H77+H83 -> 0 | I53: =I59+I65+I71+I77+I83 -> 0 | J53: =J59+J65+J71+J77+J83 -> 0 | K53: =K59+K65+K71+K77+K83 -> 0 | L53: =L59+L65+L71+L77+L83 -> 0 | ... O53: =O59+O65+O71+O77+O83 -> 0 | P53: =L53-#REF! -> #REF! | Q53: =P53-'ВЕРНАЯ на АВГУСТ'!P53 -> #REF!
C54: местные бюджеты (прогнозно) | D54: =SUM(E54:O54) -> 1388332.1 | E54: =E60+E66+E72+E78+E84 -> 918319 | F54: =F60+F66+F72+F78+F84 -> 1134.5 | G54: =G60+G66+G72+G78+G84 -> 1359 | H54: =H60+H66+H72+H78+H84 -> 7744.9 | I54: =I60+I66+I72+I78+I84 -> 48853.3 | J54: =J60+J66+J72+J78+J84 -> 55947.8 | K54: =K60+K66+K72+K78+K84 -> 57638.7 | L54: =L60+L66+L72+L78+L84 -> 97688.4 | ... O54: =O60+O66+O72+O78+O84 -> 66703.4 | P54: =L54-#REF! -> #REF! | Q54: =P54-'ВЕРНАЯ на АВГУСТ'!P54 -> #REF!
C55: внебюджетные источники (прогнозно) | D55: =SUM(E55:O55) -> 167084.5 | E55: =E61+E67+E73+E79+E85 -> 9800 | F55: =F61+F67+F73+F79+F85 -> 10241 | G55: =G61+G67+G73+G79+G85 -> 8801.6 | H55: =H61+H67+H73+H79+H85 -> 9775.1 | I55: =I61+I67+I73+I79+I85 -> 12228.3 | J55: =J61+J67+J73+J79+J85 -> 19757 | K55: =K61+K67+K73+K79+K85 -> 11326.7 | L55: =L61+L67+L73+L79+L85 -> 19757 | ... O55: =O61+O67+O73+O79+O85 -> 22871 | P55: =L55-#REF! -> #REF! | Q55: =P55-'ВЕРНАЯ на АВГУСТ'!P55 -> #REF!
D56: =SUM(E56:O56) -> 0 | E56: =E62+E68+E74+E80+E86 -> 0 | F56: =F62+F68+F74+F80+F86 -> 0 | G56: =G62+G68+G74+G80+G86 -> 0 | H56: =H62+H68+H74+H80+H86 -> 0 | I56: =I62+I68+I74+I80+I86 -> 0 | J56: =J62+J68+J74+J80+J86 -> 0 | K56: =K62+K68+K74+K80+K86 -> 0 | L56: =L62+L68+L74+L80+L86 -> 0 | ... O56: =O62+O68+O74+O80+O86 -> 0 | P56: =L56-#REF! -> #REF! | Q56: =P56-'ВЕРНАЯ на АВГУСТ'!P56 -> #REF!
A57: Основное мероприятие 1.1 "Оказание государственных услуг населению музеями" | B57: министерство культуры области, органы местного самоуправления (по согласованию) | C57: всего | D57: =SUM(E57:O57) -> 3024733.8 | E57: 997386.1 | F57: 91082.2 | G57: 92311.1 | H57: 102111.5 | I57: 165806.2 | J57: 229798.3 | K57: =K58+K59+K60+K61+K62 -> 218265.9 | L57: =L58+L59+L60+L61+L62 -> 320580.4 | M57: =M58+M59+M60+M61+M62 -> 267817.2 | N57: =N58+N59+N60+N61+N62 -> 269217.9 | O57: =O58+O59+O60+O61+O62 -> 270357 | P57: =L57-#REF! -> #REF! | Q57: =P57-'ВЕРНАЯ на АВГУСТ'!P57 -> #REF!
C58: областной бюджет | D58: =SUM(E58:O58) -> 1469317.2 | E58: 69267.1 | F58: 79706.7 | G58: 82150.5 | H58: 84591.5 | I58: 104724.6 | J58: 154093.5 | K58: 149300.5 | L58: 203135 | M58: =180782.6 -> 180782.6 | N58: =180782.6 -> 180782.6 | O58: 180782.6 | P58: =L58-#REF! -> #REF! | Q58: =P58-'ВЕРНАЯ на АВГУСТ'!P58 -> #REF!
C59: федеральный бюджет (прогнозно) | D59: =SUM(E59:O59) -> 0 | E59: 0 | F59: 0 | G59: 0 | H59: 0 | I59: 0 | J59: 0 | K59: 0 | L59: 0 | M59: 0 | N59: 0 | O59: 0 | P59: =L59-#REF! -> #REF! | Q59: =P59-'ВЕРНАЯ на АВГУСТ'!P59 -> #REF!
C60: местные бюджеты (прогнозно) | D60: =SUM(E60:O60) -> 1388332.1 | E60: 918319 | F60: 1134.5 | G60: 1359 | H60: 7744.9 | I60: 48853.3 | J60: 55947.8 | K60: 57638.7 | L60: 97688.4 | M60: 66289.8 | N60: 66653.3 | O60: 66703.4 | P60: =L60-#REF! -> #REF! | Q60: =P60-'ВЕРНАЯ на АВГУСТ'!P60 -> #REF!
C61: внебюджетные источники (прогнозно) | D61: =SUM(E61:O61) -> 167084.5 | E61: 9800 | F61: 10241 | G61: 8801.6 | H61: 9775.1 | I61: 12228.3 | J61: 19757 | K61: 11326.7 | L61: 19757 | M61: 20744.8 | N61: 21782 | O61: 22871 | P61: =L61-#REF! -> #REF! | Q61: =P61-'ВЕРНАЯ на АВГУСТ'!P61 -> #REF!
D62: =SUM(E62:O62) -> 0 | P62: =L62-#REF! -> #REF! | Q62: =P62-'ВЕРНАЯ на АВГУСТ'!P62 -> #REF!
A63: Основное мероприятие 1.2 "Обеспечение сохранности музейных предметов и музейных коллекций, находящихся в государственной собственности области" | B63: министерство культуры области | C63: всего | D63: =SUM(E63:O63) -> 2697.4 | E63: 870 | F63: 120 | G63: 48.4 | H63: 0 | I63: 184 | J63: 250 | K63: =K64+K65+K66+K67+K68 -> 225 | L63: =L64+L65+L66+L67+L68 -> 250 | M63: =M64+M65+M66+M67+M68 -> 250 | N63: =N64+N65+N66+N67+N68 -> 250 | O63: =O64+O65+O66+O67+O68 -> 250 | P63: =L63-#REF! -> #REF! | Q63: =P63-'ВЕРНАЯ на АВГУСТ'!P63 -> #REF!
C64: областной бюджет | D64: =SUM(E64:O64) -> 2697.4 | E64: 870 | F64: 120 | G64: 48.4 | H64: 0 | I64: 184 | J64: 250 | K64: 225 | L64: =250 -> 250 | M64: 250 | N64: 250 | O64: 250 | P64: =L64-#REF! -> #REF! | Q64: =P64-'ВЕРНАЯ на АВГУСТ'!P64 -> #REF!
C65: федеральный бюджет (прогнозно) | D65: =SUM(E65:O65) -> 0 | E65: 0 | F65: 0 | G65: 0 | H65: 0 | I65: 0 | J65: 0 | K65: 0 | L65: 0 | M65: 0 | N65: 0 | O65: 0 | P65: =L65-#REF! -> #REF! | Q65: =P65-'ВЕРНАЯ на АВГУСТ'!P65 -> #REF!
C66: местные бюджеты (прогнозно) | D66: =SUM(E66:O66) -> 0 | E66: 0 | F66: 0 | G66: 0 | H66: 0 | I66: 0 | J66: 0 | K66: 0 | L66: 0 | M66: 0 | N66: 0 | O66: 0 | P66: =L66-#REF! -> #REF! | Q66: =P66-'ВЕРНАЯ на АВГУСТ'!P66 -> #REF!
C67: внебюджетные источники (прогнозно) | D67: =SUM(E67:O67) -> 0 | E67: 0 | F67: 0 | G67: 0 | H67: 0 | I67: 0 | J67: 0 | K67: 0 | L67: 0 | M67: 0 | N67: 0 | O67: 0 | P67: =L67-#REF! -> #REF! | Q67: =P67-'ВЕРНАЯ на АВГУСТ'!P67 -> #REF!
D68: =SUM(E68:O68) -> 0 | P68: =L68-#REF! -> #REF! | Q68: =P68-'ВЕРНАЯ на АВГУСТ'!P68 -> #REF!
A69: Основное мероприятие 1.3 "Обеспечение пополнения и комплектования фондов областных музеев новыми уникальными экспонатами" | B69: министерство культуры области | C69: всего | D69: =SUM(E69:O69) -> 5040 | E69: 1720 | F69: 200 | G69: 200 | H69: 200 | I69: 360 | J69: 400 | K69: =K70+K71+K72+K73+K74 -> 360 | L69: =L70+L71+L72+L73+L74 -> 400 | M69: =M70+M71+M72+M73+M74 -> 400 | N69: =N70+N71+N72+N73+N74 -> 400 | O69: =O70+O71+O72+O73+O74 -> 400 | P69: =L69-#REF! -> #REF! | Q69: =P69-'ВЕРНАЯ на АВГУСТ'!P69 -> #REF!
C70: областной бюджет | D70: =SUM(E70:O70) -> 5040 | E70: 1720 | F70: 200 | G70: 200 | H70: 200 | I70: 360 | J70: 400 | K70: 360 | L70: =400 -> 400 | M70: 400 | N70: 400 | O70: 400 | P70: =L70-#REF! -> #REF! | Q70: =P70-'ВЕРНАЯ на АВГУСТ'!P70 -> #REF!
C71: федеральный бюджет (прогнозно) | D71: =SUM(E71:O71) -> 0 | E71: 0 | F71: 0 | G71: 0 | H71: 0 | I71: 0 | J71: 0 | K71: 0 | L71: 0 | M71: 0 | N71: 0 | O71: 0 | P71: =L71-#REF! -> #REF! | Q71: =P71-'ВЕРНАЯ на АВГУСТ'!P71 -> #REF!
C72: местные бюджеты (прогнозно) | D72: =SUM(E72:O72) -> 0 | E72: 0 | F72: 0 | G72: 0 | H72: 0 | I72: 0 | J72: 0 | K72: 0 | L72: 0 | M72: 0 | N72: 0 | O72: 0 | P72: =L72-#REF! -> #REF! | Q72: =P72-'ВЕРНАЯ на АВГУСТ'!P72 -> #REF!
C73: внебюджетные источники (прогнозно) | D73: =SUM(E73:O73) -> 0 | E73: 0 | F73: 0 | G73: 0 | H73: 0 | I73: 0 | J73: 0 | K73: 0 | L73: 0 | M73: 0 | N73: 0 | O73: 0 | P73: =L73-#REF! -> #REF! | Q73: =P73-'ВЕРНАЯ на АВГУСТ'!P73 -> #REF!
D74: =SUM(E74:O74) -> 0 | P74: =L74-#REF! -> #REF! | Q74: =P74-'ВЕРНАЯ на АВГУСТ'!P74 -> #REF!
A75: Основное мероприятие 1.4 "Организация и проведение выставочной деятельности музеев на территории Саратовской области, в субъектах Российской Федерации и в зарубежных странах" | B75: министерство культуры области | C75: всего | D75: =SUM(E75:O75) -> 26195.2 | E75: 3147.7 | F75: 1150 | G75: 1060.1 | H75: 874.7 | I75: 1760 | J75: 2845 | K75: =K76+K77+K78+K79+K80 -> 437.7 | L75: =L76+L77+L78+L79+L80 -> 3730 | M75: =M76+M77+M78+M79+M80 -> 3730 | N75: =N76+N77+N78+N79+N80 -> 3730 | O75: =O76+O77+O78+O79+O80 -> 3730 | P75: =L75-#REF! -> #REF! | Q75: =P75-'ВЕРНАЯ на АВГУСТ'!P75 -> #REF!
C76: областной бюджет | D76: =SUM(E76:O76) -> 26195.2 | E76: 3147.7 | F76: 1150 | G76: 1060.1 | H76: 874.7 | I76: 1760 | J76: 2845 | K76: 437.7 | L76: =3730 -> 3730 | M76: 3730 | N76: 3730 | O76: 3730 | P76: =L76-#REF! -> #REF! | Q76: =P76-'ВЕРНАЯ на АВГУСТ'!P76 -> #REF!
C77: федеральный бюджет (прогнозно) | D77: =SUM(E77:O77) -> 0 | E77: 0 | F77: 0 | G77: 0 | H77: 0 | I77: 0 | J77: 0 | K77: 0 | L77: 0 | M77: 0 | N77: 0 | O77: 0 | P77: =L77-#REF! -> #REF! | Q77: =P77-'ВЕРНАЯ на АВГУСТ'!P77 -> #REF!
C78: местные бюджеты (прогнозно) | D78: =SUM(E78:O78) -> 0 | E78: 0 | F78: 0 | G78: 0 | H78: 0 | I78: 0 | J78: 0 | K78: 0 | L78: 0 | M78: 0 | N78: 0 | O78: 0 | P78: =L78-#REF! -> #REF! | Q78: =P78-'ВЕРНАЯ на АВГУСТ'!P78 -> #REF!
C79: внебюджетные источники (прогнозно) | D79: =SUM(E79:O79) -> 0 | E79: 0 | F79: 0 | G79: 0 | H79: 0 | I79: 0 | J79: 0 | K79: 0 | L79: 0 | M79: 0 | N79: 0 | O79: 0 | P79: =L79-#REF! -> #REF! | Q79: =P79-'ВЕРНАЯ на АВГУСТ'!P79 -> #REF!
D80: =SUM(E80:O80) -> 0 | P80: =L80-#REF! -> #REF! | Q80: =P80-'ВЕРНАЯ на АВГУСТ'!P80 -> #REF!
A81: Основное мероприятие 1.5 "Организация и проведение мероприятий по популяризации музейного дела" | B81: министерство культуры области | C81: всего | D81: =SUM(E81:O81) -> 16230.2 | E81: 470.4 | F81: 382 | G81: 561.8 | H81: 550 | I81: 1396 | J81: 2170 | K81: =K82+K83+K84+K85+K86 -> 1620 | L81: =L82+L83+L84+L85+L86 -> 2270 | M81: =M82+M83+M84+M85+M86 -> 2270 | N81: =N82+N83+N84+N85+N86 -> 2270 | O81: =O82+O83+O84+O85+O86 -> 2270 | P81: =L81-#REF! -> #REF! | Q81: =P81-'ВЕРНАЯ на АВГУСТ'!P81 -> #REF!
C82: областной бюджет | D82: =SUM(E82:O82) -> 16230.2 | E82: 470.4 | F82: 382 | G82: 561.8 | H82: 550 | I82: 1396 | J82: 2170 | K82: 1620 | L82: =2270 -> 2270 | M82: 2270 | N82: 2270 | O82: 2270 | P82: =L82-#REF! -> #REF! | Q82: =P82-'ВЕРНАЯ на АВГУСТ'!P82 -> #REF!
C83: федеральный бюджет (прогнозно) | D83: =SUM(E83:O83) -> 0 | E83: 0 | F83: 0 | G83: 0 | H83: 0 | I83: 0 | J83: 0 | K83: 0 | L83: 0 | M83: 0 | N83: 0 | O83: 0 | P83: =L83-#REF! -> #REF! | Q83: =P83-'ВЕРНАЯ на АВГУСТ'!P83 -> #REF!
C84: местные бюджеты (прогнозно) | D84: =SUM(E84:O84) -> 0 | E84: 0 | F84: 0 | G84: 0 | H84: 0 | I84: 0 | J84: 0 | K84: 0 | L84: 0 | M84: 0 | N84: 0 | O84: 0 | P84: =L84-#REF! -> #REF! | Q84: =P84-'ВЕРНАЯ на АВГУСТ'!P84 -> #REF!
C85: внебюджетные источники (прогнозно) | D85: =SUM(E85:O85) -> 0 | E85: 0 | F85: 0 | G85: 0 | H85: 0 | I85: 0 | J85: 0 | K85: 0 | L85: 0 | M85: 0 | N85: 0 | O85: 0 | P85: =L85-#REF! -> #REF! | Q85: =P85-'ВЕРНАЯ на АВГУСТ'!P85 -> #REF!
D86: =SUM(E86:O86) -> 0 | P86: =L86-#REF! -> #REF! | Q86: =P86-'ВЕРНАЯ на АВГУСТ'!P86 -> #REF!
A87: Подпрограмма 2 "Театры" | C87: всего | D87: =SUM(E87:O87) -> 9039005.7 | E87: =E93+E99+E105+E111+E117+E123+E129 -> 1016732.6 | F87: =F93+F99+F105+F111+F117+F123+F129 -> 543564.6 | G87: =G93+G99+G105+G111+G117+G123+G129 -> 547495.6 | H87: =H93+H99+H105+H111+H117+H123+H129 -> 655973.1 | I87: =I93+I99+I105+I111+I117+I123+I129 -> 768697.2 | J87: =J93+J99+J105+J111+J117+J123+J129 -> 833247.3 | K87: =K93+K99+K105+K111+K117+K123+K129 -> 798647.6 | L87: =L93+L99+L105+L111+L117+L123+L129 -> 959864.4 | ... O87: =O93+O99+O105+O111+O117+O123+O129 -> 955754.4 | P87: =L87-#REF! -> #REF! | Q87: =P87-'ВЕРНАЯ на АВГУСТ'!P87 -> #REF! | S87: 959864.4
C88: областной бюджет | D88: =SUM(E88:O88) -> 4941464.4 | E88: =E94+E100+E106+E112+E118+E124+E130 -> 349952.6 | F88: =F94+F100+F106+F112+F118+F124+F130 -> 330822.8 | G88: =G94+G100+G106+G112+G118+G124+G130 -> 343017.9 | H88: =H94+H100+H106+H112+H118+H124+H130 -> 371699.3 | I88: =I94+I100+I106+I112+I118+I124+I130 -> 397538.7 | J88: =J94+J100+J106+J112+J118+J124+J130 -> 450879.6 | K88: =K94+K100+K106+K112+K118+K124+K130 -> 463454.3 | L88: =L94+L100+L106+L112+L118+L124+L130 -> 557914.1 | ... O88: =O94+O100+O106+O112+O118+O124+O130 -> 555317.1 | P88: =L88-#REF! -> #REF! | Q88: =P88-'ВЕРНАЯ на АВГУСТ'!P88 -> #REF!
C89: федеральный бюджет (прогнозно) | D89: =SUM(E89:O89) -> 554475.3 | E89: =E95+E101+E107+E113+E119+E125+E131 -> 98579 | F89: =F95+F101+F107+F113+F119+F125+F131 -> 78300 | G89: =G95+G101+G107+G113+G119+G125+G131 -> 78300 | H89: =H95+H101+H107+H113+H119+H125+H131 -> 33348.1 | I89: =I95+I101+I107+I113+I119+I125+I131 -> 45658 | J89: =J95+J101+J107+J113+J119+J125+J131 -> 47296.5 | K89: =K95+K101+K107+K113+K119+K125+K131 -> 47191.7 | L89: =L95+L101+L107+L113+L119+L125+L131 -> 45950.3 | ... O89: =O95+O101+O107+O113+O119+O125+O131 -> 0 | P89: =L89-#REF! -> #REF! | Q89: =P89-'ВЕРНАЯ на АВГУСТ'!P89 -> #REF!
C90: местные бюджеты (прогнозно) | D90: =SUM(E90:O90) -> 1156644.8 | E90: =E96+E102+E108+E114+E120+E126+E132 -> 459101 | F90: =F96+F102+F108+F114+F120+F126+F132 -> 20432.3 | G90: =G96+G102+G108+G114+G120+G126+G132 -> 19218.2 | H90: =H96+H102+H108+H114+H120+H126+H132 -> 18604 | I90: =I96+I102+I108+I114+I120+I126+I132 -> 76006.8 | J90: =J96+J102+J108+J114+J120+J126+J132 -> 75847.2 | K90: =K96+K102+K108+K114+K120+K126+K132 -> 89976.7 | L90: =L96+L102+L108+L114+L120+L126+L132 -> 96776 | ... O90: =O96+O102+O108+O114+O120+O126+O132 -> 100353.1 | P90: =L90-#REF! -> #REF! | Q90: =P90-'ВЕРНАЯ на АВГУСТ'!P90 -> #REF!
C91: внебюджетные источники (прогнозно) | D91: =SUM(E91:O91) -> 2386421.2 | E91: =E97+E103+E109+E115+E121+E127+E133 -> 109100 | F91: =F97+F103+F109+F115+F121+F127+F133 -> 114009.5 | G91: =G97+G103+G109+G115+G121+G127+G133 -> 106959.5 | H91: =H97+H103+H109+H115+H121+H127+H133 -> 232321.7 | I91: =I97+I103+I109+I115+I121+I127+I133 -> 249493.7 | J91: =J97+J103+J109+J115+J121+J127+J133 -> 259224 | K91: =K97+K103+K109+K115+K121+K127+K133 -> 198024.9 | L91: =L97+L103+L109+L115+L121+L127+L133 -> 259224 | ... O91: =O97+O103+O109+O115+O121+O127+O133 -> 300084.2 | P91: =L91-#REF! -> #REF! | Q91: =P91-'ВЕРНАЯ на АВГУСТ'!P91 -> #REF!
D92: =SUM(E92:O92) -> 0 | E92: =E98+E104+E110+E116+E122+E128+E134 -> 0 | F92: =F98+F104+F110+F116+F122+F128+F134 -> 0 | G92: =G98+G104+G110+G116+G122+G128+G134 -> 0 | H92: =H98+H104+H110+H116+H122+H128+H134 -> 0 | I92: =I98+I104+I110+I116+I122+I128+I134 -> 0 | J92: =J98+J104+J110+J116+J122+J128+J134 -> 0 | K92: =K98+K104+K110+K116+K122+K128+K134 -> 0 | L92: =L98+L104+L110+L116+L122+L128+L134 -> 0 | ... O92: =O98+O104+O110+O116+O122+O128+O134 -> 0 | P92: =L92-#REF! -> #REF! | Q92: =P92-'ВЕРНАЯ на АВГУСТ'!P92 -> #REF!
A93: Основное мероприятие 2.1 "Оказание государственных услуг населению театрами" | B93: министерство культуры области, органы местного самоуправления (по согласованию) | C93: всего | D93: =SUM(E93:O93) -> 8533318.1 | E93: 998642.5 | F93: 536656.6 | G93: 537757.4 | H93: 610952.2 | I93: 704187 | J93: 766133.5 | K93: =K94+K95+K96+K97+K98 -> 736291.9 | L93: =L94+L95+L96+L97+L98 -> 885584.8 | M93: =M94+M95+M96+M97+M98 -> 905352 | N93: =N94+N95+N96+N97+N98 -> 918655.8 | O93: =O94+O95+O96+O97+O98 -> 933104.4 | P93: =L93-#REF! -> #REF! | Q93: =P93-'ВЕРНАЯ на АВГУСТ'!P93 -> #REF!
C94: областной бюджет | D94: =SUM(E94:O94) -> 4735073.1 | E94: 331862.5 | F94: 323914.8 | G94: 333279.7 | H94: 360026.5 | I94: 378686.5 | J94: 431062.3 | K94: 448290.3 | L94: =529584.8 -> 529584.8 | M94: 533031.5 | N94: 532667.1 | O94: 532667.1 | P94: =L94-#REF! -> #REF! | Q94: =P94-'ВЕРНАЯ на АВГУСТ'!P94 -> #REF!
C95: федеральный бюджет (прогнозно) | D95: =SUM(E95:O95) -> 255179 | E95: 98579 | F95: 78300 | G95: 78300 | H95: 0 | I95: 0 | J95: 0 | K95: 0 | L95: 0 | M95: 0 | N95: 0 | O95: 0 | P95: =L95-#REF! -> #REF! | Q95: =P95-'ВЕРНАЯ на АВГУСТ'!P95 -> #REF!
C96: местные бюджеты (прогнозно) | D96: =SUM(E96:O96) -> 1156644.8 | E96: 459101 | F96: 20432.3 | G96: 19218.2 | H96: 18604 | I96: 76006.8 | J96: 75847.2 | K96: 89976.7 | L96: 96776 | M96: 100135.3 | N96: 100194.2 | O96: 100353.1 | P96: =L96-#REF! -> #REF! | Q96: =P96-'ВЕРНАЯ на АВГУСТ'!P96 -> #REF!
C97: внебюджетные источники (прогнозно) | D97: =SUM(E97:O97) -> 2386421.2 | E97: 109100 | F97: 114009.5 | G97: 106959.5 | H97: 232321.7 | I97: 249493.7 | J97: 259224 | K97: 198024.9 | L97: 259224 | M97: 272185.2 | N97: 285794.5 | O97: 300084.2 | P97: =L97-#REF! -> #REF! | Q97: =P97-'ВЕРНАЯ на АВГУСТ'!P97 -> #REF!
D98: =SUM(E98:O98) -> 0 | P98: =L98-#REF! -> #REF! | Q98: =P98-'ВЕРНАЯ на АВГУСТ'!P98 -> #REF!
A99: Основное мероприятие 2.2 "Создание новых спектаклей в областных театрах" | B99: министерство культуры области | C99: всего | D99: =SUM(E99:O99) -> 62646.5 | E99: 10078 | F99: 4500 | G99: 4344.8 | H99: 4663.7 | I99: 4460 | J99: 6450 | K99: =K100+K101+K102+K103+K104 -> 1350 | L99: =L100+L101+L102+L103+L104 -> 6700 | M99: =M100+M101+M102+M103+M104 -> 6700 | N99: =N100+N101+N102+N103+N104 -> 6700 | O99: =O100+O101+O102+O103+O104 -> 6700 | P99: =L99-#REF! -> #REF! | Q99: =P99-'ВЕРНАЯ на АВГУСТ'!P99 -> #REF!
C100: областной бюджет | D100: =SUM(E100:O100) -> 62646.5 | E100: 10078 | F100: 4500 | G100: 4344.8 | H100: 4663.7 | I100: 4460 | J100: 6450 | K100: 1350 | L100: =6700 -> 6700 | M100: 6700 | N100: 6700 | O100: 6700 | P100: =L100-#REF! -> #REF! | Q100: =P100-'ВЕРНАЯ на АВГУСТ'!P100 -> #REF!
C101: федеральный бюджет (прогнозно) | D101: =SUM(E101:O101) -> 0 | E101: 0 | F101: 0 | G101: 0 | H101: 0 | I101: 0 | J101: 0 | K101: 0 | L101: 0 | M101: 0 | N101: 0 | O101: 0 | P101: =L101-#REF! -> #REF! | Q101: =P101-'ВЕРНАЯ на АВГУСТ'!P101 -> #REF!
C102: местные бюджеты (прогнозно) | D102: =SUM(E102:O102) -> 0 | E102: 0 | F102: 0 | G102: 0 | H102: 0 | I102: 0 | J102: 0 | K102: 0 | L102: 0 | M102: 0 | N102: 0 | O102: 0 | P102: =L102-#REF! -> #REF! | Q102: =P102-'ВЕРНАЯ на АВГУСТ'!P102 -> #REF!
...

Sheet ВЕРНАЯ на АВГУСТ+-30 млн
A3: Наименование государственной программы, подпрограммы, ведомственной целевой программы, основного мероприятия | B3: Ответственный исполнитель, соисполнитель, участник государственной программы (соисполнитель подпрограммы), плательщик (далее - исполнитель) | C3: Источники финансового обеспечения | D3: Объемы финансового обеспечения всего, (тыс. рублей) | E3: В том числе по годам реализации
E4: 2014 | F4: 2015 | G4: 2016 | H4: 2017 | I4: 2018 | J4: 2019 | K4: 2020 | L4: 2021 | M4: 2022 | N4: 2023 | O4: 2024
A5: 1 | B5: 2 | C5: 3 | D5: 4 | E5: 5 | F5: 6 | G5: 7 | H5: 8 | I5: 9 | J5: 10 | K5: 11 | L5: 12 | M5: 13 | N5: 14 | O5: 15 | U5: 6985960.9 | V5: 2704748.4
A6: Государственная программа Саратовской области "Культура Саратовской области" | C6: всего | D6: =SUM(E6:O6) -> 51714598 | E6: =E14+E21+E27+E33+E39+E45 -> 4865320.2 | F6: =F14+F21+F27+F33+F39+F45 -> 2108258.3 | G6: =G14+G21+G27+G33+G39+G45 -> 1927521.6 | H6: =H14+H21+H27+H33+H39+H45 -> 2974016.6 | I6: =I14+I21+I27+I33+I39+I45 -> 4510087.6 | J6: =J14+J21+J27+J33+J39+J45 -> 5256858.7 | K6: =K14+K21+K27+K33+K39+K45 -> 5243900.8 | L6: =L14+L21+L27+L33+L39+L45 -> 6985960.9 | ... O6: =O14+O21+O27+O33+O39+O45 -> 5429858.3 | P6: =L6-#REF! -> #REF! | Q6: =P6-'ВЕРНАЯ на АВГУСТ'!P6 -> #REF!
C7: областной бюджет | D7: =SUM(E7:O7) -> 18765062 | E7: =E15+E22+E28+E34+E40+E46 -> 1200430.2 | F7: =F15+F22+F28+F34+F40+F46 -> 1133207 | G7: =G15+G22+G28+G34+G40+G46 -> 1087822.1 | H7: =H15+H22+H28+H34+H40+H46 -> 1356948.3 | I7: =I15+I22+I28+I34+I40+I46 -> 1321655 | J7: =J15+J22+J28+J34+J40+J46 -> 1778262 | K7: =K15+K22+K28+K34+K40+K46 -> 1681483.4 | L7: =L15+L22+L28+L34+L40+L46 -> 2704748.4 | ... O7: =O15+O22+O28+O34+O40+O46 -> 2091805.1 | P7: =L7-#REF! -> #REF! | Q7: =P7-'ВЕРНАЯ на АВГУСТ'!P7 -> #REF! | S7: 3447987.2 | T7: =S7-Q7 -> #REF! | U7: 51714598 | V7: 18765062
C8: федеральный бюджет (прогнозно) | D8: =SUM(E8:O8) -> 4058410 | E8: =E16+E23+E29+E35+E41+E47 -> 424910 | F8: =F16+F23+F29+F35+F41+F47 -> 350172.8 | G8: =G16+G23+G29+G35+G41+G47 -> 85202.5 | H8: =H16+H23+H29+H35+H41+H47 -> 92110.7 | I8: =I16+I23+I29+I35+I41+I47 -> 231410.3 | J8: =J16+J23+J29+J35+J41+J47 -> 308355.3 | K8: =K16+K23+K29+K35+K41+K47 -> 574476.2 | L8: =L16+L23+L29+L35+L41+L47 -> 763238.8 | ... O8: =O16+O23+O29+O35+O41+O47 -> 0 | P8: =L8-#REF! -> #REF! | Q8: =P8-'ВЕРНАЯ на АВГУСТ'!P8 -> #REF!
C9: местные бюджеты (прогнозно) | D9: =SUM(E9:O9) -> 25043887 | E9: =E17+E24+E30+E36+E42+E48 -> 3069368 | F9: =F17+F24+F30+F36+F42+F48 -> 450341.2 | G9: =G17+G24+G30+G36+G42+G48 -> 569768 | H9: =H17+H24+H30+H36+H42+H48 -> 1012886 | I9: =I17+I24+I30+I36+I42+I48 -> 2480233.5 | J9: =J17+J24+J30+J36+J42+J48 -> 2728100.9 | K9: =K17+K24+K30+K36+K42+K48 -> 2698275.3 | L9: =L17+L24+L30+L36+L42+L48 -> 3146086.2 | ... O9: =O17+O24+O30+O36+O42+O48 -> 2910711.4 | P9: =L9-#REF! -> #REF! | Q9: =P9-'ВЕРНАЯ на АВГУСТ'!P9 -> #REF! | T9: 2704748.4
C10: внебюджетные источники (прогнозно) | D10: =SUM(E10:O10) -> 3574712.4 | E10: =E18+E25+E31+E37+E43+E49 -> 170612 | F10: =F18+F25+F31+F37+F43+F49 -> 174537.3 | G10: =G18+G25+G31+G37+G43+G49 -> 184729 | H10: =H18+H25+H31+H37+H43+H49 -> 312071.6 | I10: =I18+I25+I31+I37+I43+I49 -> 476788.8 | J10: =J18+J25+J31+J37+J43+J49 -> 369613.2 | K10: =K18+K25+K31+K37+K43+K49 -> 289665.9 | L10: =L18+L25+L31+L37+L43+L49 -> 371887.5 | ... O10: =O18+O25+O31+O37+O43+O49 -> 427341.8 | P10: =L10-#REF! -> #REF! | Q10: =P10-'ВЕРНАЯ на АВГУСТ'!P10 -> #REF!
C11: государственные внебюджетные фонды и иные безвозмездные поступления целевой направленности (прогнозно) | D11: =SUM(E11:O11) -> 272527.3 | E11: =E19+E26+E32+E38+E44+E50 -> 0 | F11: =F19+F26+F32+F38+F44+F50 -> 0 | G11: =G19+G26+G32+G38+G44+G50 -> 0 | H11: =H19+H26+H32+H38+H44+H50 -> 200000 | I11: =I19+I26+I32+I38+I44+I50 -> 0 | J11: =J19+J26+J32+J38+J44+J50 -> 72527.3 | K11: =K19+K26+K32+K38+K44+K50 -> 0 | L11: =L19+L26+L32+L38+L44+L50 -> 0 | ... O11: =O19+O26+O32+O38+O44+O50 -> 0 | P11: =L11-#REF! -> #REF! | Q11: =P11-'ВЕРНАЯ на АВГУСТ'!P11 -> #REF! | T11: 6985960.9
P12: =L12-#REF! -> #REF! | Q12: =P12-'ВЕРНАЯ на АВГУСТ'!P12 -> #REF!
B13: в том числе по исполнителям: | P13: =L13-#REF! -> #REF! | Q13: =P13-'ВЕРНАЯ на АВГУСТ'!P13 -> #REF!
B14: министерство культуры области | C14: всего | D14: =SUM(E14:O14) -> 47483706 | E14: =E51+E87+E135+E171+E207+E243+E292+E461+E498+E836+E928 -> 4435640.7 | F14: =F51+F87+F135+F171+F207+F243+F292+F461+F498+F836+F928 -> 1765270.5 | G14: =G51+G87+G135+G171+G207+G243+G292+G461+G498+G836+G928 -> 1860957.7 | H14: =H51+H87+H135+H171+H207+H243+H292+H461+H498+H836+H928 -> 2895349.9 | I14: =I51+I87+I135+I171+I207+I243+I292+I461+I498+I836+I928 -> 4279028.8 | J14: =J51+J87+J135+J171+J207+J243+J292+J461+J498+J836+J928 -> 5079884.2 | K14: =K51+K87+K135+K171+K207+K243+K292+K461+K498+K836+K928 -> 4860391.6 | L14: =L51+L87+L135+L171+L207+L243+L292+L461+L498+L836+L928 -> 5780350.6 | ... O14: =O51+O87+O135+O171+O207+O243+O292+O461+O498+O836+O928 -> 5281448.8 | P14: =L14-#REF! -> #REF! | Q14: =P14-'ВЕРНАЯ на АВГУСТ'!P14 -> #REF! | R14: =P14-Q14 -> #REF!
C15: областной бюджет | D15: =SUM(E15:O15) -> 16942066 | E15: =E52+E88+E136+E172+E208+E244+E293+E462+E499+E837+E929 -> 1080295.4 | F15: =F52+F88+F136+F172+F208+F244+F293+F462+F499+F837+F929 -> 1062934.1 | G15: =G52+G88+G136+G172+G208+G244+G293+G462+G499+G837+G929 -> 1037017.6 | H15: =H52+H88+H136+H172+H208+H244+H293+H462+H499+H837+H929 -> 1303576.7 | I15: =I52+I88+I136+I172+I208+I244+I293+I462+I499+I837+I929 -> 1238787.4 | J15: =J52+J88+J136+J172+J208+J244+J293+J462+J499+J837+J929 -> 1671770.6 | K15: =K52+K88+K136+K172+K208+K244+K293+K462+K499+K837+K929 -> 1509416.8 | L15: =L52+L88+L136+L172+L208+L244+L293+L462+L499+L837+L929 -> 2050921.1 | ... O15: =O52+O88+O136+O172+O208+O244+O293+O462+O499+O837+O929 -> 1959685.7 | P15: =L15-#REF! -> #REF! | Q15: =P15-'ВЕРНАЯ на АВГУСТ'!P15 -> #REF!
C16: федеральный бюджет (прогнозно) | D16: =SUM(E16:O16) -> 1868072.1 | E16: =E53+E89+E137+E173+E209+E245+E294+E463+E500+E838+E930 -> 124730.6 | F16: =F53+F89+F137+F173+F209+F245+F294+F463+F500+F838+F930 -> 85429.9 | G16: =G53+G89+G137+G173+G209+G245+G294+G463+G500+G838+G930 -> 85122 | H16: =H53+H89+H137+H173+H209+H245+H294+H463+H500+H838+H930 -> 82605.4 | I16: =I53+I89+I137+I173+I209+I245+I294+I463+I500+I838+I930 -> 98984.6 | J16: =J53+J89+J137+J173+J209+J245+J294+J463+J500+J838+J930 -> 305987.9 | K16: =K53+K89+K137+K173+K209+K245+K294+K463+K500+K838+K930 -> 382966.8 | L16: =L53+L89+L137+L173+L209+L245+L294+L463+L500+L838+L930 -> 227523.5 | ... O16: =O53+O89+O137+O173+O209+O245+O294+O463+O500+O838+O930 -> 0 | P16: =L16-#REF! -> #REF! | Q16: =P16-'ВЕРНАЯ на АВГУСТ'!P16 -> #REF!
C17: местные бюджеты (прогнозно) | D17: =SUM(E17:O17) -> 24940019 | E17: =E54+E90+E138+E174+E210+E246+E295+E464+E501+E839+E931 -> 3060342.7 | F17: =F54+F90+F138+F174+F210+F246+F295+F464+F501+F839+F931 -> 444154.1 | G17: =G54+G90+G138+G174+G210+G246+G295+G464+G501+G839+G931 -> 560801.7 | H17: =H54+H90+H138+H174+H210+H246+H295+H464+H501+H839+H931 -> 1003196.2 | I17: =I54+I90+I138+I174+I210+I246+I295+I464+I501+I839+I931 -> 2470568 | J17: =J54+J90+J138+J174+J210+J246+J295+J464+J501+J839+J931 -> 2720038.2 | K17: =K54+K90+K138+K174+K210+K246+K295+K464+K501+K839+K931 -> 2686542.1 | L17: =L54+L90+L138+L174+L210+L246+L295+L464+L501+L839+L931 -> 3136118.5 | ... O17: =O54+O90+O138+O174+O210+O246+O295+O464+O501+O839+O931 -> 2900521.3 | P17: =L17-#REF! -> #REF! | Q17: =P17-'ВЕРНАЯ на АВГУСТ'!P17 -> #REF!
C18: внебюджетные источники (прогнозно) | D18: =SUM(E18:O18) -> 3514974.9 | E18: =E55+E91+E139+E175+E211+E247+E296+E465+E502+E840+E932 -> 170272 | F18: =F55+F91+F139+F175+F211+F247+F296+F465+F502+F840+F932 -> 172752.4 | G18: =G55+G91+G139+G175+G211+G247+G296+G465+G502+G840+G932 -> 178016.4 | H18: =H55+H91+H139+H175+H211+H247+H296+H465+H502+H840+H932 -> 305971.6 | I18: =I55+I91+I139+I175+I211+I247+I296+I465+I502+I840+I932 -> 470688.8 | J18: =J55+J91+J139+J175+J211+J247+J296+J465+J502+J840+J932 -> 363513.2 | K18: =K55+K91+K139+K175+K211+K247+K296+K465+K502+K840+K932 -> 281465.9 | L18: =L55+L91+L139+L175+L211+L247+L296+L465+L502+L840+L932 -> 365787.5 | ... O18: =O55+O91+O139+O175+O211+O247+O296+O465+O502+O840+O932 -> 421241.8 | P18: =L18-#REF! -> #REF! | Q18: =P18-'ВЕРНАЯ на АВГУСТ'!P18 -> #REF!
C19: государственные внебюджетные фонды и иные безвозмездные поступления целевой направленности (прогнозно) | D19: =SUM(E19:O19) -> 218574.3 | E19: =E56+E92+E140+E176+E212+E248+E297+E466+E503+E841+E933 -> 0 | F19: =F56+F92+F140+F176+F212+F248+F297+F466+F503+F841+F933 -> 0 | G19: =G56+G92+G140+G176+G212+G248+G297+G466+G503+G841+G933 -> 0 | H19: =H56+H92+H140+H176+H212+H248+H297+H466+H503+H841+H933 -> 200000 | I19: =I56+I92+I140+I176+I212+I248+I297+I466+I503+I841+I933 -> 0 | J19: =J56+J92+J140+J176+J212+J248+J297+J466+J503+J841+J933 -> 18574.3 | K19: =K56+K92+K140+K176+K212+K248+K297+K466+K503+K841+K933 -> 0 | L19: =L56+L92+L140+L176+L212+L248+L297+L466+L503+L841+L933 -> 0 | ... O19: =O56+O92+O140+O176+O212+O248+O297+O466+O503+O841+O933 -> 0 | P19: =L19-#REF! -> #REF! | Q19: =P19-'ВЕРНАЯ на АВГУСТ'!P19 -> #REF!
D20: =SUM(E20:O20) -> -2.9540388e-09 | E20: =E14-E15-E16-E17-E18-E19 -> -4.6566129e-10 | F20: =F14-F15-F16-F17-F18-F19 -> -5.8207661e-10 | G20: =G14-G15-G16-G17-G18-G19 -> 1.4551915e-10 | H20: =H14-H15-H16-H17-H18-H19 -> 0 | I20: =I14-I15-I16-I17-I18-I19 -> -1.7462298e-10 | J20: =J14-J15-J16-J17-J18-J19 -> 4.5110937e-10 | K20: =K14-K15-K16-K17-K18-K19 -> -1.1641532e-10 | L20: =L14-L15-L16-L17-L18-L19 -> -9.3132257e-10 | ... O20: =O14-O15-O16-O17-O18-O19 -> -1.7462298e-10 | P20: =L20-#REF! -> #REF! | Q20: =P20-'ВЕРНАЯ на АВГУСТ'!P20 -> #REF!
B21: управление делами Правительства области | C21: всего | D21: =SUM(E21:O21) -> 874431.2 | E21: =E443+E449+E455+E842+E940+E504 -> 53995 | F21: =F443+F449+F455+F842+F940+F504 -> 48924.7 | G21: =G443+G449+G455+G842+G940+G504 -> 53197.3 | H21: =H443+H449+H455+H842+H940+H504 -> 64193.3 | I21: =I443+I449+I455+I842+I940+I504 -> 58750.7 | J21: =J443+J449+J455+J842+J940+J504 -> 81348.3 | K21: =K443+K449+K455+K842+K940+K504 -> 99860.4 | L21: =L443+L449+L455+L842+L504 -> 103376 | M21: =M443+M449+M455+M842+M504 -> 103592.9 | N21: =N443+N449+N455+N842+N504 -> 103596.3 | O21: =O443+O449+O455+O842+O504 -> 103596.3 | P21: =L21-#REF! -> #REF! | Q21: =P21-'ВЕРНАЯ на АВГУСТ'!P21 -> #REF!
C22: областной бюджет | D22: =SUM(E22:O22) -> 752196.8 | E22: =E444+E450+E456+E843+E941+E505 -> 44450.3 | F22: =F444+F450+F456+F843+F941+F505 -> 42074.8 | G22: =G444+G450+G456+G843+G941+G505 -> 43533.5 | H22: =H444+H450+H456+H843+H941+H505 -> 44998.2 | I22: =I444+I450+I456+I843+I941+I505 -> 46659.5 | J22: =J444+J450+J456+J843+J941+J505 -> 70918.2 | K22: =K444+K450+K456+K843+K941+K505 -> 85938.8 | L22: =L444+L450+L456+L843+L505 -> 93408.3 | M22: =M444+M450+M456+M843+M505 -> 93402.8 | N22: =N444+N450+N456+N843+N505 -> 93406.2 | O22: =O444+O450+O456+O843+O505 -> 93406.2 | P22: =L22-#REF! -> #REF! | Q22: =P22-'ВЕРНАЯ на АВГУСТ'!P22 -> #REF!
C23: федеральный бюджет (прогнозно) | D23: =SUM(E23:O23) -> 16806.5 | E23: =E445+E451+E457+E844+E942+E506 -> 179.4 | F23: =F445+F451+F457+F844+F942+F506 -> 59.8 | G23: =G445+G451+G457+G844+G942+G506 -> 80.5 | H23: =H445+H451+H457+H844+H942+H506 -> 9505.3 | I23: =I445+I451+I457+I844+I942+I506 -> 2425.7 | J23: =J445+J451+J457+J844+J942+J506 -> 2367.4 | K23: =K445+K451+K457+K844+K942+K506 -> 2188.4 | L23: =L445+L451+L457+L844+L506 -> 0 | M23: =M445+M451+M457+M844+M506 -> 0 | N23: =N445+N451+N457+N844+N506 -> 0 | O23: =O445+O451+O457+O844+O506 -> 0 | P23: =L23-#REF! -> #REF! | Q23: =P23-'ВЕРНАЯ на АВГУСТ'!P23 -> #REF!
C24: местные бюджеты (прогнозно) | D24: =SUM(E24:O24) -> 103867.9 | E24: =E446+E452+E458+E845+E943+E507 -> 9025.3 | F24: =F446+F452+F458+F845+F943+F507 -> 6187.1 | G24: =G446+G452+G458+G845+G943+G507 -> 8966.3 | H24: =H446+H452+H458+H845+H943+H507 -> 9689.8 | I24: =I446+I452+I458+I845+I943+I507 -> 9665.5 | J24: =J446+J452+J458+J845+J943+J507 -> 8062.7 | K24: =K446+K452+K458+K845+K943+K507 -> 11733.2 | L24: =L446+L452+L458+L845+L507 -> 9967.7 | M24: =M446+M452+M458+M845+M507 -> 10190.1 | N24: =N446+N452+N458+N845+N507 -> 10190.1 | O24: =O446+O452+O458+O845+O507 -> 10190.1 | P24: =L24-#REF! -> #REF! | Q24: =P24-'ВЕРНАЯ на АВГУСТ'!P24 -> #REF!
C25: внебюджетные источники (прогнозно) | D25: =SUM(E25:O25) -> 1560 | E25: =E447+E453+E459+E846+E944+E508 -> 340 | F25: =F447+F453+F459+F846+F944+F508 -> 603 | G25: =G447+G453+G459+G846+G944+G508 -> 617 | H25: =H447+H453+H459+H846+H944+H508 -> 0 | I25: =I447+I453+I459+I846+I944+I508 -> 0 | J25: =J447+J453+J459+J846+J944+J508 -> 0 | K25: =K447+K453+K459+K846+K944+K508 -> 0 | L25: =L447+L453+L459+L846+L508 -> 0 | M25: =M447+M453+M459+M846+M508 -> 0 | N25: =N447+N453+N459+N846+N508 -> 0 | O25: =O447+O453+O459+O846+O508 -> 0 | P25: =L25-#REF! -> #REF! | Q25: =P25-'ВЕРНАЯ на АВГУСТ'!P25 -> #REF!
C26: государственные внебюджетные фонды и иные безвозмездные поступления целевой направленности (прогнозно) | D26: =SUM(E26:O26) -> 0 | E26: =E448+E454+E460+E847+E945+E509 -> 0 | F26: =F448+F454+F460+F847+F945+F509 -> 0 | G26: =G448+G454+G460+G847+G945+G509 -> 0 | H26: =H448+H454+H460+H847+H945+H509 -> 0 | I26: =I448+I454+I460+I847+I945+I509 -> 0 | J26: =J448+J454+J460+J847+J945+J509 -> 0 | K26: =K448+K454+K460+K847+K945+K509 -> 0 | L26: =L448+L454+L460+L847+L509 -> 0 | M26: =M448+M454+M460+M847+M509 -> 0 | N26: =N448+N454+N460+N847+N509 -> 0 | O26: =O448+O454+O460+O847+O509 -> 0 | P26: =L26-#REF! -> #REF! | Q26: =P26-'ВЕРНАЯ на АВГУСТ'!P26 -> #REF!
B27: комитет капитального строительства области, министерство строительства и жилищно-коммунального хозяйства области, государственное казенное учреждение Саратовской области "Управление капитального строительства" | C27: всего | D27: =SUM(E27:O27) -> 983629.5 | E27: =E510 -> 375684.5 | F27: =F510 -> 290527.3 | G27: =G510 -> 0 | H27: =H510 -> 847.7 | I27: =I510+I431 -> 151570 | J27: =J510+J431 -> 0 | K27: =K510+K431 -> 0 | L27: =L510+L431 -> 165000 | M27: =M510+M431 -> 0 | N27: =N510+N431 -> 0 | O27: =O510+O431 -> 0 | P27: =L27-#REF! -> #REF! | Q27: =P27-'ВЕРНАЯ на АВГУСТ'!P27 -> #REF! | S27: 983629.5
C28: областной бюджет | D28: =SUM(E28:O28) -> 288946.4 | E28: =E511 -> 75684.5 | F28: =F511 -> 25844.2 | G28: =G511 -> 0 | H28: =H511 -> 847.7 | I28: =I511+I432 -> 21570 | J28: =J511+J432 -> 0 | K28: =K511+K432 -> 0 | L28: =L511+L432 -> 165000 | M28: =M511+M432 -> 0 | N28: =N511+N432 -> 0 | O28: =O511+O432 -> 0 | P28: =L28-#REF! -> #REF! | Q28: =P28-'ВЕРНАЯ на АВГУСТ'!P28 -> #REF!
C29: федеральный бюджет (прогнозно) | D29: =SUM(E29:O29) -> 694683.1 | E29: =E512 -> 300000 | F29: =F512 -> 264683.1 | G29: =G512 -> 0 | H29: =H512 -> 0 | I29: =I512+I433 -> 130000 | J29: =J512+J433 -> 0 | K29: =K512+K433 -> 0 | L29: =L512+L433 -> 0 | M29: =M512+M433 -> 0 | N29: =N512+N433 -> 0 | O29: =O512+O433 -> 0 | P29: =L29-#REF! -> #REF! | Q29: =P29-'ВЕРНАЯ на АВГУСТ'!P29 -> #REF!
C30: местные бюджеты (прогнозно) | D30: =SUM(E30:O30) -> 0 | E30: =E513 -> 0 | F30: =F513 -> 0 | G30: =G513 -> 0 | H30: =H513 -> 0 | I30: =I513+I434 -> 0 | J30: =J513+J434 -> 0 | K30: =K513+K434 -> 0 | L30: =L513+L434 -> 0 | M30: =M513+M434 -> 0 | N30: =N513+N434 -> 0 | O30: =O513+O434 -> 0 | P30: =L30-#REF! -> #REF! | Q30: =P30-'ВЕРНАЯ на АВГУСТ'!P30 -> #REF!
C31: внебюджетные источники (прогнозно) | D31: =SUM(E31:O31) -> 0 | E31: =E514 -> 0 | F31: =F514 -> 0 | G31: =G514 -> 0 | H31: =H514 -> 0 | I31: =I514+I435 -> 0 | J31: =J514+J435 -> 0 | K31: =K514+K435 -> 0 | L31: =L514+L435 -> 0 | M31: =M514+M435 -> 0 | N31: =N514+N435 -> 0 | O31: =O514+O435 -> 0 | P31: =L31-#REF! -> #REF! | Q31: =P31-'ВЕРНАЯ на АВГУСТ'!P31 -> #REF!
C32: государственные внебюджетные фонды и иные безвозмездные поступления целевой направленности (прогнозно) | D32: =SUM(E32:O32) -> 0 | E32: =E515 -> 0 | F32: =F515 -> 0 | G32: =G515 -> 0 | H32: =H515 -> 0 | I32: =I515+I436 -> 0 | J32: =J515+J436 -> 0 | K32: =K515+K436 -> 0 | L32: =L515+L436 -> 0 | M32: =M515+M436 -> 0 | N32: =N515+N436 -> 0 | O32: =O515+O436 -> 0 | P32: =L32-#REF! -> #REF! | Q32: =P32-'ВЕРНАЯ на АВГУСТ'!P32 -> #REF!
B33: управление по охране объектов культурного наследия Правительства области | C33: всего | D33: =SUM(E33:O33) -> 320564.2 | E33: =E298 -> 0 | F33: =F298 -> 3535.8 | G33: =G298 -> 13366.6 | H33: =H298 -> 13625.7 | I33: =I298 -> 20738.1 | J33: =J298 -> 38667.7 | K33: =K298 -> 31377.5 | L33: =L298 -> 64813.2 | ... O33: =O298 -> 44813.2 | P33: =L33-#REF! -> #REF! | Q33: =P33-'ВЕРНАЯ на АВГУСТ'!P33 -> #REF!
C34: областной бюджет | D34: =SUM(E34:O34) -> 252386.7 | E34: =E299 -> 0 | F34: =F299 -> 2353.9 | G34: =G299 -> 7271 | H34: =H299 -> 7525.7 | I34: =I299 -> 14638.1 | J34: =J299 -> 22567.7 | K34: =K299 -> 23177.5 | L34: =L299 -> 58713.2 | ... O34: =O299 -> 38713.2 | P34: =L34-#REF! -> #REF! | Q34: =P34-'ВЕРНАЯ на АВГУСТ'!P34 -> #REF!
C35: федеральный бюджет (прогнозно) | D35: =SUM(E35:O35) -> 0 | E35: =E300 -> 0 | F35: =F300 -> 0 | G35: =G300 -> 0 | H35: =H300 -> 0 | I35: =I300 -> 0 | J35: =J300 -> 0 | K35: =K300 -> 0 | L35: =L300 -> 0 | ... O35: =O300 -> 0 | P35: =L35-#REF! -> #REF! | Q35: =P35-'ВЕРНАЯ на АВГУСТ'!P35 -> #REF!
C36: местные бюджеты (прогнозно) | D36: =SUM(E36:O36) -> 0 | E36: =E301 -> 0 | F36: =F301 -> 0 | G36: =G301 -> 0 | H36: =H301 -> 0 | I36: =I301 -> 0 | J36: =J301 -> 0 | K36: =K301 -> 0 | L36: =L301 -> 0 | ... O36: =O301 -> 0 | P36: =L36-#REF! -> #REF! | Q36: =P36-'ВЕРНАЯ на АВГУСТ'!P36 -> #REF!
C37: внебюджетные источники (прогнозно) | D37: =SUM(E37:O37) -> 58177.5 | E37: =E302 -> 0 | F37: =F302 -> 1181.9 | G37: =G302 -> 6095.6 | H37: =H302 -> 6100 | I37: =I302 -> 6100 | J37: =J302 -> 6100 | K37: =K302 -> 8200 | L37: =L302 -> 6100 | ... O37: =O302 -> 6100 | P37: =L37-#REF! -> #REF! | Q37: =P37-'ВЕРНАЯ на АВГУСТ'!P37 -> #REF!
C38: государственные внебюджетные фонды и иные безвозмездные поступления целевой направленности (прогнозно) | D38: =SUM(E38:O38) -> 10000 | E38: =E303 -> 0 | F38: =F303 -> 0 | G38: =G303 -> 0 | H38: =H303 -> 0 | I38: =I303 -> 0 | J38: =J303 -> 10000 | K38: =K303 -> 0 | L38: =L303 -> 0 | ... O38: =O303 -> 0 | P38: =L38-#REF! -> #REF! | Q38: =P38-'ВЕРНАЯ на АВГУСТ'!P38 -> #REF!
B39: комитет по реализации инвестиционных проектов в строительстве области | C39: всего | D39: =SUM(E39:O39) -> 2050339.7 | E39: =E517 -> 0 | F39: =F517 -> 0 | G39: =G517 -> 0 | H39: =H517 -> 0 | I39: =I517 -> 0 | J39: =J517 -> 56958.5 | K39: =K517 -> 252271.3 | L39: =L517 -> 870493.8 | ... O39: =O517 -> 0 | P39: =L39-#REF! -> #REF! | Q39: =P39-'ВЕРНАЯ на АВГУСТ'!P39 -> #REF!
C40: областной бюджет | D40: =SUM(E40:O40) -> 529253.7 | E40: =E518 -> 0 | F40: =F518 -> 0 | G40: =G518 -> 0 | H40: =H518 -> 0 | I40: =I518 -> 0 | J40: =J518 -> 13005.5 | K40: =K518 -> 62950.3 | L40: =L518 -> 336493.8 | ... O40: =O518 -> 0 | P40: =L40-#REF! -> #REF! | Q40: =P40-'ВЕРНАЯ на АВГУСТ'!P40 -> #REF!
C41: федеральный бюджет (прогнозно) | D41: =SUM(E41:O41) -> 1477133 | E41: =E519 -> 0 | F41: =F519 -> 0 | G41: =G519 -> 0 | H41: =H519 -> 0 | I41: =I519 -> 0 | J41: =J519 -> 0 | K41: =K519 -> 189321 | L41: =L519 -> 534000 | ... O41: =O519 -> 0 | P41: =L41-#REF! -> #REF! | Q41: =P41-'ВЕРНАЯ на АВГУСТ'!P41 -> #REF!
C42: местные бюджеты (прогнозно) | D42: =SUM(E42:O42) -> 0 | E42: =E520 -> 0 | F42: =F520 -> 0 | G42: =G520 -> 0 | H42: =H520 -> 0 | I42: =I520 -> 0 | J42: =J520 -> 0 | K42: =K520 -> 0 | L42: =L520 -> 0 | ... O42: =O520 -> 0 | P42: =L42-#REF! -> #REF! | Q42: =P42-'ВЕРНАЯ на АВГУСТ'!P42 -> #REF!
C43: внебюджетные источники (прогнозно) | D43: =SUM(E43:O43) -> 0 | E43: =E521 -> 0 | F43: =F521 -> 0 | G43: =G521 -> 0 | H43: =H521 -> 0 | I43: =I521 -> 0 | J43: =J521 -> 0 | K43: =K521 -> 0 | L43: =L521 -> 0 | ... O43: =O521 -> 0 | P43: =L43-#REF! -> #REF! | Q43: =P43-'ВЕРНАЯ на АВГУСТ'!P43 -> #REF!
C44: государственные внебюджетные фонды и иные безвозмездные поступления целевой направленности (прогнозно) | D44: =SUM(E44:O44) -> 43953 | E44: =E522 -> 0 | F44: =F522 -> 0 | G44: =G522 -> 0 | H44: =H522 -> 0 | I44: =I522 -> 0 | J44: =J522 -> 43953 | K44: =K522 -> 0 | L44: =L522 -> 0 | ... O44: =O522 -> 0 | P44: =L44-#REF! -> #REF! | Q44: =P44-'ВЕРНАЯ на АВГУСТ'!P44 -> #REF!
B45: министерство внутренней политики и общественных отношений области | C45: всего | D45: =SUM(E45:O45) -> 1927.3 | E45: 0 | F45: 0 | G45: 0 | H45: 0 | I45: 0 | J45: 0 | K45: 0 | L45: =L940 -> 1927.3 | M45: =M940 -> 0 | N45: =N940 -> 0 | O45: =O940 -> 0 | P45: =L45-#REF! -> #REF! | Q45: =P45-'ВЕРНАЯ на АВГУСТ'!P45 -> #REF!
C46: областной бюджет | D46: =SUM(E46:O46) -> 212 | E46: 0 | F46: 0 | G46: 0 | H46: 0 | I46: 0 | J46: 0 | K46: 0 | L46: =L941 -> 212 | M46: =M941 -> 0 | N46: =N941 -> 0 | O46: =O941 -> 0 | P46: =L46-#REF! -> #REF! | Q46: =P46-'ВЕРНАЯ на АВГУСТ'!P46 -> #REF!
C47: федеральный бюджет (прогнозно) | D47: =SUM(E47:O47) -> 1715.3 | E47: 0 | F47: 0 | G47: 0 | H47: 0 | I47: 0 | J47: 0 | K47: 0 | L47: =L942 -> 1715.3 | M47: =M942 -> 0 | N47: =N942 -> 0 | O47: =O942 -> 0 | P47: =L47-#REF! -> #REF! | Q47: =P47-'ВЕРНАЯ на АВГУСТ'!P47 -> #REF!
C48: местные бюджеты (прогнозно) | D48: =SUM(E48:O48) -> 0 | E48: 0 | F48: 0 | G48: 0 | H48: 0 | I48: 0 | J48: 0 | K48: 0 | L48: =L943 -> 0 | M48: =M943 -> 0 | N48: =N943 -> 0 | O48: =O943 -> 0 | P48: =L48-#REF! -> #REF! | Q48: =P48-'ВЕРНАЯ на АВГУСТ'!P48 -> #REF!
C49: внебюджетные источники (прогнозно) | D49: =SUM(E49:O49) -> 0 | E49: 0 | F49: 0 | G49: 0 | H49: 0 | I49: 0 | J49: 0 | K49: 0 | L49: =L944 -> 0 | M49: =M944 -> 0 | N49: =N944 -> 0 | O49: =O944 -> 0 | P49: =L49-#REF! -> #REF! | Q49: =P49-'ВЕРНАЯ на АВГУСТ'!P49 -> #REF!
C50: государственные внебюджетные фонды и иные безвозмездные поступления целевой направленности (прогнозно) | D50: =SUM(E50:O50) -> 0 | E50: 0 | F50: 0 | G50: 0 | H50: 0 | I50: 0 | J50: 0 | K50: 0 | L50: =L945 -> 0 | M50: =M945 -> 0 | N50: =N945 -> 0 | O50: =O945 -> 0 | P50: =L50-#REF! -> #REF! | Q50: =P50-'ВЕРНАЯ на АВГУСТ'!P50 -> #REF!
A51: Подпрограмма 1 "Музеи" | C51: всего | D51: =SUM(E51:O51) -> 3074321.6 | E51: =E57+E63+E69+E75+E81 -> 1003594.2 | F51: =F57+F63+F69+F75+F81 -> 92934.2 | G51: =G57+G63+G69+G75+G81 -> 94181.4 | H51: =H57+H63+H69+H75+H81 -> 103736.2 | I51: =I57+I63+I69+I75+I81 -> 169506.2 | J51: =J57+J63+J69+J75+J81 -> 235463.3 | K51: =K57+K63+K69+K75+K81 -> 220908.6 | L51: =L57+L63+L69+L75+L81 -> 326655.4 | ... O51: =O57+O63+O69+O75+O81 -> 277007 | P51: =L51-#REF! -> #REF! | Q51: =P51-'ВЕРНАЯ на АВГУСТ'!P51 -> #REF!
C52: областной бюджет | D52: =SUM(E52:O52) -> 1518905 | E52: =E58+E64+E70+E76+E82 -> 75475.2 | F52: =F58+F64+F70+F76+F82 -> 81558.7 | G52: =G58+G64+G70+G76+G82 -> 84020.8 | H52: =H58+H64+H70+H76+H82 -> 86216.2 | I52: =I58+I64+I70+I76+I82 -> 108424.6 | J52: =J58+J64+J70+J76+J82 -> 159758.5 | K52: =K58+K64+K70+K76+K82 -> 151943.2 | L52: =L58+L64+L70+L76+L82 -> 209210 | ... O52: =O58+O64+O70+O76+O82 -> 187432.6 | P52: =L52-#REF! -> #REF! | Q52: =P52-'ВЕРНАЯ на АВГУСТ'!P52 -> #REF!
C53: федеральный бюджет (прогнозно) | D53: =SUM(E53:O53) -> 0 | E53: =E59+E65+E71+E77+E83 -> 0 | F53: =F59+F65+F71+F77+F83 -> 0 | G53: =G59+G65+G71+G77+G83 -> 0 | H53: =H59+H65+H71+H77+H83 -> 0 | I53: =I59+I65+I71+I77+I83 -> 0 | J53: =J59+J65+J71+J77+J83 -> 0 | K53: =K59+K65+K71+K77+K83 -> 0 | L53: =L59+L65+L71+L77+L83 -> 0 | ... O53: =O59+O65+O71+O77+O83 -> 0 | P53: =L53-#REF! -> #REF! | Q53: =P53-'ВЕРНАЯ на АВГУСТ'!P53 -> #REF!
C54: местные бюджеты (прогнозно) | D54: =SUM(E54:O54) -> 1388332.1 | E54: =E60+E66+E72+E78+E84 -> 918319 | F54: =F60+F66+F72+F78+F84 -> 1134.5 | G54: =G60+G66+G72+G78+G84 -> 1359 | H54: =H60+H66+H72+H78+H84 -> 7744.9 | I54: =I60+I66+I72+I78+I84 -> 48853.3 | J54: =J60+J66+J72+J78+J84 -> 55947.8 | K54: =K60+K66+K72+K78+K84 -> 57638.7 | L54: =L60+L66+L72+L78+L84 -> 97688.4 | ... O54: =O60+O66+O72+O78+O84 -> 66703.4 | P54: =L54-#REF! -> #REF! | Q54: =P54-'ВЕРНАЯ на АВГУСТ'!P54 -> #REF!
C55: внебюджетные источники (прогнозно) | D55: =SUM(E55:O55) -> 167084.5 | E55: =E61+E67+E73+E79+E85 -> 9800 | F55: =F61+F67+F73+F79+F85 -> 10241 | G55: =G61+G67+G73+G79+G85 -> 8801.6 | H55: =H61+H67+H73+H79+H85 -> 9775.1 | I55: =I61+I67+I73+I79+I85 -> 12228.3 | J55: =J61+J67+J73+J79+J85 -> 19757 | K55: =K61+K67+K73+K79+K85 -> 11326.7 | L55: =L61+L67+L73+L79+L85 -> 19757 | ... O55: =O61+O67+O73+O79+O85 -> 22871 | P55: =L55-#REF! -> #REF! | Q55: =P55-'ВЕРНАЯ на АВГУСТ'!P55 -> #REF!
D56: =SUM(E56:O56) -> 0 | E56: =E62+E68+E74+E80+E86 -> 0 | F56: =F62+F68+F74+F80+F86 -> 0 | G56: =G62+G68+G74+G80+G86 -> 0 | H56: =H62+H68+H74+H80+H86 -> 0 | I56: =I62+I68+I74+I80+I86 -> 0 | J56: =J62+J68+J74+J80+J86 -> 0 | K56: =K62+K68+K74+K80+K86 -> 0 | L56: =L62+L68+L74+L80+L86 -> 0 | ... O56: =O62+O68+O74+O80+O86 -> 0 | P56: =L56-#REF! -> #REF! | Q56: =P56-'ВЕРНАЯ на АВГУСТ'!P56 -> #REF!
A57: Основное мероприятие 1.1 "Оказание государственных услуг населению музеями" | B57: министерство культуры области, органы местного самоуправления (по согласованию) | C57: всего | D57: =SUM(E57:O57) -> 3024733.8 | E57: 997386.1 | F57: 91082.2 | G57: 92311.1 | H57: 102111.5 | I57: 165806.2 | J57: 229798.3 | K57: =K58+K59+K60+K61+K62 -> 218265.9 | L57: =L58+L59+L60+L61+L62 -> 320580.4 | M57: =M58+M59+M60+M61+M62 -> 267817.2 | N57: =N58+N59+N60+N61+N62 -> 269217.9 | O57: =O58+O59+O60+O61+O62 -> 270357 | P57: =L57-#REF! -> #REF! | Q57: =P57-'ВЕРНАЯ на АВГУСТ'!P57 -> #REF!
C58: областной бюджет | D58: =SUM(E58:O58) -> 1469317.2 | E58: 69267.1 | F58: 79706.7 | G58: 82150.5 | H58: 84591.5 | I58: 104724.6 | J58: 154093.5 | K58: 149300.5 | L58: 203135 | M58: =180782.6 -> 180782.6 | N58: =180782.6 -> 180782.6 | O58: 180782.6 | P58: =L58-#REF! -> #REF! | Q58: =P58-'ВЕРНАЯ на АВГУСТ'!P58 -> #REF!
C59: федеральный бюджет (прогнозно) | D59: =SUM(E59:O59) -> 0 | E59: 0 | F59: 0 | G59: 0 | H59: 0 | I59: 0 | J59: 0 | K59: 0 | L59: 0 | M59: 0 | N59: 0 | O59: 0 | P59: =L59-#REF! -> #REF! | Q59: =P59-'ВЕРНАЯ на АВГУСТ'!P59 -> #REF!
C60: местные бюджеты (прогнозно) | D60: =SUM(E60:O60) -> 1388332.1 | E60: 918319 | F60: 1134.5 | G60: 1359 | H60: 7744.9 | I60: 48853.3 | J60: 55947.8 | K60: 57638.7 | L60: 97688.4 | M60: 66289.8 | N60: 66653.3 | O60: 66703.4 | P60: =L60-#REF! -> #REF! | Q60: =P60-'ВЕРНАЯ на АВГУСТ'!P60 -> #REF!
C61: внебюджетные источники (прогнозно) | D61: =SUM(E61:O61) -> 167084.5 | E61: 9800 | F61: 10241 | G61: 8801.6 | H61: 9775.1 | I61: 12228.3 | J61: 19757 | K61: 11326.7 | L61: 19757 | M61: 20744.8 | N61: 21782 | O61: 22871 | P61: =L61-#REF! -> #REF! | Q61: =P61-'ВЕРНАЯ на АВГУСТ'!P61 -> #REF!
D62: =SUM(E62:O62) -> 0 | P62: =L62-#REF! -> #REF! | Q62: =P62-'ВЕРНАЯ на АВГУСТ'!P62 -> #REF!
A63: Основное мероприятие 1.2 "Обеспечение сохранности музейных предметов и музейных коллекций, находящихся в государственной собственности области" | B63: министерство культуры области | C63: всего | D63: =SUM(E63:O63) -> 2672.4 | E63: 870 | F63: 120 | G63: 48.4 | H63: 0 | I63: 184 | J63: 250 | K63: =K64+K65+K66+K67+K68 -> 225 | L63: =L64+L65+L66+L67+L68 -> 225 | M63: =M64+M65+M66+M67+M68 -> 250 | N63: =N64+N65+N66+N67+N68 -> 250 | O63: =O64+O65+O66+O67+O68 -> 250 | P63: =L63-#REF! -> #REF! | Q63: =P63-'ВЕРНАЯ на АВГУСТ'!P63 -> #REF!
C64: областной бюджет | D64: =SUM(E64:O64) -> 2672.4 | E64: 870 | F64: 120 | G64: 48.4 | H64: 0 | I64: 184 | J64: 250 | K64: 225 | L64: =250-25 -> 225 | M64: 250 | N64: 250 | O64: 250 | P64: =L64-#REF! -> #REF! | Q64: =P64-'ВЕРНАЯ на АВГУСТ'!P64 -> #REF!
C65: федеральный бюджет (прогнозно) | D65: =SUM(E65:O65) -> 0 | E65: 0 | F65: 0 | G65: 0 | H65: 0 | I65: 0 | J65: 0 | K65: 0 | L65: 0 | M65: 0 | N65: 0 | O65: 0 | P65: =L65-#REF! -> #REF! | Q65: =P65-'ВЕРНАЯ на АВГУСТ'!P65 -> #REF!
C66: местные бюджеты (прогнозно) | D66: =SUM(E66:O66) -> 0 | E66: 0 | F66: 0 | G66: 0 | H66: 0 | I66: 0 | J66: 0 | K66: 0 | L66: 0 | M66: 0 | N66: 0 | O66: 0 | P66: =L66-#REF! -> #REF! | Q66: =P66-'ВЕРНАЯ на АВГУСТ'!P66 -> #REF!
C67: внебюджетные источники (прогнозно) | D67: =SUM(E67:O67) -> 0 | E67: 0 | F67: 0 | G67: 0 | H67: 0 | I67: 0 | J67: 0 | K67: 0 | L67: 0 | M67: 0 | N67: 0 | O67: 0 | P67: =L67-#REF! -> #REF! | Q67: =P67-'ВЕРНАЯ на АВГУСТ'!P67 -> #REF!
D68: =SUM(E68:O68) -> 0 | P68: =L68-#REF! -> #REF! | Q68: =P68-'ВЕРНАЯ на АВГУСТ'!P68 -> #REF!
A69: Основное мероприятие 1.3 "Обеспечение пополнения и комплектования фондов областных музеев новыми уникальными экспонатами" | B69: министерство культуры области | C69: всего | D69: =SUM(E69:O69) -> 5000 | E69: 1720 | F69: 200 | G69: 200 | H69: 200 | I69: 360 | J69: 400 | K69: =K70+K71+K72+K73+K74 -> 360 | L69: =L70+L71+L72+L73+L74 -> 360 | M69: =M70+M71+M72+M73+M74 -> 400 | N69: =N70+N71+N72+N73+N74 -> 400 | O69: =O70+O71+O72+O73+O74 -> 400 | P69: =L69-#REF! -> #REF! | Q69: =P69-'ВЕРНАЯ на АВГУСТ'!P69 -> #REF!
C70: областной бюджет | D70: =SUM(E70:O70) -> 5000 | E70: 1720 | F70: 200 | G70: 200 | H70: 200 | I70: 360 | J70: 400 | K70: 360 | L70: =400-40 -> 360 | M70: 400 | N70: 400 | O70: 400 | P70: =L70-#REF! -> #REF! | Q70: =P70-'ВЕРНАЯ на АВГУСТ'!P70 -> #REF!
C71: федеральный бюджет (прогнозно) | D71: =SUM(E71:O71) -> 0 | E71: 0 | F71: 0 | G71: 0 | H71: 0 | I71: 0 | J71: 0 | K71: 0 | L71: 0 | M71: 0 | N71: 0 | O71: 0 | P71: =L71-#REF! -> #REF! | Q71: =P71-'ВЕРНАЯ на АВГУСТ'!P71 -> #REF!
C72: местные бюджеты (прогнозно) | D72: =SUM(E72:O72) -> 0 | E72: 0 | F72: 0 | G72: 0 | H72: 0 | I72: 0 | J72: 0 | K72: 0 | L72: 0 | M72: 0 | N72: 0 | O72: 0 | P72: =L72-#REF! -> #REF! | Q72: =P72-'ВЕРНАЯ на АВГУСТ'!P72 -> #REF!
C73: внебюджетные источники (прогнозно) | D73: =SUM(E73:O73) -> 0 | E73: 0 | F73: 0 | G73: 0 | H73: 0 | I73: 0 | J73: 0 | K73: 0 | L73: 0 | M73: 0 | N73: 0 | O73: 0 | P73: =L73-#REF! -> #REF! | Q73: =P73-'ВЕРНАЯ на АВГУСТ'!P73 -> #REF!
D74: =SUM(E74:O74) -> 0 | P74: =L74-#REF! -> #REF! | Q74: =P74-'ВЕРНАЯ на АВГУСТ'!P74 -> #REF!
A75: Основное мероприятие 1.4 "Организация и проведение выставочной деятельности музеев на территории Саратовской области, в субъектах Российской Федерации и в зарубежных странах" | B75: министерство культуры области | C75: всего | D75: =SUM(E75:O75) -> 25822.2 | E75: 3147.7 | F75: 1150 | G75: 1060.1 | H75: 874.7 | I75: 1760 | J75: 2845 | K75: =K76+K77+K78+K79+K80 -> 437.7 | L75: =L76+L77+L78+L79+L80 -> 3357 | M75: =M76+M77+M78+M79+M80 -> 3730 | N75: =N76+N77+N78+N79+N80 -> 3730 | O75: =O76+O77+O78+O79+O80 -> 3730 | P75: =L75-#REF! -> #REF! | Q75: =P75-'ВЕРНАЯ на АВГУСТ'!P75 -> #REF!
C76: областной бюджет | D76: =SUM(E76:O76) -> 25822.2 | E76: 3147.7 | F76: 1150 | G76: 1060.1 | H76: 874.7 | I76: 1760 | J76: 2845 | K76: 437.7 | L76: =3730-373 -> 3357 | M76: 3730 | N76: 3730 | O76: 3730 | P76: =L76-#REF! -> #REF! | Q76: =P76-'ВЕРНАЯ на АВГУСТ'!P76 -> #REF!
C77: федеральный бюджет (прогнозно) | D77: =SUM(E77:O77) -> 0 | E77: 0 | F77: 0 | G77: 0 | H77: 0 | I77: 0 | J77: 0 | K77: 0 | L77: 0 | M77: 0 | N77: 0 | O77: 0 | P77: =L77-#REF! -> #REF! | Q77: =P77-'ВЕРНАЯ на АВГУСТ'!P77 -> #REF!
C78: местные бюджеты (прогнозно) | D78: =SUM(E78:O78) -> 0 | E78: 0 | F78: 0 | G78: 0 | H78: 0 | I78: 0 | J78: 0 | K78: 0 | L78: 0 | M78: 0 | N78: 0 | O78: 0 | P78: =L78-#REF! -> #REF! | Q78: =P78-'ВЕРНАЯ на АВГУСТ'!P78 -> #REF!
C79: внебюджетные источники (прогнозно) | D79: =SUM(E79:O79) -> 0 | E79: 0 | F79: 0 | G79: 0 | H79: 0 | I79: 0 | J79: 0 | K79: 0 | L79: 0 | M79: 0 | N79: 0 | O79: 0 | P79: =L79-#REF! -> #REF! | Q79: =P79-'ВЕРНАЯ на АВГУСТ'!P79 -> #REF!
D80: =SUM(E80:O80) -> 0 | P80: =L80-#REF! -> #REF! | Q80: =P80-'ВЕРНАЯ на АВГУСТ'!P80 -> #REF!
A81: Основное мероприятие 1.5 "Организация и проведение мероприятий по популяризации музейного дела" | B81: министерство культуры области | C81: всего | D81: =SUM(E81:O81) -> 16093.2 | E81: 470.4 | F81: 382 | G81: 561.8 | H81: 550 | I81: 1396 | J81: 2170 | K81: =K82+K83+K84+K85+K86 -> 1620 | L81: =L82+L83+L84+L85+L86 -> 2133 | M81: =M82+M83+M84+M85+M86 -> 2270 | N81: =N82+N83+N84+N85+N86 -> 2270 | O81: =O82+O83+O84+O85+O86 -> 2270 | P81: =L81-#REF! -> #REF! | Q81: =P81-'ВЕРНАЯ на АВГУСТ'!P81 -> #REF!
C82: областной бюджет | D82: =SUM(E82:O82) -> 16093.2 | E82: 470.4 | F82: 382 | G82: 561.8 | H82: 550 | I82: 1396 | J82: 2170 | K82: 1620 | L82: =2270-137 -> 2133 | M82: 2270 | N82: 2270 | O82: 2270 | P82: =L82-#REF! -> #REF! | Q82: =P82-'ВЕРНАЯ на АВГУСТ'!P82 -> #REF!
C83: федеральный бюджет (прогнозно) | D83: =SUM(E83:O83) -> 0 | E83: 0 | F83: 0 | G83: 0 | H83: 0 | I83: 0 | J83: 0 | K83: 0 | L83: 0 | M83: 0 | N83: 0 | O83: 0 | P83: =L83-#REF! -> #REF! | Q83: =P83-'ВЕРНАЯ на АВГУСТ'!P83 -> #REF!
C84: местные бюджеты (прогнозно) | D84: =SUM(E84:O84) -> 0 | E84: 0 | F84: 0 | G84: 0 | H84: 0 | I84: 0 | J84: 0 | K84: 0 | L84: 0 | M84: 0 | N84: 0 | O84: 0 | P84: =L84-#REF! -> #REF! | Q84: =P84-'ВЕРНАЯ на АВГУСТ'!P84 -> #REF!
C85: внебюджетные источники (прогнозно) | D85: =SUM(E85:O85) -> 0 | E85: 0 | F85: 0 | G85: 0 | H85: 0 | I85: 0 | J85: 0 | K85: 0 | L85: 0 | M85: 0 | N85: 0 | O85: 0 | P85: =L85-#REF! -> #REF! | Q85: =P85-'ВЕРНАЯ на АВГУСТ'!P85 -> #REF!
D86: =SUM(E86:O86) -> 0 | P86: =L86-#REF! -> #REF! | Q86: =P86-'ВЕРНАЯ на АВГУСТ'!P86 -> #REF!
A87: Подпрограмма 2 "Театры" | C87: всего | D87: =SUM(E87:O87) -> 9036260.7 | E87: =E93+E99+E105+E111+E117+E123+E129 -> 1016732.6 | F87: =F93+F99+F105+F111+F117+F123+F129 -> 543564.6 | G87: =G93+G99+G105+G111+G117+G123+G129 -> 547495.6 | H87: =H93+H99+H105+H111+H117+H123+H129 -> 655973.1 | I87: =I93+I99+I105+I111+I117+I123+I129 -> 768697.2 | J87: =J93+J99+J105+J111+J117+J123+J129 -> 833247.3 | K87: =K93+K99+K105+K111+K117+K123+K129 -> 798647.6 | L87: =L93+L99+L105+L111+L117+L123+L129 -> 957119.4 | ... O87: =O93+O99+O105+O111+O117+O123+O129 -> 955754.4 | P87: =L87-#REF! -> #REF! | Q87: =P87-'ВЕРНАЯ на АВГУСТ'!P87 -> #REF! | S87: 959864.4 | T87: 4941464.4
C88: областной бюджет | D88: =SUM(E88:O88) -> 4938719.4 | E88: =E94+E100+E106+E112+E118+E124+E130 -> 349952.6 | F88: =F94+F100+F106+F112+F118+F124+F130 -> 330822.8 | G88: =G94+G100+G106+G112+G118+G124+G130 -> 343017.9 | H88: =H94+H100+H106+H112+H118+H124+H130 -> 371699.3 | I88: =I94+I100+I106+I112+I118+I124+I130 -> 397538.7 | J88: =J94+J100+J106+J112+J118+J124+J130 -> 450879.6 | K88: =K94+K100+K106+K112+K118+K124+K130 -> 463454.3 | L88: =L94+L100+L106+L112+L118+L124+L130 -> 555169.1 | ... O88: =O94+O100+O106+O112+O118+O124+O130 -> 555317.1 | P88: =L88-#REF! -> #REF! | Q88: =P88-'ВЕРНАЯ на АВГУСТ'!P88 -> #REF!
C89: федеральный бюджет (прогнозно) | D89: =SUM(E89:O89) -> 554475.3 | E89: =E95+E101+E107+E113+E119+E125+E131 -> 98579 | F89: =F95+F101+F107+F113+F119+F125+F131 -> 78300 | G89: =G95+G101+G107+G113+G119+G125+G131 -> 78300 | H89: =H95+H101+H107+H113+H119+H125+H131 -> 33348.1 | I89: =I95+I101+I107+I113+I119+I125+I131 -> 45658 | J89: =J95+J101+J107+J113+J119+J125+J131 -> 47296.5 | K89: =K95+K101+K107+K113+K119+K125+K131 -> 47191.7 | L89: =L95+L101+L107+L113+L119+L125+L131 -> 45950.3 | ... O89: =O95+O101+O107+O113+O119+O125+O131 -> 0 | P89: =L89-#REF! -> #REF! | Q89: =P89-'ВЕРНАЯ на АВГУСТ'!P89 -> #REF!
C90: местные бюджеты (прогнозно) | D90: =SUM(E90:O90) -> 1156644.8 | E90: =E96+E102+E108+E114+E120+E126+E132 -> 459101 | F90: =F96+F102+F108+F114+F120+F126+F132 -> 20432.3 | G90: =G96+G102+G108+G114+G120+G126+G132 -> 19218.2 | H90: =H96+H102+H108+H114+H120+H126+H132 -> 18604 | I90: =I96+I102+I108+I114+I120+I126+I132 -> 76006.8 | J90: =J96+J102+J108+J114+J120+J126+J132 -> 75847.2 | K90: =K96+K102+K108+K114+K120+K126+K132 -> 89976.7 | L90: =L96+L102+L108+L114+L120+L126+L132 -> 96776 | ... O90: =O96+O102+O108+O114+O120+O126+O132 -> 100353.1 | P90: =L90-#REF! -> #REF! | Q90: =P90-'ВЕРНАЯ на АВГУСТ'!P90 -> #REF! | T90: 557914.1
C91: внебюджетные источники (прогнозно) | D91: =SUM(E91:O91) -> 2386421.2 | E91: =E97+E103+E109+E115+E121+E127+E133 -> 109100 | F91: =F97+F103+F109+F115+F121+F127+F133 -> 114009.5 | G91: =G97+G103+G109+G115+G121+G127+G133 -> 106959.5 | H91: =H97+H103+H109+H115+H121+H127+H133 -> 232321.7 | I91: =I97+I103+I109+I115+I121+I127+I133 -> 249493.7 | J91: =J97+J103+J109+J115+J121+J127+J133 -> 259224 | K91: =K97+K103+K109+K115+K121+K127+K133 -> 198024.9 | L91: =L97+L103+L109+L115+L121+L127+L133 -> 259224 | ... O91: =O97+O103+O109+O115+O121+O127+O133 -> 300084.2 | P91: =L91-#REF! -> #REF! | Q91: =P91-'ВЕРНАЯ на АВГУСТ'!P91 -> #REF!
D92: =SUM(E92:O92) -> 0 | E92: =E98+E104+E110+E116+E122+E128+E134 -> 0 | F92: =F98+F104+F110+F116+F122+F128+F134 -> 0 | G92: =G98+G104+G110+G116+G122+G128+G134 -> 0 | H92: =H98+H104+H110+H116+H122+H128+H134 -> 0 | I92: =I98+I104+I110+I116+I122+I128+I134 -> 0 | J92: =J98+J104+J110+J116+J122+J128+J134 -> 0 | K92: =K98+K104+K110+K116+K122+K128+K134 -> 0 | L92: =L98+L104+L110+L116+L122+L128+L134 -> 0 | ... O92: =O98+O104+O110+O116+O122+O128+O134 -> 0 | P92: =L92-#REF! -> #REF! | Q92: =P92-'ВЕРНАЯ на АВГУСТ'!P92 -> #REF!
A93: Основное мероприятие 2.1 "Оказание государственных услуг населению театрами" | B93: министерство культуры области, органы местного самоуправления (по согласованию) | C93: всего | D93: =SUM(E93:O93) -> 8532118.1 | E93: 998642.5 | F93: 536656.6 | G93: 537757.4 | H93: 610952.2 | I93: 704187 | J93: 766133.5 | K93: =K94+K95+K96+K97+K98 -> 736291.9 | L93: =L94+L95+L96+L97+L98 -> 884384.8 | M93: =M94+M95+M96+M97+M98 -> 905352 | N93: =N94+N95+N96+N97+N98 -> 918655.8 | O93: =O94+O95+O96+O97+O98 -> 933104.4 | P93: =L93-#REF! -> #REF! | Q93: =P93-'ВЕРНАЯ на АВГУСТ'!P93 -> #REF!
C94: областной бюджет | D94: =SUM(E94:O94) -> 4733873.1 | E94: 331862.5 | F94: 323914.8 | G94: 333279.7 | H94: 360026.5 | I94: 378686.5 | J94: 431062.3 | K94: 448290.3 | L94: =529584.8-1200 -> 528384.8 | M94: 533031.5 | N94: 532667.1 | O94: 532667.1 | P94: =L94-#REF! -> #REF! | Q94: =P94-'ВЕРНАЯ на АВГУСТ'!P94 -> #REF!
C95: федеральный бюджет (прогнозно) | D95: =SUM(E95:O95) -> 255179 | E95: 98579 | F95: 78300 | G95: 78300 | H95: 0 | I95: 0 | J95: 0 | K95: 0 | L95: 0 | M95: 0 | N95: 0 | O95: 0 | P95: =L95-#REF! -> #REF! | Q95: =P95-'ВЕРНАЯ на АВГУСТ'!P95 -> #REF!
C96: местные бюджеты (прогнозно) | D96: =SUM(E96:O96) -> 1156644.8 | E96: 459101 | F96: 20432.3 | G96: 19218.2 | H96: 18604 | I96: 76006.8 | J96: 75847.2 | K96: 89976.7 | L96: 96776 | M96: 100135.3 | N96: 100194.2 | O96: 100353.1 | P96: =L96-#REF! -> #REF! | Q96: =P96-'ВЕРНАЯ на АВГУСТ'!P96 -> #REF!
C97: внебюджетные источники (прогнозно) | D97: =SUM(E97:O97) -> 2386421.2 | E97: 109100 | F97: 114009.5 | G97: 106959.5 | H97: 232321.7 | I97: 249493.7 | J97: 259224 | K97: 198024.9 | L97: 259224 | M97: 272185.2 | N97: 285794.5 | O97: 300084.2 | P97: =L97-#REF! -> #REF! | Q97: =P97-'ВЕРНАЯ на АВГУСТ'!P97 -> #REF!
D98: =SUM(E98:O98) -> 0 | P98: =L98-#REF! -> #REF! | Q98: =P98-'ВЕРНАЯ на АВГУСТ'!P98 -> #REF!
A99: Основное мероприятие 2.2 "Создание новых спектаклей в областных театрах" | B99: министерство культуры области | C99: всего | D99: =SUM(E99:O99) -> 61976.5 | E99: 10078 | F99: 4500 | G99: 4344.8 | H99: 4663.7 | I99: 4460 | J99: 6450 | K99: =K100+K101+K102+K103+K104 -> 1350 | L99: =L100+L101+L102+L103+L104 -> 6030 | M99: =M100+M101+M102+M103+M104 -> 6700 | N99: =N100+N101+N102+N103+N104 -> 6700 | O99: =O100+O101+O102+O103+O104 -> 6700 | P99: =L99-#REF! -> #REF! | Q99: =P99-'ВЕРНАЯ на АВГУСТ'!P99 -> #REF!
C100: областной бюджет | D100: =SUM(E100:O100) -> 61976.5 | E100: 10078 | F100: 4500 | G100: 4344.8 | H100: 4663.7 | I100: 4460 | J100: 6450 | K100: 1350 | L100: =6700-670 -> 6030 | M100: 6700 | N100: 6700 | O100: 6700 | P100: =L100-#REF! -> #REF! | Q100: =P100-'ВЕРНАЯ на АВГУСТ'!P100 -> #REF!
C101: федеральный бюджет (прогнозно) | D101: =SUM(E101:O101) -> 0 | E101: 0 | F101: 0 | G101: 0 | H101: 0 | I101: 0 | J101: 0 | K101: 0 | L101: 0 | M101: 0 | N101: 0 | O101: 0 | P101: =L101-#REF! -> #REF! | Q101: =P101-'ВЕРНАЯ на АВГУСТ'!P101 -> #REF!
C102: местные бюджеты (прогнозно) | D102: =SUM(E102:O102) -> 0 | E102: 0 | F102: 0 | G102: 0 | H102: 0 | I102: 0 | J102: 0 | K102: 0 | L102: 0 | M102: 0 | N102: 0 | O102: 0 | P102: =L102-#REF! -> #REF! | Q102: =P102-'ВЕРНАЯ на АВГУСТ'!P102 -> #REF!
...

Sheet ВЕРНАЯ на АВГУСТ
A3: Наименование государственной программы, подпрограммы, ведомственной целевой программы, основного мероприятия | B3: Ответственный исполнитель, соисполнитель, участник государственной программы (соисполнитель подпрограммы), плательщик (далее - исполнитель) | C3: Источники финансового обеспечения | D3: Объемы финансового обеспечения всего, (тыс. рублей) | E3: В том числе по годам реализации
E4: 2014 | F4: 2015 | G4: 2016 | H4: 2017 | I4: 2018 | J4: 2019 | K4: 2020 | L4: 2021 | M4: 2022 | N4: 2023 | O4: 2024
A5: 1 | B5: 2 | C5: 3 | D5: 4 | E5: 5 | F5: 6 | G5: 7 | H5: 8 | I5: 9 | J5: 10 | K5: 11 | L5: 12 | M5: 13 | N5: 14 | O5: 15 | U5: 6985960.9 | V5: 2704748.4
A6: Государственная программа Саратовской области "Культура Саратовской области" | C6: всего | D6: =SUM(E6:O6) -> 51714598 | E6: =E14+E21+E27+E33+E39+E45 -> 4865320.2 | F6: =F14+F21+F27+F33+F39+F45 -> 2108258.3 | G6: =G14+G21+G27+G33+G39+G45 -> 1927521.6 | H6: =H14+H21+H27+H33+H39+H45 -> 2974016.6 | I6: =I14+I21+I27+I33+I39+I45 -> 4510087.6 | J6: =J14+J21+J27+J33+J39+J45 -> 5256858.7 | K6: =K14+K21+K27+K33+K39+K45 -> 5243900.8 | L6: =L14+L21+L27+L33+L39+L45 -> 6985960.9 | ... O6: =O14+O21+O27+O33+O39+O45 -> 5429858.3 | P6: =L6-#REF! -> #REF!
C7: областной бюджет | D7: =SUM(E7:O7) -> 18765062 | E7: =E15+E22+E28+E34+E40+E46 -> 1200430.2 | F7: =F15+F22+F28+F34+F40+F46 -> 1133207 | G7: =G15+G22+G28+G34+G40+G46 -> 1087822.1 | H7: =H15+H22+H28+H34+H40+H46 -> 1356948.3 | I7: =I15+I22+I28+I34+I40+I46 -> 1321655 | J7: =J15+J22+J28+J34+J40+J46 -> 1778262 | K7: =K15+K22+K28+K34+K40+K46 -> 1681483.4 | L7: =L15+L22+L28+L34+L40+L46 -> 2704748.4 | ... O7: =O15+O22+O28+O34+O40+O46 -> 2091805.1 | P7: =L7-#REF! -> #REF! | Q7: =L7+L8 -> 3467987.2 | S7: 3447987.2 | T7: =S7-Q7 -> -20000 | U7: 51714598 | V7: 18765062
C8: федеральный бюджет (прогнозно) | D8: =SUM(E8:O8) -> 4058410 | E8: =E16+E23+E29+E35+E41+E47 -> 424910 | F8: =F16+F23+F29+F35+F41+F47 -> 350172.8 | G8: =G16+G23+G29+G35+G41+G47 -> 85202.5 | H8: =H16+H23+H29+H35+H41+H47 -> 92110.7 | I8: =I16+I23+I29+I35+I41+I47 -> 231410.3 | J8: =J16+J23+J29+J35+J41+J47 -> 308355.3 | K8: =K16+K23+K29+K35+K41+K47 -> 574476.2 | L8: =L16+L23+L29+L35+L41+L47 -> 763238.8 | ... O8: =O16+O23+O29+O35+O41+O47 -> 0 | P8: =L8-#REF! -> #REF!
C9: местные бюджеты (прогнозно) | D9: =SUM(E9:O9) -> 25043887 | E9: =E17+E24+E30+E36+E42+E48 -> 3069368 | F9: =F17+F24+F30+F36+F42+F48 -> 450341.2 | G9: =G17+G24+G30+G36+G42+G48 -> 569768 | H9: =H17+H24+H30+H36+H42+H48 -> 1012886 | I9: =I17+I24+I30+I36+I42+I48 -> 2480233.5 | J9: =J17+J24+J30+J36+J42+J48 -> 2728100.9 | K9: =K17+K24+K30+K36+K42+K48 -> 2698275.3 | L9: =L17+L24+L30+L36+L42+L48 -> 3146086.2 | ... O9: =O17+O24+O30+O36+O42+O48 -> 2910711.4 | P9: =L9-#REF! -> #REF! | T9: 2704748.4
C10: внебюджетные источники (прогнозно) | D10: =SUM(E10:O10) -> 3574712.4 | E10: =E18+E25+E31+E37+E43+E49 -> 170612 | F10: =F18+F25+F31+F37+F43+F49 -> 174537.3 | G10: =G18+G25+G31+G37+G43+G49 -> 184729 | H10: =H18+H25+H31+H37+H43+H49 -> 312071.6 | I10: =I18+I25+I31+I37+I43+I49 -> 476788.8 | J10: =J18+J25+J31+J37+J43+J49 -> 369613.2 | K10: =K18+K25+K31+K37+K43+K49 -> 289665.9 | L10: =L18+L25+L31+L37+L43+L49 -> 371887.5 | ... O10: =O18+O25+O31+O37+O43+O49 -> 427341.8 | P10: =L10-#REF! -> #REF!
C11: государственные внебюджетные фонды и иные безвозмездные поступления целевой направленности (прогнозно) | D11: =SUM(E11:O11) -> 272527.3 | E11: =E19+E26+E32+E38+E44+E50 -> 0 | F11: =F19+F26+F32+F38+F44+F50 -> 0 | G11: =G19+G26+G32+G38+G44+G50 -> 0 | H11: =H19+H26+H32+H38+H44+H50 -> 200000 | I11: =I19+I26+I32+I38+I44+I50 -> 0 | J11: =J19+J26+J32+J38+J44+J50 -> 72527.3 | K11: =K19+K26+K32+K38+K44+K50 -> 0 | L11: =L19+L26+L32+L38+L44+L50 -> 0 | ... O11: =O19+O26+O32+O38+O44+O50 -> 0 | P11: =L11-#REF! -> #REF! | T11: 6985960.9
P12: =L12-#REF! -> #REF!
B13: в том числе по исполнителям: | P13: =L13-#REF! -> #REF!
B14: министерство культуры области | C14: всего | D14: =SUM(E14:O14) -> 47513706 | E14: =E51+E87+E135+E171+E207+E243+E292+E461+E498+E836+E928 -> 4435640.7 | F14: =F51+F87+F135+F171+F207+F243+F292+F461+F498+F836+F928 -> 1765270.5 | G14: =G51+G87+G135+G171+G207+G243+G292+G461+G498+G836+G928 -> 1860957.7 | H14: =H51+H87+H135+H171+H207+H243+H292+H461+H498+H836+H928 -> 2895349.9 | I14: =I51+I87+I135+I171+I207+I243+I292+I461+I498+I836+I928 -> 4279028.8 | J14: =J51+J87+J135+J171+J207+J243+J292+J461+J498+J836+J928 -> 5079884.2 | K14: =K51+K87+K135+K171+K207+K243+K292+K461+K498+K836+K928 -> 4860391.6 | L14: =L51+L87+L135+L171+L207+L243+L292+L461+L498+L836+L928 -> 5810350.6 | ... O14: =O51+O87+O135+O171+O207+O243+O292+O461+O498+O836+O928 -> 5281448.8 | P14: =L14-#REF! -> #REF!
C15: областной бюджет | D15: =SUM(E15:O15) -> 16972066 | E15: =E52+E88+E136+E172+E208+E244+E293+E462+E499+E837+E929 -> 1080295.4 | F15: =F52+F88+F136+F172+F208+F244+F293+F462+F499+F837+F929 -> 1062934.1 | G15: =G52+G88+G136+G172+G208+G244+G293+G462+G499+G837+G929 -> 1037017.6 | H15: =H52+H88+H136+H172+H208+H244+H293+H462+H499+H837+H929 -> 1303576.7 | I15: =I52+I88+I136+I172+I208+I244+I293+I462+I499+I837+I929 -> 1238787.4 | J15: =J52+J88+J136+J172+J208+J244+J293+J462+J499+J837+J929 -> 1671770.6 | K15: =K52+K88+K136+K172+K208+K244+K293+K462+K499+K837+K929 -> 1509416.8 | L15: =L52+L88+L136+L172+L208+L244+L293+L462+L499+L837+L929 -> 2080921.1 | ... O15: =O52+O88+O136+O172+O208+O244+O293+O462+O499+O837+O929 -> 1959685.7 | P15: =L15-#REF! -> #REF!
C16: федеральный бюджет (прогнозно) | D16: =SUM(E16:O16) -> 1868072.1 | E16: =E53+E89+E137+E173+E209+E245+E294+E463+E500+E838+E930 -> 124730.6 | F16: =F53+F89+F137+F173+F209+F245+F294+F463+F500+F838+F930 -> 85429.9 | G16: =G53+G89+G137+G173+G209+G245+G294+G463+G500+G838+G930 -> 85122 | H16: =H53+H89+H137+H173+H209+H245+H294+H463+H500+H838+H930 -> 82605.4 | I16: =I53+I89+I137+I173+I209+I245+I294+I463+I500+I838+I930 -> 98984.6 | J16: =J53+J89+J137+J173+J209+J245+J294+J463+J500+J838+J930 -> 305987.9 | K16: =K53+K89+K137+K173+K209+K245+K294+K463+K500+K838+K930 -> 382966.8 | L16: =L53+L89+L137+L173+L209+L245+L294+L463+L500+L838+L930 -> 227523.5 | ... O16: =O53+O89+O137+O173+O209+O245+O294+O463+O500+O838+O930 -> 0 | P16: =L16-#REF! -> #REF!
C17: местные бюджеты (прогнозно) | D17: =SUM(E17:O17) -> 24940019 | E17: =E54+E90+E138+E174+E210+E246+E295+E464+E501+E839+E931 -> 3060342.7 | F17: =F54+F90+F138+F174+F210+F246+F295+F464+F501+F839+F931 -> 444154.1 | G17: =G54+G90+G138+G174+G210+G246+G295+G464+G501+G839+G931 -> 560801.7 | H17: =H54+H90+H138+H174+H210+H246+H295+H464+H501+H839+H931 -> 1003196.2 | I17: =I54+I90+I138+I174+I210+I246+I295+I464+I501+I839+I931 -> 2470568 | J17: =J54+J90+J138+J174+J210+J246+J295+J464+J501+J839+J931 -> 2720038.2 | K17: =K54+K90+K138+K174+K210+K246+K295+K464+K501+K839+K931 -> 2686542.1 | L17: =L54+L90+L138+L174+L210+L246+L295+L464+L501+L839+L931 -> 3136118.5 | ... O17: =O54+O90+O138+O174+O210+O246+O295+O464+O501+O839+O931 -> 2900521.3 | P17: =L17-#REF! -> #REF!
C18: внебюджетные источники (прогнозно) | D18: =SUM(E18:O18) -> 3514974.9 | E18: =E55+E91+E139+E175+E211+E247+E296+E465+E502+E840+E932 -> 170272 | F18: =F55+F91+F139+F175+F211+F247+F296+F465+F502+F840+F932 -> 172752.4 | G18: =G55+G91+G139+G175+G211+G247+G296+G465+G502+G840+G932 -> 178016.4 | H18: =H55+H91+H139+H175+H211+H247+H296+H465+H502+H840+H932 -> 305971.6 | I18: =I55+I91+I139+I175+I211+I247+I296+I465+I502+I840+I932 -> 470688.8 | J18: =J55+J91+J139+J175+J211+J247+J296+J465+J502+J840+J932 -> 363513.2 | K18: =K55+K91+K139+K175+K211+K247+K296+K465+K502+K840+K932 -> 281465.9 | L18: =L55+L91+L139+L175+L211+L247+L296+L465+L502+L840+L932 -> 365787.5 | ... O18: =O55+O91+O139+O175+O211+O247+O296+O465+O502+O840+O932 -> 421241.8 | P18: =L18-#REF! -> #REF!
C19: государственные внебюджетные фонды и иные безвозмездные поступления целевой направленности (прогнозно) | D19: =SUM(E19:O19) -> 218574.3 | E19: =E56+E92+E140+E176+E212+E248+E297+E466+E503+E841+E933 -> 0 | F19: =F56+F92+F140+F176+F212+F248+F297+F466+F503+F841+F933 -> 0 | G19: =G56+G92+G140+G176+G212+G248+G297+G466+G503+G841+G933 -> 0 | H19: =H56+H92+H140+H176+H212+H248+H297+H466+H503+H841+H933 -> 200000 | I19: =I56+I92+I140+I176+I212+I248+I297+I466+I503+I841+I933 -> 0 | J19: =J56+J92+J140+J176+J212+J248+J297+J466+J503+J841+J933 -> 18574.3 | K19: =K56+K92+K140+K176+K212+K248+K297+K466+K503+K841+K933 -> 0 | L19: =L56+L92+L140+L176+L212+L248+L297+L466+L503+L841+L933 -> 0 | ... O19: =O56+O92+O140+O176+O212+O248+O297+O466+O503+O841+O933 -> 0 | P19: =L19-#REF! -> #REF!
D20: =SUM(E20:O20) -> -1.5570549e-09 | E20: =E14-E15-E16-E17-E18-E19 -> -4.6566129e-10 | F20: =F14-F15-F16-F17-F18-F19 -> -5.8207661e-10 | G20: =G14-G15-G16-G17-G18-G19 -> 1.4551915e-10 | H20: =H14-H15-H16-H17-H18-H19 -> 0 | I20: =I14-I15-I16-I17-I18-I19 -> -1.7462298e-10 | J20: =J14-J15-J16-J17-J18-J19 -> 4.5110937e-10 | K20: =K14-K15-K16-K17-K18-K19 -> -1.1641532e-10 | L20: =L14-L15-L16-L17-L18-L19 -> 4.6566129e-10 | ... O20: =O14-O15-O16-O17-O18-O19 -> -1.7462298e-10 | P20: =L20-#REF! -> #REF!
B21: управление делами Правительства области | C21: всего | D21: =SUM(E21:O21) -> 874431.2 | E21: =E443+E449+E455+E842+E940+E504 -> 53995 | F21: =F443+F449+F455+F842+F940+F504 -> 48924.7 | G21: =G443+G449+G455+G842+G940+G504 -> 53197.3 | H21: =H443+H449+H455+H842+H940+H504 -> 64193.3 | I21: =I443+I449+I455+I842+I940+I504 -> 58750.7 | J21: =J443+J449+J455+J842+J940+J504 -> 81348.3 | K21: =K443+K449+K455+K842+K940+K504 -> 99860.4 | L21: =L443+L449+L455+L842+L504 -> 103376 | M21: =M443+M449+M455+M842+M504 -> 103592.9 | N21: =N443+N449+N455+N842+N504 -> 103596.3 | O21: =O443+O449+O455+O842+O504 -> 103596.3 | P21: =L21-#REF! -> #REF!
C22: областной бюджет | D22: =SUM(E22:O22) -> 752196.8 | E22: =E444+E450+E456+E843+E941+E505 -> 44450.3 | F22: =F444+F450+F456+F843+F941+F505 -> 42074.8 | G22: =G444+G450+G456+G843+G941+G505 -> 43533.5 | H22: =H444+H450+H456+H843+H941+H505 -> 44998.2 | I22: =I444+I450+I456+I843+I941+I505 -> 46659.5 | J22: =J444+J450+J456+J843+J941+J505 -> 70918.2 | K22: =K444+K450+K456+K843+K941+K505 -> 85938.8 | L22: =L444+L450+L456+L843+L505 -> 93408.3 | M22: =M444+M450+M456+M843+M505 -> 93402.8 | N22: =N444+N450+N456+N843+N505 -> 93406.2 | O22: =O444+O450+O456+O843+O505 -> 93406.2 | P22: =L22-#REF! -> #REF!
C23: федеральный бюджет (прогнозно) | D23: =SUM(E23:O23) -> 16806.5 | E23: =E445+E451+E457+E844+E942+E506 -> 179.4 | F23: =F445+F451+F457+F844+F942+F506 -> 59.8 | G23: =G445+G451+G457+G844+G942+G506 -> 80.5 | H23: =H445+H451+H457+H844+H942+H506 -> 9505.3 | I23: =I445+I451+I457+I844+I942+I506 -> 2425.7 | J23: =J445+J451+J457+J844+J942+J506 -> 2367.4 | K23: =K445+K451+K457+K844+K942+K506 -> 2188.4 | L23: =L445+L451+L457+L844+L506 -> 0 | M23: =M445+M451+M457+M844+M506 -> 0 | N23: =N445+N451+N457+N844+N506 -> 0 | O23: =O445+O451+O457+O844+O506 -> 0 | P23: =L23-#REF! -> #REF!
C24: местные бюджеты (прогнозно) | D24: =SUM(E24:O24) -> 103867.9 | E24: =E446+E452+E458+E845+E943+E507 -> 9025.3 | F24: =F446+F452+F458+F845+F943+F507 -> 6187.1 | G24: =G446+G452+G458+G845+G943+G507 -> 8966.3 | H24: =H446+H452+H458+H845+H943+H507 -> 9689.8 | I24: =I446+I452+I458+I845+I943+I507 -> 9665.5 | J24: =J446+J452+J458+J845+J943+J507 -> 8062.7 | K24: =K446+K452+K458+K845+K943+K507 -> 11733.2 | L24: =L446+L452+L458+L845+L507 -> 9967.7 | M24: =M446+M452+M458+M845+M507 -> 10190.1 | N24: =N446+N452+N458+N845+N507 -> 10190.1 | O24: =O446+O452+O458+O845+O507 -> 10190.1 | P24: =L24-#REF! -> #REF!
C25: внебюджетные источники (прогнозно) | D25: =SUM(E25:O25) -> 1560 | E25: =E447+E453+E459+E846+E944+E508 -> 340 | F25: =F447+F453+F459+F846+F944+F508 -> 603 | G25: =G447+G453+G459+G846+G944+G508 -> 617 | H25: =H447+H453+H459+H846+H944+H508 -> 0 | I25: =I447+I453+I459+I846+I944+I508 -> 0 | J25: =J447+J453+J459+J846+J944+J508 -> 0 | K25: =K447+K453+K459+K846+K944+K508 -> 0 | L25: =L447+L453+L459+L846+L508 -> 0 | M25: =M447+M453+M459+M846+M508 -> 0 | N25: =N447+N453+N459+N846+N508 -> 0 | O25: =O447+O453+O459+O846+O508 -> 0 | P25: =L25-#REF! -> #REF!
C26: государственные внебюджетные фонды и иные безвозмездные поступления целевой направленности (прогнозно) | D26: =SUM(E26:O26) -> 0 | E26: =E448+E454+E460+E847+E945+E509 -> 0 | F26: =F448+F454+F460+F847+F945+F509 -> 0 | G26: =G448+G454+G460+G847+G945+G509 -> 0 | H26: =H448+H454+H460+H847+H945+H509 -> 0 | I26: =I448+I454+I460+I847+I945+I509 -> 0 | J26: =J448+J454+J460+J847+J945+J509 -> 0 | K26: =K448+K454+K460+K847+K945+K509 -> 0 | L26: =L448+L454+L460+L847+L509 -> 0 | M26: =M448+M454+M460+M847+M509 -> 0 | N26: =N448+N454+N460+N847+N509 -> 0 | O26: =O448+O454+O460+O847+O509 -> 0 | P26: =L26-#REF! -> #REF!
B27: комитет капитального строительства области, министерство строительства и жилищно-коммунального хозяйства области, государственное казенное учреждение Саратовской области "Управление капитального строительства" | C27: всего | D27: =SUM(E27:O27) -> 983629.5 | E27: =E510 -> 375684.5 | F27: =F510 -> 290527.3 | G27: =G510 -> 0 | H27: =H510 -> 847.7 | I27: =I510+I431 -> 151570 | J27: =J510+J431 -> 0 | K27: =K510+K431 -> 0 | L27: =L510+L431 -> 165000 | M27: =M510+M431 -> 0 | N27: =N510+N431 -> 0 | O27: =O510+O431 -> 0 | P27: =L27-#REF! -> #REF! | S27: 983629.5
C28: областной бюджет | D28: =SUM(E28:O28) -> 288946.4 | E28: =E511 -> 75684.5 | F28: =F511 -> 25844.2 | G28: =G511 -> 0 | H28: =H511 -> 847.7 | I28: =I511+I432 -> 21570 | J28: =J511+J432 -> 0 | K28: =K511+K432 -> 0 | L28: =L511+L432 -> 165000 | M28: =M511+M432 -> 0 | N28: =N511+N432 -> 0 | O28: =O511+O432 -> 0 | P28: =L28-#REF! -> #REF!
C29: федеральный бюджет (прогнозно) | D29: =SUM(E29:O29) -> 694683.1 | E29: =E512 -> 300000 | F29: =F512 -> 264683.1 | G29: =G512 -> 0 | H29: =H512 -> 0 | I29: =I512+I433 -> 130000 | J29: =J512+J433 -> 0 | K29: =K512+K433 -> 0 | L29: =L512+L433 -> 0 | M29: =M512+M433 -> 0 | N29: =N512+N433 -> 0 | O29: =O512+O433 -> 0 | P29: =L29-#REF! -> #REF!
C30: местные бюджеты (прогнозно) | D30: =SUM(E30:O30) -> 0 | E30: =E513 -> 0 | F30: =F513 -> 0 | G30: =G513 -> 0 | H30: =H513 -> 0 | I30: =I513+I434 -> 0 | J30: =J513+J434 -> 0 | K30: =K513+K434 -> 0 | L30: =L513+L434 -> 0 | M30: =M513+M434 -> 0 | N30: =N513+N434 -> 0 | O30: =O513+O434 -> 0 | P30: =L30-#REF! -> #REF!
C31: внебюджетные источники (прогнозно) | D31: =SUM(E31:O31) -> 0 | E31: =E514 -> 0 | F31: =F514 -> 0 | G31: =G514 -> 0 | H31: =H514 -> 0 | I31: =I514+I435 -> 0 | J31: =J514+J435 -> 0 | K31: =K514+K435 -> 0 | L31: =L514+L435 -> 0 | M31: =M514+M435 -> 0 | N31: =N514+N435 -> 0 | O31: =O514+O435 -> 0 | P31: =L31-#REF! -> #REF!
C32: государственные внебюджетные фонды и иные безвозмездные поступления целевой направленности (прогнозно) | D32: =SUM(E32:O32) -> 0 | E32: =E515 -> 0 | F32: =F515 -> 0 | G32: =G515 -> 0 | H32: =H515 -> 0 | I32: =I515+I436 -> 0 | J32: =J515+J436 -> 0 | K32: =K515+K436 -> 0 | L32: =L515+L436 -> 0 | M32: =M515+M436 -> 0 | N32: =N515+N436 -> 0 | O32: =O515+O436 -> 0 | P32: =L32-#REF! -> #REF!
B33: управление по охране объектов культурного наследия Правительства области | C33: всего | D33: =SUM(E33:O33) -> 320564.2 | E33: =E298 -> 0 | F33: =F298 -> 3535.8 | G33: =G298 -> 13366.6 | H33: =H298 -> 13625.7 | I33: =I298 -> 20738.1 | J33: =J298 -> 38667.7 | K33: =K298 -> 31377.5 | L33: =L298 -> 64813.2 | ... O33: =O298 -> 44813.2 | P33: =L33-#REF! -> #REF!
C34: областной бюджет | D34: =SUM(E34:O34) -> 252386.7 | E34: =E299 -> 0 | F34: =F299 -> 2353.9 | G34: =G299 -> 7271 | H34: =H299 -> 7525.7 | I34: =I299 -> 14638.1 | J34: =J299 -> 22567.7 | K34: =K299 -> 23177.5 | L34: =L299 -> 58713.2 | ... O34: =O299 -> 38713.2 | P34: =L34-#REF! -> #REF!
C35: федеральный бюджет (прогнозно) | D35: =SUM(E35:O35) -> 0 | E35: =E300 -> 0 | F35: =F300 -> 0 | G35: =G300 -> 0 | H35: =H300 -> 0 | I35: =I300 -> 0 | J35: =J300 -> 0 | K35: =K300 -> 0 | L35: =L300 -> 0 | ... O35: =O300 -> 0 | P35: =L35-#REF! -> #REF!
C36: местные бюджеты (прогнозно) | D36: =SUM(E36:O36) -> 0 | E36: =E301 -> 0 | F36: =F301 -> 0 | G36: =G301 -> 0 | H36: =H301 -> 0 | I36: =I301 -> 0 | J36: =J301 -> 0 | K36: =K301 -> 0 | L36: =L301 -> 0 | ... O36: =O301 -> 0 | P36: =L36-#REF! -> #REF!
C37: внебюджетные источники (прогнозно) | D37: =SUM(E37:O37) -> 58177.5 | E37: =E302 -> 0 | F37: =F302 -> 1181.9 | G37: =G302 -> 6095.6 | H37: =H302 -> 6100 | I37: =I302 -> 6100 | J37: =J302 -> 6100 | K37: =K302 -> 8200 | L37: =L302 -> 6100 | ... O37: =O302 -> 6100 | P37: =L37-#REF! -> #REF!
C38: государственные внебюджетные фонды и иные безвозмездные поступления целевой направленности (прогнозно) | D38: =SUM(E38:O38) -> 10000 | E38: =E303 -> 0 | F38: =F303 -> 0 | G38: =G303 -> 0 | H38: =H303 -> 0 | I38: =I303 -> 0 | J38: =J303 -> 10000 | K38: =K303 -> 0 | L38: =L303 -> 0 | ... O38: =O303 -> 0 | P38: =L38-#REF! -> #REF!
B39: комитет по реализации инвестиционных проектов в строительстве области | C39: всего | D39: =SUM(E39:O39) -> 2020339.7 | E39: =E517 -> 0 | F39: =F517 -> 0 | G39: =G517 -> 0 | H39: =H517 -> 0 | I39: =I517 -> 0 | J39: =J517 -> 56958.5 | K39: =K517 -> 252271.3 | L39: =L517 -> 840493.8 | ... O39: =O517 -> 0 | P39: =L39-#REF! -> #REF!
C40: областной бюджет | D40: =SUM(E40:O40) -> 499253.7 | E40: =E518 -> 0 | F40: =F518 -> 0 | G40: =G518 -> 0 | H40: =H518 -> 0 | I40: =I518 -> 0 | J40: =J518 -> 13005.5 | K40: =K518 -> 62950.3 | L40: =L518 -> 306493.8 | ... O40: =O518 -> 0 | P40: =L40-#REF! -> #REF!
C41: федеральный бюджет (прогнозно) | D41: =SUM(E41:O41) -> 1477133 | E41: =E519 -> 0 | F41: =F519 -> 0 | G41: =G519 -> 0 | H41: =H519 -> 0 | I41: =I519 -> 0 | J41: =J519 -> 0 | K41: =K519 -> 189321 | L41: =L519 -> 534000 | ... O41: =O519 -> 0 | P41: =L41-#REF! -> #REF!
C42: местные бюджеты (прогнозно) | D42: =SUM(E42:O42) -> 0 | E42: =E520 -> 0 | F42: =F520 -> 0 | G42: =G520 -> 0 | H42: =H520 -> 0 | I42: =I520 -> 0 | J42: =J520 -> 0 | K42: =K520 -> 0 | L42: =L520 -> 0 | ... O42: =O520 -> 0 | P42: =L42-#REF! -> #REF!
C43: внебюджетные источники (прогнозно) | D43: =SUM(E43:O43) -> 0 | E43: =E521 -> 0 | F43: =F521 -> 0 | G43: =G521 -> 0 | H43: =H521 -> 0 | I43: =I521 -> 0 | J43: =J521 -> 0 | K43: =K521 -> 0 | L43: =L521 -> 0 | ... O43: =O521 -> 0 | P43: =L43-#REF! -> #REF!
C44: государственные внебюджетные фонды и иные безвозмездные поступления целевой направленности (прогнозно) | D44: =SUM(E44:O44) -> 43953 | E44: =E522 -> 0 | F44: =F522 -> 0 | G44: =G522 -> 0 | H44: =H522 -> 0 | I44: =I522 -> 0 | J44: =J522 -> 43953 | K44: =K522 -> 0 | L44: =L522 -> 0 | ... O44: =O522 -> 0 | P44: =L44-#REF! -> #REF!
B45: министерство внутренней политики и общественных отношений области | C45: всего | D45: =SUM(E45:O45) -> 1927.3 | E45: 0 | F45: 0 | G45: 0 | H45: 0 | I45: 0 | J45: 0 | K45: 0 | L45: =L940 -> 1927.3 | M45: =M940 -> 0 | N45: =N940 -> 0 | O45: =O940 -> 0 | P45: =L45-#REF! -> #REF!
C46: областной бюджет | D46: =SUM(E46:O46) -> 212 | E46: 0 | F46: 0 | G46: 0 | H46: 0 | I46: 0 | J46: 0 | K46: 0 | L46: =L941 -> 212 | M46: =M941 -> 0 | N46: =N941 -> 0 | O46: =O941 -> 0 | P46: =L46-#REF! -> #REF!
C47: федеральный бюджет (прогнозно) | D47: =SUM(E47:O47) -> 1715.3 | E47: 0 | F47: 0 | G47: 0 | H47: 0 | I47: 0 | J47: 0 | K47: 0 | L47: =L942 -> 1715.3 | M47: =M942 -> 0 | N47: =N942 -> 0 | O47: =O942 -> 0 | P47: =L47-#REF! -> #REF!
C48: местные бюджеты (прогнозно) | D48: =SUM(E48:O48) -> 0 | E48: 0 | F48: 0 | G48: 0 | H48: 0 | I48: 0 | J48: 0 | K48: 0 | L48: =L943 -> 0 | M48: =M943 -> 0 | N48: =N943 -> 0 | O48: =O943 -> 0 | P48: =L48-#REF! -> #REF!
C49: внебюджетные источники (прогнозно) | D49: =SUM(E49:O49) -> 0 | E49: 0 | F49: 0 | G49: 0 | H49: 0 | I49: 0 | J49: 0 | K49: 0 | L49: =L944 -> 0 | M49: =M944 -> 0 | N49: =N944 -> 0 | O49: =O944 -> 0 | P49: =L49-#REF! -> #REF!
C50: государственные внебюджетные фонды и иные безвозмездные поступления целевой направленности (прогнозно) | D50: =SUM(E50:O50) -> 0 | E50: 0 | F50: 0 | G50: 0 | H50: 0 | I50: 0 | J50: 0 | K50: 0 | L50: =L945 -> 0 | M50: =M945 -> 0 | N50: =N945 -> 0 | O50: =O945 -> 0 | P50: =L50-#REF! -> #REF!
A51: Подпрограмма 1 "Музеи" | C51: всего | D51: =SUM(E51:O51) -> 3074896.6 | E51: =E57+E63+E69+E75+E81 -> 1003594.2 | F51: =F57+F63+F69+F75+F81 -> 92934.2 | G51: =G57+G63+G69+G75+G81 -> 94181.4 | H51: =H57+H63+H69+H75+H81 -> 103736.2 | I51: =I57+I63+I69+I75+I81 -> 169506.2 | J51: =J57+J63+J69+J75+J81 -> 235463.3 | K51: =K57+K63+K69+K75+K81 -> 220908.6 | L51: =L57+L63+L69+L75+L81 -> 327230.4 | ... O51: =O57+O63+O69+O75+O81 -> 277007 | P51: =L51-#REF! -> #REF!
C52: областной бюджет | D52: =SUM(E52:O52) -> 1519480 | E52: =E58+E64+E70+E76+E82 -> 75475.2 | F52: =F58+F64+F70+F76+F82 -> 81558.7 | G52: =G58+G64+G70+G76+G82 -> 84020.8 | H52: =H58+H64+H70+H76+H82 -> 86216.2 | I52: =I58+I64+I70+I76+I82 -> 108424.6 | J52: =J58+J64+J70+J76+J82 -> 159758.5 | K52: =K58+K64+K70+K76+K82 -> 151943.2 | L52: =L58+L64+L70+L76+L82 -> 209785 | ... O52: =O58+O64+O70+O76+O82 -> 187432.6 | P52: =L52-#REF! -> #REF!
C53: федеральный бюджет (прогнозно) | D53: =SUM(E53:O53) -> 0 | E53: =E59+E65+E71+E77+E83 -> 0 | F53: =F59+F65+F71+F77+F83 -> 0 | G53: =G59+G65+G71+G77+G83 -> 0 | H53: =H59+H65+H71+H77+H83 -> 0 | I53: =I59+I65+I71+I77+I83 -> 0 | J53: =J59+J65+J71+J77+J83 -> 0 | K53: =K59+K65+K71+K77+K83 -> 0 | L53: =L59+L65+L71+L77+L83 -> 0 | ... O53: =O59+O65+O71+O77+O83 -> 0 | P53: =L53-#REF! -> #REF!
C54: местные бюджеты (прогнозно) | D54: =SUM(E54:O54) -> 1388332.1 | E54: =E60+E66+E72+E78+E84 -> 918319 | F54: =F60+F66+F72+F78+F84 -> 1134.5 | G54: =G60+G66+G72+G78+G84 -> 1359 | H54: =H60+H66+H72+H78+H84 -> 7744.9 | I54: =I60+I66+I72+I78+I84 -> 48853.3 | J54: =J60+J66+J72+J78+J84 -> 55947.8 | K54: =K60+K66+K72+K78+K84 -> 57638.7 | L54: =L60+L66+L72+L78+L84 -> 97688.4 | ... O54: =O60+O66+O72+O78+O84 -> 66703.4 | P54: =L54-#REF! -> #REF!
C55: внебюджетные источники (прогнозно) | D55: =SUM(E55:O55) -> 167084.5 | E55: =E61+E67+E73+E79+E85 -> 9800 | F55: =F61+F67+F73+F79+F85 -> 10241 | G55: =G61+G67+G73+G79+G85 -> 8801.6 | H55: =H61+H67+H73+H79+H85 -> 9775.1 | I55: =I61+I67+I73+I79+I85 -> 12228.3 | J55: =J61+J67+J73+J79+J85 -> 19757 | K55: =K61+K67+K73+K79+K85 -> 11326.7 | L55: =L61+L67+L73+L79+L85 -> 19757 | ... O55: =O61+O67+O73+O79+O85 -> 22871 | P55: =L55-#REF! -> #REF!
D56: =SUM(E56:O56) -> 0 | E56: =E62+E68+E74+E80+E86 -> 0 | F56: =F62+F68+F74+F80+F86 -> 0 | G56: =G62+G68+G74+G80+G86 -> 0 | H56: =H62+H68+H74+H80+H86 -> 0 | I56: =I62+I68+I74+I80+I86 -> 0 | J56: =J62+J68+J74+J80+J86 -> 0 | K56: =K62+K68+K74+K80+K86 -> 0 | L56: =L62+L68+L74+L80+L86 -> 0 | ... O56: =O62+O68+O74+O80+O86 -> 0 | P56: =L56-#REF! -> #REF!
A57: Основное мероприятие 1.1 "Оказание государственных услуг населению музеями" | B57: министерство культуры области, органы местного самоуправления (по согласованию) | C57: всего | D57: =SUM(E57:O57) -> 3024733.8 | E57: 997386.1 | F57: 91082.2 | G57: 92311.1 | H57: 102111.5 | I57: 165806.2 | J57: 229798.3 | K57: =K58+K59+K60+K61+K62 -> 218265.9 | L57: =L58+L59+L60+L61+L62 -> 320580.4 | M57: =M58+M59+M60+M61+M62 -> 267817.2 | N57: =N58+N59+N60+N61+N62 -> 269217.9 | O57: =O58+O59+O60+O61+O62 -> 270357 | P57: =L57-#REF! -> #REF!
C58: областной бюджет | D58: =SUM(E58:O58) -> 1469317.2 | E58: 69267.1 | F58: 79706.7 | G58: 82150.5 | H58: 84591.5 | I58: 104724.6 | J58: 154093.5 | K58: 149300.5 | L58: 203135 | M58: =180782.6 -> 180782.6 | N58: =180782.6 -> 180782.6 | O58: 180782.6 | P58: =L58-#REF! -> #REF!
C59: федеральный бюджет (прогнозно) | D59: =SUM(E59:O59) -> 0 | E59: 0 | F59: 0 | G59: 0 | H59: 0 | I59: 0 | J59: 0 | K59: 0 | L59: 0 | M59: 0 | N59: 0 | O59: 0 | P59: =L59-#REF! -> #REF!
C60: местные бюджеты (прогнозно) | D60: =SUM(E60:O60) -> 1388332.1 | E60: 918319 | F60: 1134.5 | G60: 1359 | H60: 7744.9 | I60: 48853.3 | J60: 55947.8 | K60: 57638.7 | L60: 97688.4 | M60: 66289.8 | N60: 66653.3 | O60: 66703.4 | P60: =L60-#REF! -> #REF!
C61: внебюджетные источники (прогнозно) | D61: =SUM(E61:O61) -> 167084.5 | E61: 9800 | F61: 10241 | G61: 8801.6 | H61: 9775.1 | I61: 12228.3 | J61: 19757 | K61: 11326.7 | L61: 19757 | M61: 20744.8 | N61: 21782 | O61: 22871 | P61: =L61-#REF! -> #REF!
D62: =SUM(E62:O62) -> 0 | P62: =L62-#REF! -> #REF!
A63: Основное мероприятие 1.2 "Обеспечение сохранности музейных предметов и музейных коллекций, находящихся в государственной собственности области" | B63: министерство культуры области | C63: всего | D63: =SUM(E63:O63) -> 2697.4 | E63: 870 | F63: 120 | G63: 48.4 | H63: 0 | I63: 184 | J63: 250 | K63: =K64+K65+K66+K67+K68 -> 225 | L63: =L64+L65+L66+L67+L68 -> 250 | M63: =M64+M65+M66+M67+M68 -> 250 | N63: =N64+N65+N66+N67+N68 -> 250 | O63: =O64+O65+O66+O67+O68 -> 250 | P63: =L63-#REF! -> #REF!
C64: областной бюджет | D64: =SUM(E64:O64) -> 2697.4 | E64: 870 | F64: 120 | G64: 48.4 | H64: 0 | I64: 184 | J64: 250 | K64: 225 | L64: 250 | M64: 250 | N64: 250 | O64: 250 | P64: =L64-#REF! -> #REF!
C65: федеральный бюджет (прогнозно) | D65: =SUM(E65:O65) -> 0 | E65: 0 | F65: 0 | G65: 0 | H65: 0 | I65: 0 | J65: 0 | K65: 0 | L65: 0 | M65: 0 | N65: 0 | O65: 0 | P65: =L65-#REF! -> #REF!
C66: местные бюджеты (прогнозно) | D66: =SUM(E66:O66) -> 0 | E66: 0 | F66: 0 | G66: 0 | H66: 0 | I66: 0 | J66: 0 | K66: 0 | L66: 0 | M66: 0 | N66: 0 | O66: 0 | P66: =L66-#REF! -> #REF!
C67: внебюджетные источники (прогнозно) | D67: =SUM(E67:O67) -> 0 | E67: 0 | F67: 0 | G67: 0 | H67: 0 | I67: 0 | J67: 0 | K67: 0 | L67: 0 | M67: 0 | N67: 0 | O67: 0 | P67: =L67-#REF! -> #REF!
D68: =SUM(E68:O68) -> 0 | P68: =L68-#REF! -> #REF!
A69: Основное мероприятие 1.3 "Обеспечение пополнения и комплектования фондов областных музеев новыми уникальными экспонатами" | B69: министерство культуры области | C69: всего | D69: =SUM(E69:O69) -> 5040 | E69: 1720 | F69: 200 | G69: 200 | H69: 200 | I69: 360 | J69: 400 | K69: =K70+K71+K72+K73+K74 -> 360 | L69: =L70+L71+L72+L73+L74 -> 400 | M69: =M70+M71+M72+M73+M74 -> 400 | N69: =N70+N71+N72+N73+N74 -> 400 | O69: =O70+O71+O72+O73+O74 -> 400 | P69: =L69-#REF! -> #REF!
C70: областной бюджет | D70: =SUM(E70:O70) -> 5040 | E70: 1720 | F70: 200 | G70: 200 | H70: 200 | I70: 360 | J70: 400 | K70: 360 | L70: 400 | M70: 400 | N70: 400 | O70: 400 | P70: =L70-#REF! -> #REF!
C71: федеральный бюджет (прогнозно) | D71: =SUM(E71:O71) -> 0 | E71: 0 | F71: 0 | G71: 0 | H71: 0 | I71: 0 | J71: 0 | K71: 0 | L71: 0 | M71: 0 | N71: 0 | O71: 0 | P71: =L71-#REF! -> #REF!
C72: местные бюджеты (прогнозно) | D72: =SUM(E72:O72) -> 0 | E72: 0 | F72: 0 | G72: 0 | H72: 0 | I72: 0 | J72: 0 | K72: 0 | L72: 0 | M72: 0 | N72: 0 | O72: 0 | P72: =L72-#REF! -> #REF!
C73: внебюджетные источники (прогнозно) | D73: =SUM(E73:O73) -> 0 | E73: 0 | F73: 0 | G73: 0 | H73: 0 | I73: 0 | J73: 0 | K73: 0 | L73: 0 | M73: 0 | N73: 0 | O73: 0 | P73: =L73-#REF! -> #REF!
D74: =SUM(E74:O74) -> 0 | P74: =L74-#REF! -> #REF!
A75: Основное мероприятие 1.4 "Организация и проведение выставочной деятельности музеев на территории Саратовской области, в субъектах Российской Федерации и в зарубежных странах" | B75: министерство культуры области | C75: всего | D75: =SUM(E75:O75) -> 26195.2 | E75: 3147.7 | F75: 1150 | G75: 1060.1 | H75: 874.7 | I75: 1760 | J75: 2845 | K75: =K76+K77+K78+K79+K80 -> 437.7 | L75: =L76+L77+L78+L79+L80 -> 3730 | M75: =M76+M77+M78+M79+M80 -> 3730 | N75: =N76+N77+N78+N79+N80 -> 3730 | O75: =O76+O77+O78+O79+O80 -> 3730 | P75: =L75-#REF! -> #REF!
C76: областной бюджет | D76: =SUM(E76:O76) -> 26195.2 | E76: 3147.7 | F76: 1150 | G76: 1060.1 | H76: 874.7 | I76: 1760 | J76: 2845 | K76: 437.7 | L76: 3730 | M76: 3730 | N76: 3730 | O76: 3730 | P76: =L76-#REF! -> #REF!
C77: федеральный бюджет (прогнозно) | D77: =SUM(E77:O77) -> 0 | E77: 0 | F77: 0 | G77: 0 | H77: 0 | I77: 0 | J77: 0 | K77: 0 | L77: 0 | M77: 0 | N77: 0 | O77: 0 | P77: =L77-#REF! -> #REF!
C78: местные бюджеты (прогнозно) | D78: =SUM(E78:O78) -> 0 | E78: 0 | F78: 0 | G78: 0 | H78: 0 | I78: 0 | J78: 0 | K78: 0 | L78: 0 | M78: 0 | N78: 0 | O78: 0 | P78: =L78-#REF! -> #REF!
C79: внебюджетные источники (прогнозно) | D79: =SUM(E79:O79) -> 0 | E79: 0 | F79: 0 | G79: 0 | H79: 0 | I79: 0 | J79: 0 | K79: 0 | L79: 0 | M79: 0 | N79: 0 | O79: 0 | P79: =L79-#REF! -> #REF!
D80: =SUM(E80:O80) -> 0 | P80: =L80-#REF! -> #REF!
A81: Основное мероприятие 1.5 "Организация и проведение мероприятий по популяризации музейного дела" | B81: министерство культуры области | C81: всего | D81: =SUM(E81:O81) -> 16230.2 | E81: 470.4 | F81: 382 | G81: 561.8 | H81: 550 | I81: 1396 | J81: 2170 | K81: =K82+K83+K84+K85+K86 -> 1620 | L81: =L82+L83+L84+L85+L86 -> 2270 | M81: =M82+M83+M84+M85+M86 -> 2270 | N81: =N82+N83+N84+N85+N86 -> 2270 | O81: =O82+O83+O84+O85+O86 -> 2270 | P81: =L81-#REF! -> #REF!
C82: областной бюджет | D82: =SUM(E82:O82) -> 16230.2 | E82: 470.4 | F82: 382 | G82: 561.8 | H82: 550 | I82: 1396 | J82: 2170 | K82: 1620 | L82: 2270 | M82: 2270 | N82: 2270 | O82: 2270 | P82: =L82-#REF! -> #REF!
C83: федеральный бюджет (прогнозно) | D83: =SUM(E83:O83) -> 0 | E83: 0 | F83: 0 | G83: 0 | H83: 0 | I83: 0 | J83: 0 | K83: 0 | L83: 0 | M83: 0 | N83: 0 | O83: 0 | P83: =L83-#REF! -> #REF!
C84: местные бюджеты (прогнозно) | D84: =SUM(E84:O84) -> 0 | E84: 0 | F84: 0 | G84: 0 | H84: 0 | I84: 0 | J84: 0 | K84: 0 | L84: 0 | M84: 0 | N84: 0 | O84: 0 | P84: =L84-#REF! -> #REF!
C85: внебюджетные источники (прогнозно) | D85: =SUM(E85:O85) -> 0 | E85: 0 | F85: 0 | G85: 0 | H85: 0 | I85: 0 | J85: 0 | K85: 0 | L85: 0 | M85: 0 | N85: 0 | O85: 0 | P85: =L85-#REF! -> #REF!
D86: =SUM(E86:O86) -> 0 | P86: =L86-#REF! -> #REF!
A87: Подпрограмма 2 "Театры" | C87: всего | D87: =SUM(E87:O87) -> 9039005.7 | E87: =E93+E99+E105+E111+E117+E123+E129 -> 1016732.6 | F87: =F93+F99+F105+F111+F117+F123+F129 -> 543564.6 | G87: =G93+G99+G105+G111+G117+G123+G129 -> 547495.6 | H87: =H93+H99+H105+H111+H117+H123+H129 -> 655973.1 | I87: =I93+I99+I105+I111+I117+I123+I129 -> 768697.2 | J87: =J93+J99+J105+J111+J117+J123+J129 -> 833247.3 | K87: =K93+K99+K105+K111+K117+K123+K129 -> 798647.6 | L87: =L93+L99+L105+L111+L117+L123+L129 -> 959864.4 | ... O87: =O93+O99+O105+O111+O117+O123+O129 -> 955754.4 | P87: =L87-#REF! -> #REF! | Q87: 9039005.7 | S87: 959864.4 | T87: 4941464.4
C88: областной бюджет | D88: =SUM(E88:O88) -> 4941464.4 | E88: =E94+E100+E106+E112+E118+E124+E130 -> 349952.6 | F88: =F94+F100+F106+F112+F118+F124+F130 -> 330822.8 | G88: =G94+G100+G106+G112+G118+G124+G130 -> 343017.9 | H88: =H94+H100+H106+H112+H118+H124+H130 -> 371699.3 | I88: =I94+I100+I106+I112+I118+I124+I130 -> 397538.7 | J88: =J94+J100+J106+J112+J118+J124+J130 -> 450879.6 | K88: =K94+K100+K106+K112+K118+K124+K130 -> 463454.3 | L88: =L94+L100+L106+L112+L118+L124+L130 -> 557914.1 | ... O88: =O94+O100+O106+O112+O118+O124+O130 -> 555317.1 | P88: =L88-#REF! -> #REF!
C89: федеральный бюджет (прогнозно) | D89: =SUM(E89:O89) -> 554475.3 | E89: =E95+E101+E107+E113+E119+E125+E131 -> 98579 | F89: =F95+F101+F107+F113+F119+F125+F131 -> 78300 | G89: =G95+G101+G107+G113+G119+G125+G131 -> 78300 | H89: =H95+H101+H107+H113+H119+H125+H131 -> 33348.1 | I89: =I95+I101+I107+I113+I119+I125+I131 -> 45658 | J89: =J95+J101+J107+J113+J119+J125+J131 -> 47296.5 | K89: =K95+K101+K107+K113+K119+K125+K131 -> 47191.7 | L89: =L95+L101+L107+L113+L119+L125+L131 -> 45950.3 | ... O89: =O95+O101+O107+O113+O119+O125+O131 -> 0 | P89: =L89-#REF! -> #REF!
C90: местные бюджеты (прогнозно) | D90: =SUM(E90:O90) -> 1156644.8 | E90: =E96+E102+E108+E114+E120+E126+E132 -> 459101 | F90: =F96+F102+F108+F114+F120+F126+F132 -> 20432.3 | G90: =G96+G102+G108+G114+G120+G126+G132 -> 19218.2 | H90: =H96+H102+H108+H114+H120+H126+H132 -> 18604 | I90: =I96+I102+I108+I114+I120+I126+I132 -> 76006.8 | J90: =J96+J102+J108+J114+J120+J126+J132 -> 75847.2 | K90: =K96+K102+K108+K114+K120+K126+K132 -> 89976.7 | L90: =L96+L102+L108+L114+L120+L126+L132 -> 96776 | ... O90: =O96+O102+O108+O114+O120+O126+O132 -> 100353.1 | P90: =L90-#REF! -> #REF! | T90: 557914.1
C91: внебюджетные источники (прогнозно) | D91: =SUM(E91:O91) -> 2386421.2 | E91: =E97+E103+E109+E115+E121+E127+E133 -> 109100 | F91: =F97+F103+F109+F115+F121+F127+F133 -> 114009.5 | G91: =G97+G103+G109+G115+G121+G127+G133 -> 106959.5 | H91: =H97+H103+H109+H115+H121+H127+H133 -> 232321.7 | I91: =I97+I103+I109+I115+I121+I127+I133 -> 249493.7 | J91: =J97+J103+J109+J115+J121+J127+J133 -> 259224 | K91: =K97+K103+K109+K115+K121+K127+K133 -> 198024.9 | L91: =L97+L103+L109+L115+L121+L127+L133 -> 259224 | ... O91: =O97+O103+O109+O115+O121+O127+O133 -> 300084.2 | P91: =L91-#REF! -> #REF!
D92: =SUM(E92:O92) -> 0 | E92: =E98+E104+E110+E116+E122+E128+E134 -> 0 | F92: =F98+F104+F110+F116+F122+F128+F134 -> 0 | G92: =G98+G104+G110+G116+G122+G128+G134 -> 0 | H92: =H98+H104+H110+H116+H122+H128+H134 -> 0 | I92: =I98+I104+I110+I116+I122+I128+I134 -> 0 | J92: =J98+J104+J110+J116+J122+J128+J134 -> 0 | K92: =K98+K104+K110+K116+K122+K128+K134 -> 0 | L92: =L98+L104+L110+L116+L122+L128+L134 -> 0 | ... O92: =O98+O104+O110+O116+O122+O128+O134 -> 0 | P92: =L92-#REF! -> #REF!
A93: Основное мероприятие 2.1 "Оказание государственных услуг населению театрами" | B93: министерство культуры области, органы местного самоуправления (по согласованию) | C93: всего | D93: =SUM(E93:O93) -> 8533318.1 | E93: 998642.5 | F93: 536656.6 | G93: 537757.4 | H93: 610952.2 | I93: 704187 | J93: 766133.5 | K93: =K94+K95+K96+K97+K98 -> 736291.9 | L93: =L94+L95+L96+L97+L98 -> 885584.8 | M93: =M94+M95+M96+M97+M98 -> 905352 | N93: =N94+N95+N96+N97+N98 -> 918655.8 | O93: =O94+O95+O96+O97+O98 -> 933104.4 | P93: =L93-#REF! -> #REF!
C94: областной бюджет | D94: =SUM(E94:O94) -> 4735073.1 | E94: 331862.5 | F94: 323914.8 | G94: 333279.7 | H94: 360026.5 | I94: 378686.5 | J94: 431062.3 | K94: 448290.3 | L94: 529584.8 | M94: 533031.5 | N94: 532667.1 | O94: 532667.1 | P94: =L94-#REF! -> #REF!
C95: федеральный бюджет (прогнозно) | D95: =SUM(E95:O95) -> 255179 | E95: 98579 | F95: 78300 | G95: 78300 | H95: 0 | I95: 0 | J95: 0 | K95: 0 | L95: 0 | M95: 0 | N95: 0 | O95: 0 | P95: =L95-#REF! -> #REF!
C96: местные бюджеты (прогнозно) | D96: =SUM(E96:O96) -> 1156644.8 | E96: 459101 | F96: 20432.3 | G96: 19218.2 | H96: 18604 | I96: 76006.8 | J96: 75847.2 | K96: 89976.7 | L96: 96776 | M96: 100135.3 | N96: 100194.2 | O96: 100353.1 | P96: =L96-#REF! -> #REF!
C97: внебюджетные источники (прогнозно) | D97: =SUM(E97:O97) -> 2386421.2 | E97: 109100 | F97: 114009.5 | G97: 106959.5 | H97: 232321.7 | I97: 249493.7 | J97: 259224 | K97: 198024.9 | L97: 259224 | M97: 272185.2 | N97: 285794.5 | O97: 300084.2 | P97: =L97-#REF! -> #REF!
D98: =SUM(E98:O98) -> 0 | P98: =L98-#REF! -> #REF!
A99: Основное мероприятие 2.2 "Создание новых спектаклей в областных театрах" | B99: министерство культуры области | C99: всего | D99: =SUM(E99:O99) -> 62646.5 | E99: 10078 | F99: 4500 | G99: 4344.8 | H99: 4663.7 | I99: 4460 | J99: 6450 | K99: =K100+K101+K102+K103+K104 -> 1350 | L99: =L100+L101+L102+L103+L104 -> 6700 | M99: =M100+M101+M102+M103+M104 -> 6700 | N99: =N100+N101+N102+N103+N104 -> 6700 | O99: =O100+O101+O102+O103+O104 -> 6700 | P99: =L99-#REF! -> #REF!
C100: областной бюджет | D100: =SUM(E100:O100) -> 62646.5 | E100: 10078 | F100: 4500 | G100: 4344.8 | H100: 4663.7 | I100: 4460 | J100: 6450 | K100: 1350 | L100: 6700 | M100: 6700 | N100: 6700 | O100: 6700 | P100: =L100-#REF! -> #REF!
C101: федеральный бюджет (прогнозно) | D101: =SUM(E101:O101) -> 0 | E101: 0 | F101: 0 | G101: 0 | H101: 0 | I101: 0 | J101: 0 | K101: 0 | L101: 0 | M101: 0 | N101: 0 | O101: 0 | P101: =L101-#REF! -> #REF!
C102: местные бюджеты (прогнозно) | D102: =SUM(E102:O102) -> 0 | E102: 0 | F102: 0 | G102: 0 | H102: 0 | I102: 0 | J102: 0 | K102: 0 | L102: 0 | M102: 0 | N102: 0 | O102: 0 | P102: =L102-#REF! -> #REF!
...
